Workbook
Name _1__123Graph_Aｸﾞﾗﾌ_7: #REF!
Name _112233: #REF!
Name _112277: #REF!
Name _12__123Graph_BCHART_5: [1]MEX95IB!#REF!
Name _1222: #REF!
Name _13__123Graph_Bｸﾞﾗﾌ_7: #REF!
Name _14__123Graph_Cｸﾞﾗﾌ_7: #REF!
Name _15__123Graph_Dｸﾞﾗﾌ_7: #REF!
Name _16__123Graph_Eｸﾞﾗﾌ_7: #REF!
Name _17__123Graph_Fｸﾞﾗﾌ_7: #REF!
Name _21: #REF!
Name _25: #REF!
Name _29: #REF!
Name _456: {0,#N/A,FALSE,0;0,#N/A,FALSE,0;0,#N/A,FALSE,0;0,#N/A,FALSE,0;0,#N/A,FALSE,0;0,#N/A,FALSE,0}
Name _456: {0,#N/A,FALSE,0;0,#N/A,FALSE,0;0,#N/A,FALSE,0;0,#N/A,FALSE,0;0,#N/A,FALSE,0;0,#N/A,FALSE,0}
Name _Fill: #REF!
Name _NDC1: {"'内訳表'!$B$2:$N$64"}
Name _NDC1: {"'内訳表'!$B$2:$N$64"}
Name _Order1: 0
Name _Order2: 255
Name a1_Y1: [2]CONFIGURACIÓN!$D$17
Name a1_Y2: [2]CONFIGURACIÓN!$E$17
Name a10_Y10: [2]CONFIGURACIÓN!$M$26
Name a10_Y11: [2]CONFIGURACIÓN!$N$26
Name a2_Y2: [2]CONFIGURACIÓN!$E$18
Name a2_Y3: [2]CONFIGURACIÓN!$F$18
Name a3_Y3: [2]CONFIGURACIÓN!$F$19
Name a3_Y4: [2]CONFIGURACIÓN!$G$19
Name a4_Y4: [2]CONFIGURACIÓN!$G$20
Name a4_Y5: [2]CONFIGURACIÓN!$H$20
Name a5_Y5: [2]CONFIGURACIÓN!$H$21
Name a5_Y6: [2]CONFIGURACIÓN!$I$21
Name a6_Y6: [2]CONFIGURACIÓN!$I$22
Name a6_Y7: [2]CONFIGURACIÓN!$J$22
Name a7_Y7: [2]CONFIGURACIÓN!$J$23
Name a7_Y8: [2]CONFIGURACIÓN!$K$23
Name a8_Y8: [2]CONFIGURACIÓN!$K$24
Name a8_Y9: [2]CONFIGURACIÓN!$L$24
Name a9_Y10: [2]CONFIGURACIÓN!$M$25
Name a9_Y9: [2]CONFIGURACIÓN!$L$25
Name aaaa: #REF!
Name ABF: #REF!
Name AccessDatabase: "C:\My Documents\New MMR\INPUT.mdb"
Name ACCV: #REF!
Name ADSF: #REF!
Name afdgbva: {#N/A,#N/A,TRUE,"Report"}
Name afdgbva: {#N/A,#N/A,TRUE,"Report"}
Name aga: {#N/A,#N/A,TRUE,"Report"}
Name aga: {#N/A,#N/A,TRUE,"Report"}
Name AGHFD: #REF!
Name ALMUERZO: '[3]Resumen Preparaciones'!$C$52:$C$113
Name almuerzocena: '[3]Resumen Preparaciones'!$C$52:$C$141
Name año1: [2]CONFIGURACIÓN!$F$9
Name APLICA: #REF!
Name APLICA: #REF!
Name APLICA.: #REF!
Name APLICA.: #REF!
Name ATGHH: #REF!
Name AVBC: #REF!
Name AXCC: #REF!

Sheet Precios Techo
A1: PROYECCIÓN | L1: Proyeccón con Media Armonica
A2: Item | B2: Actividad | C2: Descripción | D2: Requerimientos Técnicos Y Logísticos Generales | E2: Requerimiento Especifico | F2: Intensidad Horaria Minima Por Sesion | G2: Cantidad Estimada De Sesiones | H2: Participantes | I2: Ubicación | J2: Unidad De Medida | K2: Canitdad De La Unidad De Medida | L2: Valor Unitario Incliuye Impuestos | M2: Total | N2: Participación Dentro Grupo
A3: 1 | B3: DÍA DE LA FAMILIA - BOGOTA | C3: Conmemoración del día de la familia se hará entrega de Bono para que los funcionarios junto al nucleo familiar disfruten de una pelicula de su elección en formato 2D o 3D adicionalmente 1 combo sencillo | D3: Los bonos tendrán vigencia de un (1) año contados a partir de la fecha de entrega. Esta actividad está dirigida a los servidores públicos del ICANH. | E3: El contratista deberá gestionar y proveer boletas para cine en formato 2D o 3D para cada uno de los funcionarios acompañado por un bono de alimentación individual qen las salas de cine que ofresca el operador (Bogotá) para los servidores públicos del Instituto Colombiano de Antropología e Historia (ICANH) con sede en la ciudad de Bogotá, extensivo a su núcleo familiar. Los bonos suministrados deberán garantizar el acceso a los funcionarios y sus familias a las salas de cine designadas en cualquier horario y para la pelicula que el funcionario y su familia escojan. Cada bono entregado debe incluir un refrigerio por participante, el cual deberá componerse obligatoriamente de los siguientes elementos: Plato principal: Una crispeta de 100 gramos Bebida: Una (1) unidad de gaseosa (o bebida equivalente de 532 ML). Los bonos podrán ser redimibles de lunes a domingo. | F3: N/A | G3: N/A | H3: 390 | I3: BOGOTÁ | J3: Bono | K3: 390 | L3: ='1. Bienestar Actividades'!T6 -> 40900 | M3: =L3*K3 -> 15951000 | N3: =M3/$M$20 -> 0.062906575
A4: 2 | B4: DÍA DE LA FAMILIA CENTROS REGIONALES | C4: Desarrollar actividad de integración denominada Día de la Familia, dirigida a los colaboradores de los centros regionales del Instituto Colombiano de Antropología e Historia, orientada al fortalecimiento de los vínculos familiares, el bienestar laboral, la integración y los espacios recreativos para los funcionarios y sus familias. Para los centros regionales Pacífico y Caribe, la actividad incluirá la entrega de bonos de cine como incentivo recreativo y de bienestar. | D4: Planeación, coordinación y ejecución de la actividad conforme a los lineamientos definidos por el ICANH. Garantizar cobertura y atención para los participantes de los centros regionales definidos. Suministro de bonos de cine para los funcionarios de los centros regionales Pacífico y Caribe. Coordinación logística para la entrega física o digital de los bonos. Los bonos deberán contar con información clara sobre condiciones de uso, vigencia, cobertura y restricciones aplicables. Garantizar atención y soporte frente a novedades relacionadas con redención o activación de los bonos. Coordinación previa con el supervisor designado por el ICANH para validación de cantidades, beneficiarios y cronograma de entrega. Registro o soporte de entrega de los bonos suministrados. Cumplimiento de los tiempos establecidos para ejecución de la actividad y entrega de incentivos. | E4: Los bonos de cine deberán ser válidos para salas de cine reconocidas y con cobertura en las regiones Pacífico y Caribe. Los bonos deberán permitir el acceso a funciones de cine en horarios y fechas disponibles conforme a la programación de los establecimientos. La vigencia de los bonos deberá ser suficiente para garantizar su adecuada utilización por parte de los beneficiarios. Posibilidad de manejo físico o digital de los bonos de cine. Los bonos podrán incluir ingreso individual o familiar, conforme a las condiciones definidas por el ICANH. Presentación previa de opciones de establecimientos, cobertura y condiciones de redención para aprobación del ICANH. Entrega de informe o soporte de ejecución de la actividad cuando sea requerido por el ICANH. Garantizar que los bonos sean nuevos, válidos y plenamente funcionales al momento de su entrega. | F4: N/A | G4: N/A | H4: 15 | I4: PACIFICO Y CARIBE | J4: Bono | K4: 15 | L4: ='1. Bienestar Actividades'!T7 -> 72700 | M4: =L4*K4 -> 1090500 | N4: =M4/$M$20 -> 0.004300647
A5: 3 | B5: DÍA DE LA FAMILIA - PARQUES HUILA Y TEYUNA | C5: Conmemoración del día de la familia se hará entrega de Bono para que los funcionarios junto al nucleo familiar disfruten de una pelicula de su elección en formato 2D o 3D adicionalmente 1 combo sencillo | D5: Los bonos tendrán vigencia de un (1) año contados a partir de la fecha de entrega. Esta actividad está dirigida a los servidores públicos del ICANH. | E5: El contratista deberá gestionar y proveer boletas para cine en formato 2D o 3D para cada uno de los funcionarios acompañado por un bono de alimentación individual qen las salas de cine que ofresca el operador (San Agustín, Idolos, Santa Marta) para los servidores públicos del Instituto Colombiano de Antropología e Historia (ICANH) con sede en la ciudad de Bogotá, extensivo a su núcleo familiar. Los bonos suministrados deberán garantizar el acceso a los funcionarios y sus familias a las salas de cine designadas en cualquier horario y para la pelicula que el funcionario y su familia escojan. Cada bono entregado debe incluir un refrigerio por participante, el cual deberá componerse obligatoriamente de los siguientes elementos: Plato principal: Una crispeta de 100 gramos Bebida: Una (1) unidad de gaseosa (o bebida equivalente de 532 ML). Los bonos podrán ser redimibles de lunes a domingo. | F5: N/A | G5: N/A | H5: 140 | I5: Huila | J5: Bono | K5: 140 | L5: ='1. Bienestar Actividades'!T8 -> 72700 | M5: =L5*K5 -> 10178000 | N5: =M5/$M$20 -> 0.040139372
A6: 4 | B6: DÍA DE LA FAMILIA - PARQUE TIERADENTRO | C6: Desarrollar la conmemoración del Día de la Familia para los funcionarios del ICANH mediante la entrega y ejecución de pasadías recreativos dirigidos a los funcionarios y su núcleo familiar, orientados a fortalecer los vínculos familiares, promover espacios de integración, bienestar y esparcimiento, así como incentivar la recreación y el aprovechamiento del tiempo libre en entornos rurales o campestres. La actividad deberá contemplar acceso a instalaciones recreativas, zonas verdes y piscina, así como servicio de alimentación para los asistentes, garantizando condiciones adecuadas de comodidad, seguridad y atención durante la jornada. | D6: Los pasadias tendrán vigencia de un (1) año contados a partir de la fecha de entrega. Esta actividad está dirigida a los servidores públicos del ICANH pertenecientes al parque de Tierradentro. | E6: El pasadía deberá incluir acceso a piscina y demás zonas recreativas disponibles en el lugar. El servicio de alimentación deberá contemplar mínimo almuerzo y refrigerio, conforme a lo definido por el ICANH. Los espacios seleccionados deberán contar con condiciones adecuadas para actividades familiares y recreativas. Disponibilidad de opciones recreativas o actividades complementarias para niños y adultos, cuando aplique. Los establecimientos deberán contar con servicios sanitarios, zonas de descanso y áreas comunes en adecuadas condiciones. Presentación previa de propuestas de lugares o parques recreativos para aprobación del ICANH. Garantizar cobertura y capacidad suficiente para atención de los grupos familiares participantes. Los pasadías deberán incluir información clara sobre horarios, servicios incluidos y condiciones de ingreso. Entrega de informe o soporte de ejecución de la actividad cuando sea requerido por el ICANH. Los pasadías podrán ser redimibles de lunes a domingo. | F6: N/A | G6: N/A | H6: 41 | I6: Cauca | J6: Pasadía | K6: 41 | L6: ='1. Bienestar Actividades'!T9 -> 302800 | M6: =L6*K6 -> 12414800 | N6: =M6/$M$20 -> 0.048960726
A7: 5 | B7: DÍA DE LA FAMILIA - PARQUE SANTA MARÍA | C7: Desarrollar una actividad por medio de la cual se logre la integración de los trabajadores oficiales del ICANH, que desarrollan actividades en el parque Santa María de la Antigua del Darién, junto a los miembros de sus familias. | D7: Se requiere desarrollar una actividad de asado para 7 trabajadores oficiales y su familias, en el cual se promueva la integración, la comunicación y el liderazgo. | E7: Lugar: La actividad se debe desarrollar en un lugar cercano al parque se Santa María de la Antigua del Darien, en el horario y día establecido por el ICANH. Parrillada por persona: Chata de res (130 g), pierna pernil, deshuesada (250g), chorizo (50 g), Morcilla (60g), plátano al horno, papa salada, chimichurri y guacamole, acompañado de jugo o gaseosa de 300ml Tener en cuenta todos los elementos desechables para servir y demás utensilios necesarios para el evento. Adicionalmente se debe garantizar que haya sonido, en la medida de lo posible una persona encargada de la música. | F7: 4 H | G7: 1 | H7: 20 | I7: Vereda de Santuario, corregimiento de Tanela | J7: Actividad | K7: 1 | L7: ='1. Bienestar Actividades'!T10 -> 5277800 | M7: =L7*K7 -> 5277800 | N7: =M7/$M$20 -> 0.020814264
A8: 6 | B8: RECONOCIMIENTO CUMPLEAÑOS - BOGOTA | C8: Reconocimiento a servidores de planta | D8: Entrega de bono de alimentación en dos tipos de restaurante reconcido | E8: Se requierere reconcocer por cumpleaños a los servidores de planta del ICANH, a través de un bono de alimentación Alimentación: Incluye: plato fuerte y bebida. Los bonos podrán ser redimibles de lunes a domingo. | F8: N/A | G8: N/A | H8: 150 | I8: La actividad de cine en familia se debe desarrollar en cinemas de cubrimiento a nivel Nacional. | J8: Bono | K8: 161 | L8: ='1. Bienestar Actividades'!T11 -> 84900 | M8: =L8*K8 -> 13668900 | N8: =M8/$M$20 -> 0.053906569
A9: 7 | B9: RECONOCIMIENTO CUMPLEAÑOS - PARQUES TIERRADENTRO, SAN AGUSTÍN, IDOLOS, TEYUNA | C9: Reconocimiento por cumpleaños | D9: Los pasadias tendrán vigencia de un (1) año contados a partir de la fecha de entrega. Esta actividad está dirigida a los servidores públicos del ICANH pertenecientes a los parques: Tierradentro, San Agustín, Idolos y Teyuna. | E9: Pasadía en un entorno rural o campestre. El servicio contratado debe garantizar el uso exclusivo o preferencial de áreas recreativas, específicamente zona de piscinas y espacios de esparcimiento, además de un esquema integral de alimentación que incluya estaciones de café, refrigerios y almuerzo, no incluye transporte, por ello es importante que esté en un lugar accequible y que facilite la llegada de los funcionarios y sus famialiares. Los pasadías podrán ser redimibles de lunes a domingo. | F9: N/A | G9: N/A | H9: 50 | I9: HUILA, CAUCA, SANTA MARTA | J9: Pasadía | K9: 50 | L9: ='1. Bienestar Actividades'!T12 -> 322400 | M9: =L9*K9 -> 16120000 | N9: =M9/$M$20 -> 0.063573067
A10: 8 | B10: RECONOCIMIENTO CUMPLEAÑOS - PARQUE SANTA MARIA DEL DARIEN | C10: Reconocimiento por cumpleaños | D10: Entrega de bono para almuerzo en un restaurante local cerca del parque Santa Maria del Darien | E10: Se requierere concocer por cumpleaños a los servidores de planta del ICANH, a través de un bono de alimentación Lugar: sugerencia Creppes y Wafles y el corral Alimentación: Incluye: plato fuerte y bebida. Los bonos podrán ser redimibles de lunes a domingo y tener vigencia mínima de 1 año. | F10: N/A | G10: N/A | H10: 6 | I10: SANTA MARIA DEL DARIEN | J10: Bono | K10: 6 | L10: ='1. Bienestar Actividades'!T13 -> 154000 | M10: =L10*K10 -> 924000 | N10: =M10/$M$20 -> 0.0036440145
A11: 9 | B11: RECONOCIMIENTO CUMPLEAÑOS - CENTROS REGIONALES | C11: Desarrollar actividad de reconocimiento de cumpleaños para los funcionarios de los centros regionales del ICANH, orientada a fortalecer el bienestar laboral, la motivación, la integración y el sentido de pertenencia institucional, mediante la entrega de bonos de alimentación como incentivo y reconocimiento en fechas especiales para los colaboradores homenajeados. | D11: Planeación y coordinación de la actividad conforme a las fechas y lineamientos establecidos por el ICANH. Suministro de bonos de alimentación para los funcionarios definidos por el ICANH. Garantizar que los bonos sean redimibles en establecimientos autorizados y en condiciones adecuadas de calidad y servicio. Coordinación logística para la entrega física o digital de los bonos. Los bonos deberán contener información clara sobre condiciones de uso, vigencia y cobertura. Garantizar atención y soporte frente a novedades relacionadas con redención o activación de los bonos. Coordinación previa con el supervisor designado por el ICANH para validación de cantidades y beneficiarios. Registro o soporte de entrega de los bonos suministrados. Cumplimiento de los tiempos establecidos para la entrega de los incentivos. | E11: Los bonos de alimentación deberán ser individuales y corresponder al número de funcionarios definidos por el ICANH. Los establecimientos autorizados para redención deberán ofrecer condiciones adecuadas de calidad, atención e higiene. Los bonos deberán contar con una vigencia de 1 año para su utilización por parte de los beneficiarios. Posibilidad de manejo físico o digital de los bonos de alimentación. Presentación previa de opciones de establecimientos o cobertura para aprobación del ICANH. Garantizar cobertura en las ciudades o municipios donde se encuentren ubicados los centros regionales. Entrega de informe o soporte de ejecución de la actividad cuando sea requerido por el ICANH. Garantizar que los bonos permitan acceso a opciones variadas de alimentación. | F11: N/A | G11: N/A | H11: 5 | I11: PACIFICO Y CARIBE | J11: Bono | K11: 5 | L11: ='1. Bienestar Actividades'!T14 -> 154000 | M11: =L11*K11 -> 770000 | N11: =M11/$M$20 -> 0.0030366787
A12: 10 | B12: TRABAJO EN EQUIPO E INTEGRACIÓN MEDIANTE TORNEO DE BOLOS. | C12: Actividad de bienestar tipo integración que estimule el trabajo en equipo mediante un torneo de bolos y tiene como objetivo principal fomentar la colaboración, formulación de estrategias y la comunicación efectiva entre los participantes. | D12: Dos (2) jornadas para la primer ronda y una jornada para la final. Para la primera ronda, se distribuira el grupo total de participantes en dos jornadas acordadas entre el proveedor y el suoervisor del ICANH. | E12: Se realizará un torneo de bolos para 145 funcionarios conformado equipos de cuatro (4) personas, quienes tendrán dos líneas por cada jugador. Se jugará una primera ronda en las fechas y horarios establecidos previamente entre el proveedor y el ICANH. Se llevará a cabo la final con los mejores cinco (5) equipos de la primera ronda en las fechas y horarios establecidos previamente entre el proveedor y ICANH Se premian a los 3 mejores equipos, mejor línea masculina y mejor línea femenina. Los grupos serán conformados de manera aleatoria por parte del contratista. La actividad deberá contar con por lo menos siete (7) recreadores que acompañen el torneo y el personal que lleve a cabo las actividades Alquiler de pistas, alquiler de zapatos, anotadores, veeduría, apoyo medico, anotadores, congreso técnico, boletines informativos, organización y coordinación, premiación en trofeos y medallas para los tres primeros puestos. Se debe contar con actividad de clausura y reconocimientos del torneo. Lugar: La actividad se debe desarrollar en la bolera que el operador disponga y que cumpla con las disposiciones técnicas en la ciudad de Bogotá, en los horarios y día establecido con la Entidad. Refrigerio: Una Hamburguesa con queso de 160grs de carne de res Papa a la francesa y Gaseosa o Jugo natural en agua. Opción para jornada final: Un perro junior papa francesa Gaseosa o Jugo natural en agua. Vegetariano: Canelloni de Ricotta y Espinaca-Gaseosa Vegetariano para jornada final: Linguini Primavera + Gaseosa Nota 1: El supervisor del contrato informará con 2 días de anticipación el número de asistentes a la actividad a efecto de que el contratista en este ítem solamente efectúe el cobro a partir del número de participantes informado. Duración: Cuatro (4) horas cada jornada Transporte: traslado ICANH - Bolera Premiación: El proveedor debera suministrar cinco (5) opciones de premiación para los tres primeros puestos, de los cuales el supervisor escogera tres (3). Así mismo, el proveedor sumistrará cinco (5) opciones de premiación para la mejor linea femenina y mejor línea masculina, de los cualesel supervisor escogera tres (3). Tener en cuenta que se debe distribuir presupuesto para 4 jornadas: dos jornadas iniciales, ronda final y premiación. | F12: N/A | G12: 3 | H12: 145 | I12: BOGOTÁ | J12: Torneo | K12: 1 | L12: ='1. Bienestar Actividades'!T15 -> 31949600 | M12: =L12*K12 -> 31949600 | N12: =M12/$M$20 -> 0.12600087
A13: 11 | B13: CONSTRUCCIÓN DE HÁBITOS SALUDABLES MEDIANTE SESIONES DE YOGA | C13: Ofrecer clases de yoga, con el fin de promover el bienestar físico y mental, reducir el estrés y mejorar la salud integral de los beneficiarios. | D13: Dos sesiones de yoga para 30 personas, cada sesión. | E13: Llvar a cabo dos sesiones de yoga para 30 personas en instalaciones de del ICANH (Auditorio Paul Rivet). El proveedor deberá suministrar en calidad de prestamo las Mats a cada uno de los participantes. Cada sesión deberá ser de 60 minutos adpatadas para todo tipo de niveles (principiante, intermedio y avanzado). Asi mismo, se deberá contar con sistema de sonido y acompañamiento de instructor (a), quien deberá contar con título de instructor de yoga y certificar mínimo 3 años comprobables impartiendo clases a grupos. Se deberá cumplir con todas las normas de higuiene y de seguridad para cada uno de los participantes. Antes de cda inicio de jornada, el instructor deberá realizar una breve entrevista inicial a los alumnos sobre lesiones o condiciones médicas. | F13: 2H | G13: 2 | H13: 30 | I13: BOGOTÁ | J13: Actividad | K13: 2 | L13: ='1. Bienestar Actividades'!T16 -> 994500 | M13: =L13*K13 -> 1989000 | N13: =M13/$M$20 -> 0.0078440961
A14: 12 | B14: CAPACITACIÓN EN NUTRICION | C14: Desarrollar una jornada de capacitación en nutrición orientada a promover hábitos de alimentación saludable, bienestar integral y prevención de riesgos asociados a una alimentación inadecuada, dirigida a los colaboradores del Instituto Colombiano de Antropología e Historia. La actividad deberá incluir componentes pedagógicos y participativos que faciliten la apropiación de conocimientos y buenas prácticas alimentarias aplicables en el entorno laboral y personal. | D14: Profesional idóneo en nutrición y dietética con experiencia certificada en capacitaciones empresariales o institucionales. Planeación y desarrollo de la jornada conforme a los lineamientos de bienestar institucional. Disponibilidad de ayudas audiovisuales para el desarrollo de la capacitación (video beam, computador, sonido y micrófono, en caso de requerirse). Entrega de material de apoyo físico o digital para los participantes. Metodología participativa y dinámica que incentive la interacción de los asistentes. Coordinación logística previa con el supervisor designado por el ICANH. Garantizar el cumplimiento de normas de seguridad y salud en el trabajo durante la ejecución de la actividad. Registro de asistencia y evidencia fotográfica de la jornada. 3 SESIONES PRESENCIALES 40 PERSONAS | E14: Desarrollo de contenidos relacionados con alimentación balanceada, hábitos saludables, hidratación, lectura de etiquetado nutricional y prevención de enfermedades asociadas con una inadecuada alimentación. Realización de actividades prácticas o dinámicas pedagógicas que faciliten el aprendizaje y la participación de los asistentes. Espacio destinado para preguntas e interacción con los participantes. Duración mínima sugerida de dos (2) horas. Presentación de agenda o plan de trabajo previo a la ejecución de la actividad. Entrega de recomendaciones nutricionales aplicables al entorno laboral. La actividad deberá incluir un refrigerio saludable para los asistentes, garantizando adecuadas condiciones de higiene, manipulación y conservación de los alimentos. Espacio de asesoria personalizada. | F14: 2 H | G14: 3 | H14: 40 | I14: BOGOTA | J14: Actividad | K14: 2 | L14: ='1. Bienestar Actividades'!T17 -> 4084000 | M14: =L14*K14 -> 8168000 | N14: =M14/$M$20 -> 0.032212457
A15: 13 | B15: SESIONES DEPORTIVAS (AEROBICOS, ZUMBA) | C15: Prestación de servicios para el desarrollo de sesiones deportivas de aeróbicos y zumba dirigidas a los colaboradores del ICANH, orientadas a fomentar hábitos de vida saludable, actividad física, integración, bienestar físico y mental, así como el fortalecimiento del clima laboral mediante espacios recreativos y participativos. | D15: Contar con instructores certificados o con experiencia comprobada en actividades físicas dirigidas, aeróbicos y zumba. Planeación, coordinación y ejecución integral de las sesiones deportivas conforme a la programación definida por el ICANH. Disponibilidad de equipos de sonido, micrófonos y recursos técnicos necesarios para el adecuado desarrollo de las actividades. Garantizar espacios adecuados, seguros, ventilados y con capacidad suficiente para la participación de los asistentes. Cumplimiento de las normas de seguridad y salud en el trabajo durante el desarrollo de las jornadas. Coordinación logística previa con el supervisor designado por el ICANH. Registro de asistencia y evidencias fotográficas o audiovisuales de las actividades realizadas. Puntualidad en el inicio y finalización de cada sesión programada. Disponibilidad de hidratación para los participantes durante el desarrollo de las actividades. Contar con apoyo logístico para organización y acompañamiento de los asistentes. En caso de modalidad virtual, garantizar plataforma tecnológica estable y acompañamiento técnico durante las sesiones. | E15: Desarrollo de rutinas dinámicas, recreativas y participativas adaptadas a diferentes niveles de condición física. Inclusión de ejercicios de calentamiento, actividad principal y estiramiento o recuperación al finalizar cada sesión. Duración mínima sugerida de una (1) hora por sesión. Uso de música adecuada y motivacional para el desarrollo de las actividades deportivas. Posibilidad de realizar sesiones periódicas conforme a la programación establecida por el ICANH. Garantizar que las actividades sean inclusivas y promuevan la participación de los funcionarios. Presentación previa de cronograma o metodología de trabajo para aprobación del ICANH, cuando sea requerido. En caso de requerirse, incluir elementos básicos de apoyo para actividad física como colchonetas, bandas elásticas u otros accesorios deportivos. Promoción de hábitos saludables y estrategias de bienestar físico y mental durante las jornadas. | F15: 1H | G15: 1 AL MES (julio a diciembre) | H15: 30 | I15: BOGOTÁ Y PARQUES | J15: Actividad | K15: 5 | L15: ='1. Bienestar Actividades'!T18 -> 959000 | M15: =L15*K15 -> 4795000 | N15: =M15/$M$20 -> 0.018910227
A16: 14 | B16: CELEBRACION DE AMOR Y AMISTAD "ICANH EN CONEXIÓN" | C16: Actividad institucional orientada a fortalecer la integración, el bienestar y los espacios de convivencia entre los servidores del ICANH, mediante el desarrollo de una jornada temática de Amor y Amistad que combine actividades recreativas, culturales y de bienestar. La celebración estará enfocada en generar espacios de participación e interacción entre los funcionarios a través de actividades como bingo de la amistad, muro de mensajes positivos, trivia institucional y espacios de integración acompañados de ambientación temática, música y refrigerio. La jornada busca promover el compañerismo, el reconocimiento entre equipos de trabajo y el fortalecimiento de las relaciones interpersonales dentro de la entidad. | D16: Planeación, organización y ejecución integral de la actividad. Presentación previa de agenda, metodología y cronograma de trabajo. Disponibilidad de personal logístico para acompañamiento y desarrollo de la jornada. Adecuación y ambientación del espacio con temática de Amor y Amistad. Disponibilidad de sonido básico y música ambiental. Suministro de materiales e insumos requeridos para el desarrollo de las actividades. Garantizar espacios adecuados para la participación e integración de los asistentes. Implementación de actividades lúdicas y participativas acordes con el entorno institucional. Cumplimiento de condiciones de organización, seguridad e higiene durante la ejecución de la actividad. Coordinación previa con la entidad para la definición de horarios, espacios y necesidades logísticas. | E16: Desarrollo de actividades de integración como bingo de la amistad, trivia institucional y dinámicas grupales. Instalación de un espacio denominado “Mensajes que inspiran”, donde los asistentes puedan compartir mensajes positivos y de reconocimiento entre compañeros. Inclusión de ambientación temática y decoración acorde con la celebración de Amor y Amistad. Desarrollo de espacios de interacción y participación voluntaria de los funcionarios. Disponibilidad de facilitador o animador para el desarrollo de las actividades. Entrega de premios simbólicos para las dinámicas propuestas. La actividad deberá incluir refrigerio para los asistentes, garantizando adecuadas condiciones de higiene, manipulación y conservación de alimentos. Duración sugerida de la actividad: mínimo dos (5) horas. Entrega previa de agenda y plan de trabajo para aprobación por parte de la entidad. | F16: 5H | G16: 1 | H16: 120 participantes | I16: BOGOTÁ | J16: Actividad | K16: 120 | L16: ='1. Bienestar Actividades'!T19 -> 293900 | M16: =L16*K16 -> 35268000 | N16: =M16/$M$20 -> 0.13908777
A17: 15 | B17: CIERRE DE GESTIÓN. | C17: Cierre de año de gestión: Actividad a las afueras de la ciudad en espacio recreativo con característica de uso exclusivo en esa jornada en donde se concentren diferentes tipos de actividades para que realicen, asegurando alimentación (almuerzo y un refrigerio). | D17: Alimentación: Almuerzo completo tipo ejecutivo o buffet, con opción vegetariana. Refrigerio tipo mañana o tarde, servido en sitio o entregado al ingreso. Punto de hidratación continuo (botellones con vasos o estaciones con botellas individuales). | E17: Recurso técnico: Espacio recreativo en arriendo exclusivo, con zonas verdes, salones multiuso y espacios cubiertos en caso de lluvia. Póliza de seguros y/o asistencia médica temporal durante el desarrollo de la jornada. Baños suficientes, señalizados y con mantenimiento durante la jornada. Coordinación de transporte de materiales y montaje con anticipación al día del evento. Listado de asistencia y mecanismos de control de ingreso (registro digital o manual). Materiales para el taller: Sonido profesional: consola, parlantes, micrófonos inalámbricos (mínimo 2). Tarima o espacio acondicionado para intervenciones: para presentaciones o actividades culturales. Equipamiento recreativo: kits deportivos (balones, conos, cuerdas, inflables si aplica), mesas de ping pong, tableros, entre otros según actividades. Sillas, mesas y carpas: especialmente para zona de alimentación, descanso y actividades estáticas. Señalética y puntos informativos móviles: que permitan orientar a los funcionarios sobre horarios, estaciones o rutas internas. Registro fotográfico y/o audiovisual (opcional): equipo básico de cámara y operador. Botiquín completo y señal de emergencias visibles. Recurso humano: Coordinador/a general de la actividad: encargado/a de la ejecución integral y cronograma. Equipo logístico de apoyo (mínimo 4 personas): para montaje, señalización, orientación en sitio y control de tiempos. Maestro/a de ceremonias o animador/a: para dinamizar las actividades, realizar sorteos o intervenciones. Facilitadores/as o recreadores/as: para liderar actividades lúdicas, deportivas o integradoras por estaciones. Profesionales de primeros auxilios o enfermero/a de turno (si no está incluido en el lugar contratado). Personal de apoyo para entrega de alimentación e hidratación (puede ser del operador del lugar). Transporte: Se requiere que el contratista disponga del transporte ida y vuelta para los asistentes del evento. | F17: 8H | G17: 1 | H17: 150 participantes | I17: BOGOTÁ | J17: Actividad | K17: 1 | L17: ='1. Bienestar Actividades'!T20 -> 48051900 | M17: =L17*K17 -> 48051900 | N17: =M17/$M$20 -> 0.18950413
A18: 16 | B18: CIERRE DE GESTIÓN PARQUES Y CENTROS REGIONALES | C18: Cierre de año de gestión: Actividad diseñada según las condiciones de cada parque en un espacio recreativo con característica de uso exclusivo en esa jornada en donde se concentren diferentes tipos de actividades para que realicen, asegurando alimentación (almuerzo y un refrigerio). | D18: Alimentación: Almuerzo completo tipo ejecutivo o buffet, con opción vegetariana. Refrigerio tipo mañana o tarde, servido en sitio o entregado al ingreso. Punto de hidratación continuo (botellones con vasos o estaciones con botellas individuales). | E18: "Recurso técnico: Espacio recreativo en arriendo exclusivo, con zonas verdes, salones multiuso y espacios cubiertos en caso de lluvia. Póliza de seguros y/o asistencia médica temporal durante el desarrollo de la jornada. Baños suficientes, señalizados y con mantenimiento durante la jornada. Coordinación de transporte de materiales y montaje con anticipación al día del evento. Listado de asistencia y mecanismos de control de ingreso (registro digital o manual). Materiales para el taller: Sonido profesional: consola, parlantes, micrófonos inalámbricos (mínimo 2). Tarima o espacio acondicionado para intervenciones: para presentaciones o actividades culturales. Equipamiento recreativo: kits deportivos (balones, conos, cuerdas, inflables si aplica), mesas de ping pong, tableros, entre otros según actividades. Sillas, mesas y carpas: especialmente para zona de alimentación, descanso y actividades estáticas. Señalética y puntos informativos móviles: que permitan orientar a los funcionarios sobre horarios, estaciones o rutas internas. Registro fotográfico y/o audiovisual (opcional): equipo básico de cámara y operador. Botiquín completo y señal de emergencias visibles. Recurso humano: Coordinador/a general de la actividad: encargado/a de la ejecución integral y cronograma. Equipo logístico de apoyo (mínimo 4 personas): para montaje, señalización, orientación en sitio y control de tiempos. Maestro/a de ceremonias o animador/a: para dinamizar las actividades, realizar sorteos o intervenciones. Facilitadores/as o recreadores/as: para liderar actividades lúdicas, deportivas o integradoras por estaciones. Profesionales de primeros auxilios o enfermero/a de turno (si no está incluido en el lugar contratado). Personal de apoyo para entrega de alimentación e hidratación (puede ser del operador del lugar). Transporte: Se requiere que el contratista disponga del transporte ida y vuelta para los asistentes del evento." Para el parque Santa Maria del Darien sería conveniente que el evento se desarrollará en el parque, por ello es necesario que el operador logistico haga un scaner minucioso de la zona y con ello prestar el servicio de manera adecuada, importante que el evento se realice con el suficiente tiempo para prevenir toda situación adversa que pueda retrasar o importunar en las actividades. | F18: 8H | G18: 1 | H18: 60 participantes | I18: SANTA MARIA DEL DARIEN SANTA MARTA HUILA CAUCA TUMACO | J18: Evento | K18: 60 | L18: ='1. Bienestar Actividades'!T21 -> 399000 | M18: =L18*K18 -> 23940000 | N18: =M18/$M$20 -> 0.094413103
A19: 17 | B19: APOYO A CELEBRACIONES NAVIDEÑAS AUTÓNOMAS DE FUNCIONARIOS ICANH. | C19: La actividad se desarrollará durante tres (3) días consecutivos en jornada de medio día, incluyendo atención presencial y transmisión virtual para funcionarios ubicados fuera de Bogotá. | D19: De acurdo a la ficha de condiciones tecnicas | E19: Se entregarán 130 regalos para distribución en los niños y niñas hijos de funcionarios y menores de 16 años. Condiciones para la entrega de regalos a niños entre 0 y 15 años en la celebración navideña • El contratista presentara listado de juguetes para niños en el rango de edades de los 0 y 16 años. • Los juguetes deben ser de primera calidad y de marcas reconocidas en el mercado que garanticen la calidad del producto. • La cantidad estimada de juguetes es de 130, de los cuales se estima que en promedio tengan un valor unitario de $90.000, de acuerdo con los históricos de la entidad. • El Contratista presentará tres (3) proveedores dentro de los cuales estará el proveedor sugerido por el ICANH • La Entidad elegirá el proveedor que más se ajuste al cumplimiento de las necesidades técnicas. • El contratista presentará certificación de cambio por garantía en los términos establecidos en la Ley 1480 de 2011 Estatuto del Consumidor Los regalos serán entregados en la sede Bogotá. Se entregará después de definidos los proveedores, un listado desde Talento Humano de los datos de los niños teniendo en cuenta género y edad y con base en ello el operador entregará los regalos empacados en papel regalo y con tarjeta que indica el nombre, edad y ubicación para que el ICANH realice la distribución adecuada. | F19: N/A | G19: N/A | H19: 130 participantes | I19: NACIONAL | J19: Actividad (incluye obsequios) | K19: 130 | L19: ='1. Bienestar Actividades'!T22 -> 177000 | M19: =L19*K19 -> 23010000 | N19: =M19/$M$20 -> 0.090745426
L20: TOTAL | M20: =SUM(M3:M19) -> 253566500 | N20: 1
A22: PROYECCIÓN | L22: Proyeccón con Media Armonica
A23: Item | B23: Tipo De Examen | C23: Especificación Técnica | D23: Departamento | E23: Sede O Parque Del ICANH | H23: Lugar De Prestación Del Servicio | J23: Unidad De Medida | K23: Cantidad | L23: =L2 -> Valor Unitario Incliuye Impuestos | M23: =M2 -> Total | N23: Participación frente a costos unitarios
A24: 1 | B24: Examen de Ingreso | C24: Valoración médica ocupacional previa al inicio de labores, con historia clínica y concepto de aptitud, con énfasis en (Audiometría, optometría y ergonomía) | D24: Bogota D.C. | E24: Bogotá D.C. | H24: Se requiere el servicio cerca a la sede principal del ICANH, ubicada en la Calle 12 # 2-38, Bogotá-Colombia | J24: UNIDAD | K24: 1 | L24: ='2. Bienestar Salud'!V6 -> 81200 | M24: =L24*K24 -> 81200 | N24: =M24/$M$56 -> 0.01770722
A25: 2 | D25: Chocó | E25: Vereda de Santuario, corregimiento de Tanela, municipio de Unguía-Chocó - Parque arqueológico de Santa María la Antigua Darién | H25: Municipio o ciudad cercano a la sede o parque del ICANH | K25: 1 | L25: ='2. Bienestar Salud'!V7 -> 151900 | M25: =L25*K25 -> 151900 | N25: =M25/$M$56 -> 0.033124714
A26: 3 | D26: Cauca | E26: Vereda El Escaño bajo (El Escaño Parque)-Resguardo San Andrés de Pisimbalá - Parque arqueológico Tierradentro Municipio Inza - Cauca. | H26: Municipio o ciudad cercano a la sede o parque del ICANH | K26: 1 | L26: ='2. Bienestar Salud'!V8 -> 129200 | M26: =L26*K26 -> 129200 | N26: =M26/$M$56 -> 0.028174543
A27: 4 | D27: Huila | E27: Vereda Ídolos y Vereda la Delicias Municipio de Isnos – Huila - Parque arqueológico Alto de ídolos | H27: Municipio o ciudad cercano a la sede o parque del ICANH | K27: 1 | L27: ='2. Bienestar Salud'!V9 -> 110400 | M27: =L27*K27 -> 110400 | N27: =M27/$M$56 -> 0.024074841
A28: 5 | D28: Huila | E28: Municipio de San Agustín – Huila - Parque arqueológico de San Agustín | H28: Municipio o ciudad cercano a la sede o parque del ICANH | K28: 1 | L28: ='2. Bienestar Salud'!V10 -> 110400 | M28: =L28*K28 -> 110400 | N28: =M28/$M$56 -> 0.024074841
A29: 6 | D29: Magdalena | E29: Sierra Nevada de Santa Marta - Parque arqueológico Teyuna – Ciudad perdida: | H29: Ciudad de Santa Marta | K29: 1 | L29: ='2. Bienestar Salud'!V11 -> 99600 | M29: =L29*K29 -> 99600 | N29: =M29/$M$56 -> 0.021719694
A30: 7 | D30: Guaviare | E30: San José del Guaviare | H30: Municipio o ciudad cercano a la sede o parque del ICANH | K30: 1 | L30: ='2. Bienestar Salud'!V12 -> 140900 | M30: =L30*K30 -> 140900 | N30: =M30/$M$56 -> 0.030725952
A31: 8 | D31: Nacional | E31: Telemedicina - Telesalud | K31: 1 | L31: ='2. Bienestar Salud'!V13 -> 84900 | M31: =L31*K31 -> 84900 | N31: =M31/$M$56 -> 0.018514076
A32: 9 | B32: Examen periódico - Programado | C32: Evaluación periódica según matriz de riesgos, incluye pruebas específicas según la exposición laboral. (Audiometría, optometría y ergonomía) | D32: Bogota D.C. | E32: Bogotá | H32: Se requiere el servicio cerca a la sede principal del ICANH, ubicada en la Calle 12 # 2-38, Bogotá-Colombia | J32: Unidad | K32: 1 | L32: ='2. Bienestar Salud'!V14 -> 84600 | M32: =L32*K32 -> 84600 | N32: =M32/$M$56 -> 0.018448656
A33: 10 | D33: Chocó | E33: Vereda de Santuario, corregimiento de Tanela, municipio de Unguía-Chocó - Parque arqueológico de Santa María la Antigua Darién | H33: Municipio o ciudad cercano a la sede o parque del ICANH | K33: 1 | L33: ='2. Bienestar Salud'!V15 -> 153500 | M33: =L33*K33 -> 153500 | N33: =M33/$M$56 -> 0.033473625
A34: 11 | D34: Cauca | E34: Vereda El Escaño bajo (El Escaño Parque)-Resguardo San Andrés de Pisimbalá - Parque arqueológico Tierradentro. | H34: Municipio o ciudad cercano a la sede o parque del ICANH | K34: 1 | L34: ='2. Bienestar Salud'!V16 -> 130500 | M34: =L34*K34 -> 130500 | N34: =M34/$M$56 -> 0.028458033
A35: 12 | D35: Huila | E35: Vereda Ídolos y Vereda la Delicias Municipio de Isnos – Huila - Parque arqueológico Alto de ídolos | H35: Municipio o ciudad cercano a la sede o parque del ICANH | K35: 1 | L35: ='2. Bienestar Salud'!V17 -> 112200 | M35: =L35*K35 -> 112200 | N35: =M35/$M$56 -> 0.024467366
A36: 13 | D36: Huila | E36: Municipio de San Agustín – Huila - Parque arqueológico de San Agustín | H36: Municipio o ciudad cercano a la sede o parque del ICANH | K36: 1 | L36: ='2. Bienestar Salud'!V18 -> 112200 | M36: =L36*K36 -> 112200 | N36: =M36/$M$56 -> 0.024467366
A37: 14 | D37: Magdalena | E37: Sierra Nevada de Santa Marta - Parque arqueológico Teyuna – Ciudad perdida: | H37: Ciudad de Santa Marta | K37: 1 | L37: ='2. Bienestar Salud'!V19 -> 101000 | M37: =L37*K37 -> 101000 | N37: =M37/$M$56 -> 0.022024991
A38: 15 | D38: Guaviare | E38: San José del Guaviare | H38: Municipio o ciudad cercano a la sede o parque del ICANH | K38: 1 | L38: ='2. Bienestar Salud'!V20 -> 140900 | M38: =L38*K38 -> 140900 | N38: =M38/$M$56 -> 0.030725952
A39: 16 | D39: Nacional | E39: Telemedicina - Telesalud | K39: 1 | L39: ='2. Bienestar Salud'!V21 -> 88600 | M39: =L39*K39 -> 88600 | N39: =M39/$M$56 -> 0.019320932
A40: 17 | B40: Examen de Egreso | C40: Valoración médica al finalizar el vínculo laboral, para verificar estado de salud y exposición acumulada. con énfasis en (Audiometría, optometría y ergonomía) | D40: Bogota D.C. | E40: Bogotá | H40: Se requiere el servicio cerca a la sede principal del ICANH, ubicada en la Calle 12 # 2-38, Bogotá-Colombia | J40: Unidad | K40: 1 | L40: ='2. Bienestar Salud'!V22 -> 74400 | M40: =L40*K40 -> 74400 | N40: =M40/$M$56 -> 0.01622435
A41: 18 | D41: Chocó | E41: Vereda de Santuario, corregimiento de Tanela, municipio de Unguía-Chocó - Parque arqueológico de Santa María la Antigua Darién | H41: Municipio o ciudad cercano a la sede o parque del ICANH | K41: 1 | L41: ='2. Bienestar Salud'!V23 -> 139800 | M41: =L41*K41 -> 139800 | N41: =M41/$M$56 -> 0.030486076
A42: 19 | D42: Cauca | E42: Vereda El Escaño bajo (El Escaño Parque)-Resguardo San Andrés de Pisimbalá - Parque arqueológico Tierradentro. | H42: Municipio o ciudad cercano a la sede o parque del ICANH | K42: 1 | L42: ='2. Bienestar Salud'!V24 -> 118100 | M42: =L42*K42 -> 118100 | N42: =M42/$M$56 -> 0.025753974
A43: 20 | D43: Huila | E43: Vereda Ídolos y Vereda la Delicias Municipio de Isnos – Huila - Parque arqueológico Alto de ídolos | H43: Municipio o ciudad cercano a la sede o parque del ICANH | K43: 1 | L43: ='2. Bienestar Salud'!V25 -> 110400 | M43: =L43*K43 -> 110400 | N43: =M43/$M$56 -> 0.024074841
A44: 21 | D44: Huila | E44: Municipio de San Agustín – Huila - Parque arqueológico de San Agustín | H44: Municipio o ciudad cercano a la sede o parque del ICANH | K44: 1 | L44: ='2. Bienestar Salud'!V26 -> 110400 | M44: =L44*K44 -> 110400 | N44: =M44/$M$56 -> 0.024074841
A45: 22 | D45: Magdalena | E45: Sierra Nevada de Santa Marta - Parque arqueológico Teyuna – Ciudad perdida: | H45: Ciudad de Santa Marta | K45: 1 | L45: ='2. Bienestar Salud'!V27 -> 90300 | M45: =L45*K45 -> 90300 | N45: =M45/$M$56 -> 0.01969165
A46: 23 | D46: Guaviare | E46: San José del Guaviare | H46: Municipio o ciudad cercano a la sede o parque del ICANH | K46: 1 | L46: ='2. Bienestar Salud'!V28 -> 118400 | M46: =L46*K46 -> 118400 | N46: =M46/$M$56 -> 0.025819395
A47: 24 | D47: Nacional | E47: Telemedicina - Telesalud | K47: 1 | L47: ='2. Bienestar Salud'!V29 -> 79300 | M47: =L47*K47 -> 79300 | N47: =M47/$M$56 -> 0.017292889
A48: 25 | B48: Examen Médico de ingreso o periodico con énfasis en alturas | C48: Evaluación médica con énfasis cardiovascular, neurológico, osteomuscular, visual y de equilibrio, con pruebas adicionales requeridas por la normativa vigente. | D48: Bogota D.C. | E48: Bogotá | H48: Se requiere el servicio cerca a la sede principal del ICANH, ubicada en la Calle 12 # 2-38, Bogotá-Colombia | J48: Unidad | K48: 1 | L48: ='2. Bienestar Salud'!V30 -> 175000 | M48: =L48*K48 -> 175000 | N48: =M48/$M$56 -> 0.038162113
A49: 26 | D49: Chocó | E49: Vereda de Santuario, corregimiento de Tanela, municipio de Unguía-Chocó - Parque arqueológico de Santa María la Antigua Darién | H49: Municipio o ciudad cercano a la sede o parque del ICANH | K49: 1 | L49: ='2. Bienestar Salud'!V31 -> 255300 | M49: =L49*K49 -> 255300 | N49: =M49/$M$56 -> 0.055673071
A50: 27 | D50: Cauca | E50: Vereda El Escaño bajo (El Escaño Parque)-Resguardo San Andrés de Pisimbalá - Parque arqueológico Tierradentro. | H50: Municipio o ciudad cercano a la sede o parque del ICANH | K50: 1 | L50: ='2. Bienestar Salud'!V32 -> 245600 | M50: =L50*K50 -> 245600 | N50: =M50/$M$56 -> 0.053557799
A51: 28 | D51: Huila | E51: Vereda Ídolos y Vereda la Delicias Municipio de Isnos – Huila - Parque arqueológico Alto de ídolos | H51: Municipio o ciudad cercano a la sede o parque del ICANH | K51: 1 | L51: ='2. Bienestar Salud'!V33 -> 221000 | M51: =L51*K51 -> 221000 | N51: =M51/$M$56 -> 0.048193297
A52: 29 | D52: Huila | E52: Municipio de San Agustín – Huila - Parque arqueológico de San Agustín | H52: Municipio o ciudad cercano a la sede o parque del ICANH | K52: 1 | L52: ='2. Bienestar Salud'!V34 -> 221000 | M52: =L52*K52 -> 221000 | N52: =M52/$M$56 -> 0.048193297
A53: 30 | D53: Magdalena | E53: Sierra Nevada de Santa Marta - Parque arqueológico Teyuna – Ciudad perdida: | H53: Ciudad de Santa Marta | K53: 1 | L53: ='2. Bienestar Salud'!V35 -> 210600 | M53: =L53*K53 -> 210600 | N53: =M53/$M$56 -> 0.045925377
A54: 31 | D54: Guaviare | E54: San José del Guaviare | H54: Municipio o ciudad cercano a la sede o parque del ICANH | K54: 1 | L54: ='2. Bienestar Salud'!V36 -> 224100 | M54: =L54*K54 -> 224100 | N54: =M54/$M$56 -> 0.048869311
A55: 32 | D55: Nacional | E55: Telemedicina - Telesalud | K55: 1 | L55: ='2. Bienestar Salud'!V37 -> 360000 | M55: =L55*K55 -> 360000 | N55: =M55/$M$56 -> 0.078504917
L56: TOTAL | M56: =SUM(M24:M55) -> 4585700 | N56: =SUM(N24:N55) -> 1
L58: TOTAL TOPE OFERTA | M58: =M56+M20 -> 258152200
B60: PROYECCIÓN ACTIVIDADES | C60: =M20 -> 253566500 | L60: PRESUPUESTO OFICIAL
B61: PROYECCIÓN SALUD | C61: 8085850 | D61: =C61/C60 -> 0.031888479 | L61: TOTAL ACTIVIDADES | M61: =C60 -> 253566500
B62: TOTAL PRESUPUESTO | C62: =SUM(C60:C61) -> 261652350 | L62: TOTAL SALUD | M62: =C61 -> 8085850
L63: TOTALPRESUPUESTO | M63: =C62 -> 261652350
A64: Nota: El Total Tope Oferta corresponde al valor de referencia obtenido a partir de la sumatoria de los valores techo definidos para las actividades de bienestar y de los valores unitarios establecidos para los exámenes médicos ocupacionales, estos últimos considerados de manera individual debido a que, en la etapa de planeación, no es posible determinar anticipadamente el tipo, la cantidad, la oportunidad ni la ubicación geográfica en que serán requeridos durante la ejecución contractual. Por su parte, el Presupuesto Oficial corresponde a la apropiación presupuestal definida por la Entidad para la ejecución del contrato, considerando las necesidades proyectadas para cada componente y su desarrollo bajo la modalidad de monto agotable o bolsa de recursos. En consecuencia, ambos valores obedecen a finalidades diferentes y no son directamente comparables.

Sheet 1. Bienestar Actividades
M3: Muestra 1 | N3: Muestra 2 | O3: Muestra 3 | Q3: METODOS DE TENDENCIA CENTRAL
B4: SERVICIOS REQUERIDOS | M4: ='1. Cafam'!D7 -> CAJA DE COMPENSACIÓN FAMILIAR CAFAM | N4: ='1. Compensar'!D7 -> CAJA DE COMPENSACIÓN FAMILIAR COMPENSAR | O4: ='1. Dreams'!D7 -> DREAMS EVENT PLANNING SERVES SAS | P4: Coeficiente de Variación | Q4: Promedio | R4: Mediana | S4: Media Geometrica | T4: Media Armonica | U4: Frecuencia acumulada de ofertas | Y4: Cobertura económica acumulada (%)
B5: Item | C5: Actividad | D5: Descripción | E5: Requerimientos Técnicos Y Logísticos Generales | F5: Requerimiento Especifico | G5: Intensidad Horaria Minima Por Sesion | H5: Cantidad Estimada De Sesiones | I5: Participantes | J5: Ubicación | K5: Unidad De Medida | L5: Canitdad De La Unidad De Medida | M5: Valor Unitario (Incluye Impuestos) | N5: Valor Unitario (Incluye Impuestos) | O5: Valor Unitario (Incluye Impuestos) | P5: % | Q5: Valor Unitario (Incluye Impuestos) | R5: Valor Unitario (Incluye Impuestos) | S5: Valor Unitario (Incluye Impuestos) | T5: Valor Unitario (Incluye Impuestos) | U5: Promedio | V5: Mediana | W5: Media Geometrica | X5: Media Armonica | Y5: Promedio | Z5: Mediana | AA5: Media Geometrica | AB5: Media Armonica
B6: 1 | C6: DÍA DE LA FAMILIA - BOGOTA | D6: Conmemoración del día de la familia se hará entrega de Bono para que los funcionarios junto al nucleo familiar disfruten de una pelicula de su elección en formato 2D o 3D adicionalmente 1 combo sencillo | E6: Los bonos tendrán vigencia de un (1) año contados a partir de la fecha de entrega. Esta actividad está dirigida a los servidores públicos del ICANH. | F6: El contratista deberá gestionar y proveer boletas para cine en formato 2D o 3D para cada uno de los funcionarios acompañado por un bono de alimentación individual qen las salas de cine que ofresca el operador (Bogotá) para los servidores públicos del Instituto Colombiano de Antropología e Historia (ICANH) con sede en la ciudad de Bogotá, extensivo a su núcleo familiar. Los bonos suministrados deberán garantizar el acceso a los funcionarios y sus familias a las salas de cine designadas en cualquier horario y para la pelicula que el funcionario y su familia escojan. Cada bono entregado debe incluir un refrigerio por participante, el cual deberá componerse obligatoriamente de los siguientes elementos: Plato principal: Una crispeta de 100 gramos Bebida: Una (1) unidad de gaseosa (o bebida equivalente de 532 ML). Los bonos podrán ser redimibles de lunes a domingo. | G6: N/A | H6: N/A | I6: 390 | J6: BOGOTÁ | K6: Bono | L6: 390 | M6: ='1. Cafam'!M19 -> 34394 | N6: =IF('1. Compensar'!M19=0,"",'1. Compensar'!M19) -> 33500 | O6: ='1. Dreams'!M19 -> 69000 | P6: =IFERROR(_xlfn.STDEV.P(M6:O6)/AVERAGE(M6:O6),"") -> 0.36221104 | Q6: =IFERROR(ROUND(AVERAGE(M6:O6),-2),"") -> 45600 | R6: =IFERROR(ROUND(MEDIAN(M6:O6),-2),"") -> 34400 | S6: =IFERROR(ROUND(GEOMEAN(M6:O6),-2),"") -> 43000 | T6: =IFERROR(ROUND(HARMEAN(M6:O6),-2),"") -> 40900 | U6: =COUNTIF($M6:$O6,"<="&Q6) -> 2 | V6: =COUNTIF($M6:$O6,"<="&R6) -> 2 | W6: =COUNTIF($M6:$O6,"<="&S6) -> 2 | X6: =COUNTIF($M6:$O6,"<="&T6) -> 2 | Y6: =COUNTIF($M6:$O6,"<="&Q6)/COUNTIF($M6:$O6,">0") -> 0.66666667 | Z6: =COUNTIF($M6:$O6,"<="&R6)/COUNTIF($M6:$O6,">0") -> 0.66666667 | AA6: =COUNTIF($M6:$O6,"<="&S6)/COUNTIF($M6:$O6,">0") -> 0.66666667 | AB6: =COUNTIF($M6:$O6,"<="&T6)/COUNTIF($M6:$O6,">0") -> 0.66666667
B7: 2 | C7: DÍA DE LA FAMILIA CENTROS REGIONALES | D7: Desarrollar actividad de integración denominada Día de la Familia, dirigida a los colaboradores de los centros regionales del Instituto Colombiano de Antropología e Historia, orientada al fortalecimiento de los vínculos familiares, el bienestar laboral, la integración y los espacios recreativos para los funcionarios y sus familias. Para los centros regionales Pacífico y Caribe, la actividad incluirá la entrega de bonos de cine como incentivo recreativo y de bienestar. | E7: Planeación, coordinación y ejecución de la actividad conforme a los lineamientos definidos por el ICANH. Garantizar cobertura y atención para los participantes de los centros regionales definidos. Suministro de bonos de cine para los funcionarios de los centros regionales Pacífico y Caribe. Coordinación logística para la entrega física o digital de los bonos. Los bonos deberán contar con información clara sobre condiciones de uso, vigencia, cobertura y restricciones aplicables. Garantizar atención y soporte frente a novedades relacionadas con redención o activación de los bonos. Coordinación previa con el supervisor designado por el ICANH para validación de cantidades, beneficiarios y cronograma de entrega. Registro o soporte de entrega de los bonos suministrados. Cumplimiento de los tiempos establecidos para ejecución de la actividad y entrega de incentivos. | F7: Los bonos de cine deberán ser válidos para salas de cine reconocidas y con cobertura en las regiones Pacífico y Caribe. Los bonos deberán permitir el acceso a funciones de cine en horarios y fechas disponibles conforme a la programación de los establecimientos. La vigencia de los bonos deberá ser suficiente para garantizar su adecuada utilización por parte de los beneficiarios. Posibilidad de manejo físico o digital de los bonos de cine. Los bonos podrán incluir ingreso individual o familiar, conforme a las condiciones definidas por el ICANH. Presentación previa de opciones de establecimientos, cobertura y condiciones de redención para aprobación del ICANH. Entrega de informe o soporte de ejecución de la actividad cuando sea requerido por el ICANH. Garantizar que los bonos sean nuevos, válidos y plenamente funcionales al momento de su entrega. | G7: N/A | H7: N/A | I7: 15 | J7: PACIFICO Y CARIBE | K7: Bono | L7: 15 | M7: ='1. Cafam'!M20 -> 250884 | N7: =IF('1. Compensar'!M20=0,"",'1. Compensar'!M20) -> 33500 | O7: ='1. Dreams'!M20 -> 135000 | P7: =IFERROR(_xlfn.STDEV.P(M7:O7)/AVERAGE(M7:O7),"") -> 0.63529879 | Q7: =IFERROR(ROUND(AVERAGE(M7:O7),-2),"") -> 139800 | R7: =IFERROR(ROUND(MEDIAN(M7:O7),-2),"") -> 135000 | S7: =IFERROR(ROUND(GEOMEAN(M7:O7),-2),"") -> 104300 | T7: =IFERROR(ROUND(HARMEAN(M7:O7),-2),"") -> 72700 | U7: =COUNTIF($M7:$O7,"<="&Q7) -> 2 | V7: =COUNTIF($M7:$O7,"<="&R7) -> 2 | W7: =COUNTIF($M7:$O7,"<="&S7) -> 1 | X7: =COUNTIF($M7:$O7,"<="&T7) -> 1 | Y7: =COUNTIF($M7:$O7,"<="&Q7)/COUNTIF($M7:$O7,">0") -> 0.66666667 | Z7: =COUNTIF($M7:$O7,"<="&R7)/COUNTIF($M7:$O7,">0") -> 0.66666667 | AA7: =COUNTIF($M7:$O7,"<="&S7)/COUNTIF($M7:$O7,">0") -> 0.33333333 | AB7: =COUNTIF($M7:$O7,"<="&T7)/COUNTIF($M7:$O7,">0") -> 0.33333333
B8: 3 | C8: DÍA DE LA FAMILIA - PARQUES HUILA Y TEYUNA | D8: Conmemoración del día de la familia se hará entrega de Bono para que los funcionarios junto al nucleo familiar disfruten de una pelicula de su elección en formato 2D o 3D adicionalmente 1 combo sencillo | E8: Los bonos tendrán vigencia de un (1) año contados a partir de la fecha de entrega. Esta actividad está dirigida a los servidores públicos del ICANH. | F8: El contratista deberá gestionar y proveer boletas para cine en formato 2D o 3D para cada uno de los funcionarios acompañado por un bono de alimentación individual qen las salas de cine que ofresca el operador (San Agustín, Idolos, Santa Marta) para los servidores públicos del Instituto Colombiano de Antropología e Historia (ICANH) con sede en la ciudad de Bogotá, extensivo a su núcleo familiar. Los bonos suministrados deberán garantizar el acceso a los funcionarios y sus familias a las salas de cine designadas en cualquier horario y para la pelicula que el funcionario y su familia escojan. Cada bono entregado debe incluir un refrigerio por participante, el cual deberá componerse obligatoriamente de los siguientes elementos: Plato principal: Una crispeta de 100 gramos Bebida: Una (1) unidad de gaseosa (o bebida equivalente de 532 ML). Los bonos podrán ser redimibles de lunes a domingo. | G8: N/A | H8: N/A | I8: 140 | J8: Huila | K8: Bono | L8: 140 | M8: ='1. Cafam'!M21 -> 250884 | N8: =IF('1. Compensar'!M21=0,"",'1. Compensar'!M21) -> 33500 | O8: ='1. Dreams'!M21 -> 135000 | P8: =IFERROR(_xlfn.STDEV.P(M8:O8)/AVERAGE(M8:O8),"") -> 0.63529879 | Q8: =IFERROR(ROUND(AVERAGE(M8:O8),-2),"") -> 139800 | R8: =IFERROR(ROUND(MEDIAN(M8:O8),-2),"") -> 135000 | S8: =IFERROR(ROUND(GEOMEAN(M8:O8),-2),"") -> 104300 | T8: =IFERROR(ROUND(HARMEAN(M8:O8),-2),"") -> 72700 | U8: =COUNTIF($M8:$O8,"<="&Q8) -> 2 | V8: =COUNTIF($M8:$O8,"<="&R8) -> 2 | W8: =COUNTIF($M8:$O8,"<="&S8) -> 1 | X8: =COUNTIF($M8:$O8,"<="&T8) -> 1 | Y8: =COUNTIF($M8:$O8,"<="&Q8)/COUNTIF($M8:$O8,">0") -> 0.66666667 | Z8: =COUNTIF($M8:$O8,"<="&R8)/COUNTIF($M8:$O8,">0") -> 0.66666667 | AA8: =COUNTIF($M8:$O8,"<="&S8)/COUNTIF($M8:$O8,">0") -> 0.33333333 | AB8: =COUNTIF($M8:$O8,"<="&T8)/COUNTIF($M8:$O8,">0") -> 0.33333333
B9: 4 | C9: DÍA DE LA FAMILIA - PARQUE TIERADENTRO | D9: Desarrollar la conmemoración del Día de la Familia para los funcionarios del ICANH mediante la entrega y ejecución de pasadías recreativos dirigidos a los funcionarios y su núcleo familiar, orientados a fortalecer los vínculos familiares, promover espacios de integración, bienestar y esparcimiento, así como incentivar la recreación y el aprovechamiento del tiempo libre en entornos rurales o campestres. La actividad deberá contemplar acceso a instalaciones recreativas, zonas verdes y piscina, así como servicio de alimentación para los asistentes, garantizando condiciones adecuadas de comodidad, seguridad y atención durante la jornada. | E9: Los pasadias tendrán vigencia de un (1) año contados a partir de la fecha de entrega. Esta actividad está dirigida a los servidores públicos del ICANH pertenecientes al parque de Tierradentro. | F9: El pasadía deberá incluir acceso a piscina y demás zonas recreativas disponibles en el lugar. El servicio de alimentación deberá contemplar mínimo almuerzo y refrigerio, conforme a lo definido por el ICANH. Los espacios seleccionados deberán contar con condiciones adecuadas para actividades familiares y recreativas. Disponibilidad de opciones recreativas o actividades complementarias para niños y adultos, cuando aplique. Los establecimientos deberán contar con servicios sanitarios, zonas de descanso y áreas comunes en adecuadas condiciones. Presentación previa de propuestas de lugares o parques recreativos para aprobación del ICANH. Garantizar cobertura y capacidad suficiente para atención de los grupos familiares participantes. Los pasadías deberán incluir información clara sobre horarios, servicios incluidos y condiciones de ingreso. Entrega de informe o soporte de ejecución de la actividad cuando sea requerido por el ICANH. Los pasadías podrán ser redimibles de lunes a domingo. | G9: N/A | H9: N/A | I9: 41 | J9: Cauca | K9: Pasadía | L9: 41 | M9: ='1. Cafam'!M22 -> 329733 | N9: =IF('1. Compensar'!M22=0,"",'1. Compensar'!M22) | O9: ='1. Dreams'!M22 -> 280000 | P9: =IFERROR(_xlfn.STDEV.P(M9:O9)/AVERAGE(M9:O9),"") -> 0.08156521 | Q9: =IFERROR(ROUND(AVERAGE(M9:O9),-2),"") -> 304900 | R9: =IFERROR(ROUND(MEDIAN(M9:O9),-2),"") -> 304900 | S9: =IFERROR(ROUND(GEOMEAN(M9:O9),-2),"") -> 303900 | T9: =IFERROR(ROUND(HARMEAN(M9:O9),-2),"") -> 302800 | U9: =COUNTIF($M9:$O9,"<="&Q9) -> 1 | V9: =COUNTIF($M9:$O9,"<="&R9) -> 1 | W9: =COUNTIF($M9:$O9,"<="&S9) -> 1 | X9: =COUNTIF($M9:$O9,"<="&T9) -> 1 | Y9: =COUNTIF($M9:$O9,"<="&Q9)/COUNTIF($M9:$O9,">0") -> 0.5 | Z9: =COUNTIF($M9:$O9,"<="&R9)/COUNTIF($M9:$O9,">0") -> 0.5 | AA9: =COUNTIF($M9:$O9,"<="&S9)/COUNTIF($M9:$O9,">0") -> 0.5 | AB9: =COUNTIF($M9:$O9,"<="&T9)/COUNTIF($M9:$O9,">0") -> 0.5
B10: 5 | C10: DÍA DE LA FAMILIA - PARQUE SANTA MARÍA | D10: Desarrollar una actividad por medio de la cual se logre la integración de los trabajadores oficiales del ICANH, que desarrollan actividades en el parque Santa María de la Antigua del Darién, junto a los miembros de sus familias. | E10: Se requiere desarrollar una actividad de asado para 7 trabajadores oficiales y su familias, en el cual se promueva la integración, la comunicación y el liderazgo. | F10: Lugar: La actividad se debe desarrollar en un lugar cercano al parque se Santa María de la Antigua del Darien, en el horario y día establecido por el ICANH. Parrillada por persona: Chata de res (130 g), pierna pernil, deshuesada (250g), chorizo (50 g), Morcilla (60g), plátano al horno, papa salada, chimichurri y guacamole, acompañado de jugo o gaseosa de 300ml Tener en cuenta todos los elementos desechables para servir y demás utensilios necesarios para el evento. Adicionalmente se debe garantizar que haya sonido, en la medida de lo posible una persona encargada de la música. | G10: 4 H | H10: 1 | I10: 20 | J10: Vereda de Santuario, corregimiento de Tanela | K10: Actividad | L10: 1 | M10: ='1. Cafam'!M23 -> 5161020 | N10: =IF('1. Compensar'!M23=0,"",'1. Compensar'!M23) | O10: ='1. Dreams'!M23 -> 5400000 | P10: =IFERROR(_xlfn.STDEV.P(M10:O10)/AVERAGE(M10:O10),"") -> 0.022628496 | Q10: =IFERROR(ROUND(AVERAGE(M10:O10),-2),"") -> 5280500 | R10: =IFERROR(ROUND(MEDIAN(M10:O10),-2),"") -> 5280500 | S10: =IFERROR(ROUND(GEOMEAN(M10:O10),-2),"") -> 5279200 | T10: =IFERROR(ROUND(HARMEAN(M10:O10),-2),"") -> 5277800 | U10: =COUNTIF($M10:$O10,"<="&Q10) -> 1 | V10: =COUNTIF($M10:$O10,"<="&R10) -> 1 | W10: =COUNTIF($M10:$O10,"<="&S10) -> 1 | X10: =COUNTIF($M10:$O10,"<="&T10) -> 1 | Y10: =COUNTIF($M10:$O10,"<="&Q10)/COUNTIF($M10:$O10,">0") -> 0.5 | Z10: =COUNTIF($M10:$O10,"<="&R10)/COUNTIF($M10:$O10,">0") -> 0.5 | AA10: =COUNTIF($M10:$O10,"<="&S10)/COUNTIF($M10:$O10,">0") -> 0.5 | AB10: =COUNTIF($M10:$O10,"<="&T10)/COUNTIF($M10:$O10,">0") -> 0.5
B11: 6 | C11: RECONOCIMIENTO CUMPLEAÑOS - BOGOTA | D11: Reconocimiento a servidores de planta | E11: Entrega de bono de alimentación en dos tipos de restaurante reconcido | F11: Se requierere reconcocer por cumpleaños a los servidores de planta del ICANH, a través de un bono de alimentación Alimentación: Incluye: plato fuerte y bebida. Los bonos podrán ser redimibles de lunes a domingo. | G11: N/A | H11: N/A | I11: 150 | J11: La actividad de cine en familia se debe desarrollar en cinemas de cubrimiento a nivel Nacional. | K11: Bono | L11: 161 | M11: ='1. Cafam'!M24 -> 120193 | N11: =IF('1. Compensar'!M24=0,"",'1. Compensar'!M24) -> 53500 | O11: ='1. Dreams'!M24 -> 120000 | P11: =IFERROR(_xlfn.STDEV.P(M11:O11)/AVERAGE(M11:O11),"") -> 0.3206817 | Q11: =IFERROR(ROUND(AVERAGE(M11:O11),-2),"") -> 97900 | R11: =IFERROR(ROUND(MEDIAN(M11:O11),-2),"") -> 120000 | S11: =IFERROR(ROUND(GEOMEAN(M11:O11),-2),"") -> 91700 | T11: =IFERROR(ROUND(HARMEAN(M11:O11),-2),"") -> 84900 | U11: =COUNTIF($M11:$O11,"<="&Q11) -> 1 | V11: =COUNTIF($M11:$O11,"<="&R11) -> 2 | W11: =COUNTIF($M11:$O11,"<="&S11) -> 1 | X11: =COUNTIF($M11:$O11,"<="&T11) -> 1 | Y11: =COUNTIF($M11:$O11,"<="&Q11)/COUNTIF($M11:$O11,">0") -> 0.33333333 | Z11: =COUNTIF($M11:$O11,"<="&R11)/COUNTIF($M11:$O11,">0") -> 0.66666667 | AA11: =COUNTIF($M11:$O11,"<="&S11)/COUNTIF($M11:$O11,">0") -> 0.33333333 | AB11: =COUNTIF($M11:$O11,"<="&T11)/COUNTIF($M11:$O11,">0") -> 0.33333333
B12: 7 | C12: RECONOCIMIENTO CUMPLEAÑOS - PARQUES TIERRADENTRO, SAN AGUSTÍN, IDOLOS, TEYUNA | D12: Reconocimiento por cumpleaños | E12: Los pasadias tendrán vigencia de un (1) año contados a partir de la fecha de entrega. Esta actividad está dirigida a los servidores públicos del ICANH pertenecientes a los parques: Tierradentro, San Agustín, Idolos y Teyuna. | F12: Pasadía en un entorno rural o campestre. El servicio contratado debe garantizar el uso exclusivo o preferencial de áreas recreativas, específicamente zona de piscinas y espacios de esparcimiento, además de un esquema integral de alimentación que incluya estaciones de café, refrigerios y almuerzo, no incluye transporte, por ello es importante que esté en un lugar accequible y que facilite la llegada de los funcionarios y sus famialiares. Los pasadías podrán ser redimibles de lunes a domingo. | G12: N/A | H12: N/A | I12: 50 | J12: HUILA, CAUCA, SANTA MARTA | K12: Pasadía | L12: 50 | M12: ='1. Cafam'!M25 -> 379910 | N12: =IF('1. Compensar'!M25=0,"",'1. Compensar'!M25) | O12: ='1. Dreams'!M25 -> 280000 | P12: =IFERROR(_xlfn.STDEV.P(M12:O12)/AVERAGE(M12:O12),"") -> 0.15139943 | Q12: =IFERROR(ROUND(AVERAGE(M12:O12),-2),"") -> 330000 | R12: =IFERROR(ROUND(MEDIAN(M12:O12),-2),"") -> 330000 | S12: =IFERROR(ROUND(GEOMEAN(M12:O12),-2),"") -> 326200 | T12: =IFERROR(ROUND(HARMEAN(M12:O12),-2),"") -> 322400 | U12: =COUNTIF($M12:$O12,"<="&Q12) -> 1 | V12: =COUNTIF($M12:$O12,"<="&R12) -> 1 | W12: =COUNTIF($M12:$O12,"<="&S12) -> 1 | X12: =COUNTIF($M12:$O12,"<="&T12) -> 1 | Y12: =COUNTIF($M12:$O12,"<="&Q12)/COUNTIF($M12:$O12,">0") -> 0.5 | Z12: =COUNTIF($M12:$O12,"<="&R12)/COUNTIF($M12:$O12,">0") -> 0.5 | AA12: =COUNTIF($M12:$O12,"<="&S12)/COUNTIF($M12:$O12,">0") -> 0.5 | AB12: =COUNTIF($M12:$O12,"<="&T12)/COUNTIF($M12:$O12,">0") -> 0.5
B13: 8 | C13: RECONOCIMIENTO CUMPLEAÑOS - PARQUE SANTA MARIA DEL DARIEN | D13: Reconocimiento por cumpleaños | E13: Entrega de bono para almuerzo en un restaurante local cerca del parque Santa Maria del Darien | F13: Se requierere concocer por cumpleaños a los servidores de planta del ICANH, a través de un bono de alimentación Lugar: sugerencia Creppes y Wafles y el corral Alimentación: Incluye: plato fuerte y bebida. Los bonos podrán ser redimibles de lunes a domingo y tener vigencia mínima de 1 año. | G13: N/A | H13: N/A | I13: 6 | J13: SANTA MARIA DEL DARIEN | K13: Bono | L13: 6 | M13: ='1. Cafam'!M26 -> 215044 | N13: =IF('1. Compensar'!M26=0,"",'1. Compensar'!M26) | O13: ='1. Dreams'!M26 -> 120000 | P13: =IFERROR(_xlfn.STDEV.P(M13:O13)/AVERAGE(M13:O13),"") -> 0.28367617 | Q13: =IFERROR(ROUND(AVERAGE(M13:O13),-2),"") -> 167500 | R13: =IFERROR(ROUND(MEDIAN(M13:O13),-2),"") -> 167500 | S13: =IFERROR(ROUND(GEOMEAN(M13:O13),-2),"") -> 160600 | T13: =IFERROR(ROUND(HARMEAN(M13:O13),-2),"") -> 154000 | U13: =COUNTIF($M13:$O13,"<="&Q13) -> 1 | V13: =COUNTIF($M13:$O13,"<="&R13) -> 1 | W13: =COUNTIF($M13:$O13,"<="&S13) -> 1 | X13: =COUNTIF($M13:$O13,"<="&T13) -> 1 | Y13: =COUNTIF($M13:$O13,"<="&Q13)/COUNTIF($M13:$O13,">0") -> 0.5 | Z13: =COUNTIF($M13:$O13,"<="&R13)/COUNTIF($M13:$O13,">0") -> 0.5 | AA13: =COUNTIF($M13:$O13,"<="&S13)/COUNTIF($M13:$O13,">0") -> 0.5 | AB13: =COUNTIF($M13:$O13,"<="&T13)/COUNTIF($M13:$O13,">0") -> 0.5
B14: 9 | C14: RECONOCIMIENTO CUMPLEAÑOS - CENTROS REGIONALES | D14: Desarrollar actividad de reconocimiento de cumpleaños para los funcionarios de los centros regionales del ICANH, orientada a fortalecer el bienestar laboral, la motivación, la integración y el sentido de pertenencia institucional, mediante la entrega de bonos de alimentación como incentivo y reconocimiento en fechas especiales para los colaboradores homenajeados. | E14: Planeación y coordinación de la actividad conforme a las fechas y lineamientos establecidos por el ICANH. Suministro de bonos de alimentación para los funcionarios definidos por el ICANH. Garantizar que los bonos sean redimibles en establecimientos autorizados y en condiciones adecuadas de calidad y servicio. Coordinación logística para la entrega física o digital de los bonos. Los bonos deberán contener información clara sobre condiciones de uso, vigencia y cobertura. Garantizar atención y soporte frente a novedades relacionadas con redención o activación de los bonos. Coordinación previa con el supervisor designado por el ICANH para validación de cantidades y beneficiarios. Registro o soporte de entrega de los bonos suministrados. Cumplimiento de los tiempos establecidos para la entrega de los incentivos. | F14: Los bonos de alimentación deberán ser individuales y corresponder al número de funcionarios definidos por el ICANH. Los establecimientos autorizados para redención deberán ofrecer condiciones adecuadas de calidad, atención e higiene. Los bonos deberán contar con una vigencia de 1 año para su utilización por parte de los beneficiarios. Posibilidad de manejo físico o digital de los bonos de alimentación. Presentación previa de opciones de establecimientos o cobertura para aprobación del ICANH. Garantizar cobertura en las ciudades o municipios donde se encuentren ubicados los centros regionales. Entrega de informe o soporte de ejecución de la actividad cuando sea requerido por el ICANH. Garantizar que los bonos permitan acceso a opciones variadas de alimentación. | G14: N/A | H14: N/A | I14: 5 | J14: PACIFICO Y CARIBE | K14: Bono | L14: 5 | M14: ='1. Cafam'!M27 -> 215044 | N14: =IF('1. Compensar'!M27=0,"",'1. Compensar'!M27) | O14: ='1. Dreams'!M27 -> 120000 | P14: =IFERROR(_xlfn.STDEV.P(M14:O14)/AVERAGE(M14:O14),"") -> 0.28367617 | Q14: =IFERROR(ROUND(AVERAGE(M14:O14),-2),"") -> 167500 | R14: =IFERROR(ROUND(MEDIAN(M14:O14),-2),"") -> 167500 | S14: =IFERROR(ROUND(GEOMEAN(M14:O14),-2),"") -> 160600 | T14: =IFERROR(ROUND(HARMEAN(M14:O14),-2),"") -> 154000 | U14: =COUNTIF($M14:$O14,"<="&Q14) -> 1 | V14: =COUNTIF($M14:$O14,"<="&R14) -> 1 | W14: =COUNTIF($M14:$O14,"<="&S14) -> 1 | X14: =COUNTIF($M14:$O14,"<="&T14) -> 1 | Y14: =COUNTIF($M14:$O14,"<="&Q14)/COUNTIF($M14:$O14,">0") -> 0.5 | Z14: =COUNTIF($M14:$O14,"<="&R14)/COUNTIF($M14:$O14,">0") -> 0.5 | AA14: =COUNTIF($M14:$O14,"<="&S14)/COUNTIF($M14:$O14,">0") -> 0.5 | AB14: =COUNTIF($M14:$O14,"<="&T14)/COUNTIF($M14:$O14,">0") -> 0.5
B15: 10 | C15: TRABAJO EN EQUIPO E INTEGRACIÓN MEDIANTE TORNEO DE BOLOS. | D15: Actividad de bienestar tipo integración que estimule el trabajo en equipo mediante un torneo de bolos y tiene como objetivo principal fomentar la colaboración, formulación de estrategias y la comunicación efectiva entre los participantes. | E15: Dos (2) jornadas para la primer ronda y una jornada para la final. Para la primera ronda, se distribuira el grupo total de participantes en dos jornadas acordadas entre el proveedor y el suoervisor del ICANH. | F15: Se realizará un torneo de bolos para 170 funcionarios conformado equipos de cuatro (4) personas, quienes tendrán dos líneas por cada jugador. Se jugará una primera ronda en las fechas y horarios establecidos previamente entre el proveedor y el ICANH. Se llevará a cabo la final con los mejores cinco (5) equipos de la primera ronda en las fechas y horarios establecidos previamente entre el proveedor y ICANH Se premian a los 3 mejores equipos, mejor línea masculina y mejor línea femenina. Los grupos serán conformados de manera aleatoria por parte del contratista. La actividad deberá contar con por lo menos siete (7) recreadores que acompañen el torneo y el personal que lleve a cabo las actividades Alquiler de pistas, alquiler de zapatos, anotadores, veeduría, apoyo medico, anotadores, congreso técnico, boletines informativos, organización y coordinación, premiación en trofeos y medallas para los tres primeros puestos. Se debe contar con actividad de clausura y reconocimientos del torneo. Lugar: La actividad se debe desarrollar en la bolera que el operador disponga y que cumpla con las disposiciones técnicas en la ciudad de Bogotá, en los horarios y día establecido con la Entidad. Refrigerio: Una Hamburguesa con queso de 160grs de carne de res Papa a la francesa y Gaseosa o Jugo natural en agua. Opción para jornada final: Un perro junior papa francesa Gaseosa o Jugo natural en agua. Vegetariano: Canelloni de Ricotta y Espinaca-Gaseosa Vegetariano para jornada final: Linguini Primavera + Gaseosa Nota 1: El supervisor del contrato informará con 2 días de anticipación el número de asistentes a la actividad a efecto de que el contratista en este ítem solamente efectúe el cobro a partir del número de participantes informado. Duración: Cuatro (4) horas cada jornada Transporte: traslado ICANH - Bolera Premiación: El proveedor debera suministrar cinco (5) opciones de premiación para los tres primeros puestos, de los cuales el supervisor escogera tres (3). Así mismo, el proveedor sumistrará cinco (5) opciones de premiación para la mejor linea femenina y mejor línea masculina, de los cualesel supervisor escogera tres (3). Tener en cuenta que se debe distribuir presupuesto para 4 jornadas: dos jornadas iniciales, ronda final y premiación. | G15: N/A | H15: 3 | I15: 145 | J15: BOGOTÁ | K15: Torneo | L15: 1 | M15: ='1. Cafam'!M28 -> 48112524 | N15: =IF('1. Compensar'!M28=0,"",'1. Compensar'!M28) -> 48823823 | O15: ='1. Dreams'!M28 -> 19000000 | P15: =IFERROR(_xlfn.STDEV.P(M15:O15)/AVERAGE(M15:O15),"") -> 0.3595369 | Q15: =IFERROR(ROUND(AVERAGE(M15:O15),-2),"") -> 38645400 | R15: =IFERROR(ROUND(MEDIAN(M15:O15),-2),"") -> 48112500 | S15: =IFERROR(ROUND(GEOMEAN(M15:O15),-2),"") -> 35471600 | T15: =IFERROR(ROUND(HARMEAN(M15:O15),-2),"") -> 31949600 | U15: =COUNTIF($M15:$O15,"<="&Q15) -> 1 | V15: =COUNTIF($M15:$O15,"<="&R15) -> 1 | W15: =COUNTIF($M15:$O15,"<="&S15) -> 1 | X15: =COUNTIF($M15:$O15,"<="&T15) -> 1 | Y15: =COUNTIF($M15:$O15,"<="&Q15)/COUNTIF($M15:$O15,">0") -> 0.33333333 | Z15: =COUNTIF($M15:$O15,"<="&R15)/COUNTIF($M15:$O15,">0") -> 0.33333333 | AA15: =COUNTIF($M15:$O15,"<="&S15)/COUNTIF($M15:$O15,">0") -> 0.33333333 | AB15: =COUNTIF($M15:$O15,"<="&T15)/COUNTIF($M15:$O15,">0") -> 0.33333333
B16: 11 | C16: CONSTRUCCIÓN DE HÁBITOS SALUDABLES MEDIANTE SESIONES DE YOGA | D16: Ofrecer clases de yoga, con el fin de promover el bienestar físico y mental, reducir el estrés y mejorar la salud integral de los beneficiarios. | E16: Dos sesiones de yoga para 30 personas, cada sesión. | F16: Llvar a cabo dos sesiones de yoga para 30 personas en instalaciones de del ICANH (Auditorio Paul Rivet). El proveedor deberá suministrar en calidad de prestamo las Mats a cada uno de los participantes. Cada sesión deberá ser de 60 minutos adpatadas para todo tipo de niveles (principiante, intermedio y avanzado). Asi mismo, se deberá contar con sistema de sonido y acompañamiento de instructor (a), quien deberá contar con título de instructor de yoga y certificar mínimo 3 años comprobables impartiendo clases a grupos. Se deberá cumplir con todas las normas de higuiene y de seguridad para cada uno de los participantes. Antes de cda inicio de jornada, el instructor deberá realizar una breve entrevista inicial a los alumnos sobre lesiones o condiciones médicas. | G16: 2H | H16: 2 | I16: 30 | J16: BOGOTÁ | K16: Actividad | L16: 2 | M16: ='1. Cafam'!M29 -> 4587574 | N16: =IF('1. Compensar'!M29=0,"",'1. Compensar'!M29) -> 372000 | O16: ='1. Dreams'!M29 -> 9050000 | P16: =IFERROR(_xlfn.STDEV.P(M16:O16)/AVERAGE(M16:O16),"") -> 0.75875035 | Q16: =IFERROR(ROUND(AVERAGE(M16:O16),-2),"") -> 4669900 | R16: =IFERROR(ROUND(MEDIAN(M16:O16),-2),"") -> 4587600 | S16: =IFERROR(ROUND(GEOMEAN(M16:O16),-2),"") -> 2490300 | T16: =IFERROR(ROUND(HARMEAN(M16:O16),-2),"") -> 994500 | U16: =COUNTIF($M16:$O16,"<="&Q16) -> 2 | V16: =COUNTIF($M16:$O16,"<="&R16) -> 2 | W16: =COUNTIF($M16:$O16,"<="&S16) -> 1 | X16: =COUNTIF($M16:$O16,"<="&T16) -> 1 | Y16: =COUNTIF($M16:$O16,"<="&Q16)/COUNTIF($M16:$O16,">0") -> 0.66666667 | Z16: =COUNTIF($M16:$O16,"<="&R16)/COUNTIF($M16:$O16,">0") -> 0.66666667 | AA16: =COUNTIF($M16:$O16,"<="&S16)/COUNTIF($M16:$O16,">0") -> 0.33333333 | AB16: =COUNTIF($M16:$O16,"<="&T16)/COUNTIF($M16:$O16,">0") -> 0.33333333
B17: 12 | C17: CAPACITACIÓN EN NUTRICION | D17: Desarrollar una jornada de capacitación en nutrición orientada a promover hábitos de alimentación saludable, bienestar integral y prevención de riesgos asociados a una alimentación inadecuada, dirigida a los colaboradores del Instituto Colombiano de Antropología e Historia. La actividad deberá incluir componentes pedagógicos y participativos que faciliten la apropiación de conocimientos y buenas prácticas alimentarias aplicables en el entorno laboral y personal. | E17: Profesional idóneo en nutrición y dietética con experiencia certificada en capacitaciones empresariales o institucionales. Planeación y desarrollo de la jornada conforme a los lineamientos de bienestar institucional. Disponibilidad de ayudas audiovisuales para el desarrollo de la capacitación (video beam, computador, sonido y micrófono, en caso de requerirse). Entrega de material de apoyo físico o digital para los participantes. Metodología participativa y dinámica que incentive la interacción de los asistentes. Coordinación logística previa con el supervisor designado por el ICANH. Garantizar el cumplimiento de normas de seguridad y salud en el trabajo durante la ejecución de la actividad. Registro de asistencia y evidencia fotográfica de la jornada. 3 SESIONES PRESENCIALES 40 PERSONAS | F17: Desarrollo de contenidos relacionados con alimentación balanceada, hábitos saludables, hidratación, lectura de etiquetado nutricional y prevención de enfermedades asociadas con una inadecuada alimentación. Realización de actividades prácticas o dinámicas pedagógicas que faciliten el aprendizaje y la participación de los asistentes. Espacio destinado para preguntas e interacción con los participantes. Duración mínima sugerida de dos (2) horas. Presentación de agenda o plan de trabajo previo a la ejecución de la actividad. Entrega de recomendaciones nutricionales aplicables al entorno laboral. La actividad deberá incluir un refrigerio saludable para los asistentes, garantizando adecuadas condiciones de higiene, manipulación y conservación de los alimentos. Espacio de asesoria personalizada. | G17: 2 H | H17: 3 | I17: 40 | J17: BOGOTA | K17: Actividad | L17: 2 | M17: ='1. Cafam'!M30 -> 18923742 | N17: =IF('1. Compensar'!M30=0,"",'1. Compensar'!M30) -> 2176200 | O17: ='1. Dreams'!M30 -> 4500000 | P17: =IFERROR(_xlfn.STDEV.P(M17:O17)/AVERAGE(M17:O17),"") -> 0.86814311 | Q17: =IFERROR(ROUND(AVERAGE(M17:O17),-2),"") -> 8533300 | R17: =IFERROR(ROUND(MEDIAN(M17:O17),-2),"") -> 4500000 | S17: =IFERROR(ROUND(GEOMEAN(M17:O17),-2),"") -> 5701300 | T17: =IFERROR(ROUND(HARMEAN(M17:O17),-2),"") -> 4084000 | U17: =COUNTIF($M17:$O17,"<="&Q17) -> 2 | V17: =COUNTIF($M17:$O17,"<="&R17) -> 2 | W17: =COUNTIF($M17:$O17,"<="&S17) -> 2 | X17: =COUNTIF($M17:$O17,"<="&T17) -> 1 | Y17: =COUNTIF($M17:$O17,"<="&Q17)/COUNTIF($M17:$O17,">0") -> 0.66666667 | Z17: =COUNTIF($M17:$O17,"<="&R17)/COUNTIF($M17:$O17,">0") -> 0.66666667 | AA17: =COUNTIF($M17:$O17,"<="&S17)/COUNTIF($M17:$O17,">0") -> 0.66666667 | AB17: =COUNTIF($M17:$O17,"<="&T17)/COUNTIF($M17:$O17,">0") -> 0.33333333
B18: 13 | C18: SESIONES DEPORTIVAS (AEROBICOS, ZUMBA) | D18: Prestación de servicios para el desarrollo de sesiones deportivas de aeróbicos y zumba dirigidas a los colaboradores del ICANH, orientadas a fomentar hábitos de vida saludable, actividad física, integración, bienestar físico y mental, así como el fortalecimiento del clima laboral mediante espacios recreativos y participativos. | E18: Contar con instructores certificados o con experiencia comprobada en actividades físicas dirigidas, aeróbicos y zumba. Planeación, coordinación y ejecución integral de las sesiones deportivas conforme a la programación definida por el ICANH. Disponibilidad de equipos de sonido, micrófonos y recursos técnicos necesarios para el adecuado desarrollo de las actividades. Garantizar espacios adecuados, seguros, ventilados y con capacidad suficiente para la participación de los asistentes. Cumplimiento de las normas de seguridad y salud en el trabajo durante el desarrollo de las jornadas. Coordinación logística previa con el supervisor designado por el ICANH. Registro de asistencia y evidencias fotográficas o audiovisuales de las actividades realizadas. Puntualidad en el inicio y finalización de cada sesión programada. Disponibilidad de hidratación para los participantes durante el desarrollo de las actividades. Contar con apoyo logístico para organización y acompañamiento de los asistentes. En caso de modalidad virtual, garantizar plataforma tecnológica estable y acompañamiento técnico durante las sesiones. | F18: Desarrollo de rutinas dinámicas, recreativas y participativas adaptadas a diferentes niveles de condición física. Inclusión de ejercicios de calentamiento, actividad principal y estiramiento o recuperación al finalizar cada sesión. Duración mínima sugerida de una (1) hora por sesión. Uso de música adecuada y motivacional para el desarrollo de las actividades deportivas. Posibilidad de realizar sesiones periódicas conforme a la programación establecida por el ICANH. Garantizar que las actividades sean inclusivas y promuevan la participación de los funcionarios. Presentación previa de cronograma o metodología de trabajo para aprobación del ICANH, cuando sea requerido. En caso de requerirse, incluir elementos básicos de apoyo para actividad física como colchonetas, bandas elásticas u otros accesorios deportivos. Promoción de hábitos saludables y estrategias de bienestar físico y mental durante las jornadas. | G18: 1H | H18: 1 AL MES (julio a diciembre) | I18: 30 | J18: BOGOTÁ Y PARQUES | K18: Actividad | L18: 5 | M18: ='1. Cafam'!M31 -> 1218574 | N18: =IF('1. Compensar'!M31=0,"",'1. Compensar'!M31) -> 489100 | O18: ='1. Dreams'!M31 -> 3800000 | P18: =IFERROR(_xlfn.STDEV.P(M18:O18)/AVERAGE(M18:O18),"") -> 0.77368682 | Q18: =IFERROR(ROUND(AVERAGE(M18:O18),-2),"") -> 1835900 | R18: =IFERROR(ROUND(MEDIAN(M18:O18),-2),"") -> 1218600 | S18: =IFERROR(ROUND(GEOMEAN(M18:O18),-2),"") -> 1313200 | T18: =IFERROR(ROUND(HARMEAN(M18:O18),-2),"") -> 959000 | U18: =COUNTIF($M18:$O18,"<="&Q18) -> 2 | V18: =COUNTIF($M18:$O18,"<="&R18) -> 2 | W18: =COUNTIF($M18:$O18,"<="&S18) -> 2 | X18: =COUNTIF($M18:$O18,"<="&T18) -> 1 | Y18: =COUNTIF($M18:$O18,"<="&Q18)/COUNTIF($M18:$O18,">0") -> 0.66666667 | Z18: =COUNTIF($M18:$O18,"<="&R18)/COUNTIF($M18:$O18,">0") -> 0.66666667 | AA18: =COUNTIF($M18:$O18,"<="&S18)/COUNTIF($M18:$O18,">0") -> 0.66666667 | AB18: =COUNTIF($M18:$O18,"<="&T18)/COUNTIF($M18:$O18,">0") -> 0.33333333
B19: 14 | C19: CELEBRACION DE AMOR Y AMISTAD "ICANH EN CONEXIÓN" | D19: Actividad institucional orientada a fortalecer la integración, el bienestar y los espacios de convivencia entre los servidores del ICANH, mediante el desarrollo de una jornada temática de Amor y Amistad que combine actividades recreativas, culturales y de bienestar. La celebración estará enfocada en generar espacios de participación e interacción entre los funcionarios a través de actividades como bingo de la amistad, muro de mensajes positivos, trivia institucional y espacios de integración acompañados de ambientación temática, música y refrigerio. La jornada busca promover el compañerismo, el reconocimiento entre equipos de trabajo y el fortalecimiento de las relaciones interpersonales dentro de la entidad. | E19: Planeación, organización y ejecución integral de la actividad. Presentación previa de agenda, metodología y cronograma de trabajo. Disponibilidad de personal logístico para acompañamiento y desarrollo de la jornada. Adecuación y ambientación del espacio con temática de Amor y Amistad. Disponibilidad de sonido básico y música ambiental. Suministro de materiales e insumos requeridos para el desarrollo de las actividades. Garantizar espacios adecuados para la participación e integración de los asistentes. Implementación de actividades lúdicas y participativas acordes con el entorno institucional. Cumplimiento de condiciones de organización, seguridad e higiene durante la ejecución de la actividad. Coordinación previa con la entidad para la definición de horarios, espacios y necesidades logísticas. | F19: Desarrollo de actividades de integración como bingo de la amistad, trivia institucional y dinámicas grupales. Instalación de un espacio denominado “Mensajes que inspiran”, donde los asistentes puedan compartir mensajes positivos y de reconocimiento entre compañeros. Inclusión de ambientación temática y decoración acorde con la celebración de Amor y Amistad. Desarrollo de espacios de interacción y participación voluntaria de los funcionarios. Disponibilidad de facilitador o animador para el desarrollo de las actividades. Entrega de premios simbólicos para las dinámicas propuestas. La actividad deberá incluir refrigerio para los asistentes, garantizando adecuadas condiciones de higiene, manipulación y conservación de alimentos. Duración sugerida de la actividad: mínimo dos (5) horas. Entrega previa de agenda y plan de trabajo para aprobación por parte de la entidad. | G19: 5H | H19: 1 | I19: 120 participantes | J19: BOGOTÁ | K19: Actividad | L19: 120 | M19: ='1. Cafam'!M32 -> 250884 | N19: =IF('1. Compensar'!M32=0,"",'1. Compensar'!M32) -> 250000 | O19: ='1. Dreams'!M32 -> 450000 | P19: =IFERROR(_xlfn.STDEV.P(M19:O19)/AVERAGE(M19:O19),"") -> 0.2967972 | Q19: =IFERROR(ROUND(AVERAGE(M19:O19),-2),"") -> 317000 | R19: =IFERROR(ROUND(MEDIAN(M19:O19),-2),"") -> 250900 | S19: =IFERROR(ROUND(GEOMEAN(M19:O19),-2),"") -> 304500 | T19: =IFERROR(ROUND(HARMEAN(M19:O19),-2),"") -> 293900 | U19: =COUNTIF($M19:$O19,"<="&Q19) -> 2 | V19: =COUNTIF($M19:$O19,"<="&R19) -> 2 | W19: =COUNTIF($M19:$O19,"<="&S19) -> 2 | X19: =COUNTIF($M19:$O19,"<="&T19) -> 2 | Y19: =COUNTIF($M19:$O19,"<="&Q19)/COUNTIF($M19:$O19,">0") -> 0.66666667 | Z19: =COUNTIF($M19:$O19,"<="&R19)/COUNTIF($M19:$O19,">0") -> 0.66666667 | AA19: =COUNTIF($M19:$O19,"<="&S19)/COUNTIF($M19:$O19,">0") -> 0.66666667 | AB19: =COUNTIF($M19:$O19,"<="&T19)/COUNTIF($M19:$O19,">0") -> 0.66666667
B20: 15 | C20: CIERRE DE GESTIÓN. | D20: Cierre de año de gestión: Actividad a las afueras de la ciudad en espacio recreativo con característica de uso exclusivo en esa jornada en donde se concentren diferentes tipos de actividades para que realicen, asegurando alimentación (almuerzo). | E20: Alimentación: Almuerzo completo tipo ejecutivo o buffet, con opción vegetariana. servido en sitio o entregado al ingreso. Punto de hidratación continuo (botellones con vasos o estaciones con botellas individuales). | F20: Recurso técnico: Espacio recreativo en arriendo exclusivo, con zonas verdes, salones multiuso y espacios cubiertos en caso de lluvia. Póliza de seguros y/o asistencia médica temporal durante el desarrollo de la jornada. Baños suficientes, señalizados y con mantenimiento durante la jornada. Coordinación de transporte de materiales y montaje con anticipación al día del evento. Listado de asistencia y mecanismos de control de ingreso (registro digital o manual). Materiales para el taller: Sonido profesional: consola, parlantes, micrófonos inalámbricos (mínimo 2). Tarima o espacio acondicionado para intervenciones: para presentaciones o actividades culturales. Equipamiento recreativo: kits deportivos (balones, conos, cuerdas, inflables si aplica), mesas de ping pong, tableros, entre otros según actividades. Sillas, mesas y carpas: especialmente para zona de alimentación, descanso y actividades estáticas. Señalética y puntos informativos móviles: que permitan orientar a los funcionarios sobre horarios, estaciones o rutas internas. Registro fotográfico y/o audiovisual (opcional): equipo básico de cámara y operador. Botiquín completo y señal de emergencias visibles. Recurso humano: Coordinador/a general de la actividad: encargado/a de la ejecución integral y cronograma. Equipo logístico de apoyo (mínimo 4 personas): para montaje, señalización, orientación en sitio y control de tiempos. Maestro/a de ceremonias o animador/a: para dinamizar las actividades, realizar sorteos o intervenciones. Facilitadores/as o recreadores/as: para liderar actividades lúdicas, deportivas o integradoras por estaciones. Profesionales de primeros auxilios o enfermero/a de turno (si no está incluido en el lugar contratado). Personal de apoyo para entrega de alimentación e hidratación (puede ser del operador del lugar). Transporte: Se requiere que el contratista disponga del transporte ida y vuelta para los asistentes del evento. | G20: 8H | H20: 1 | I20: 150 participantes | J20: BOGOTÁ | K20: Actividad | L20: 1 | M20: ='1. Cafam'!M33 -> 59136693 | N20: =IF('1. Compensar'!M33=0,"",'1. Compensar'!M33) -> 32450000 | O20: ='1. Dreams'!M33 -> 68000000 | P20: =IFERROR(_xlfn.STDEV.P(M20:O20)/AVERAGE(M20:O20),"") -> 0.28402767 | Q20: =IFERROR(ROUND(AVERAGE(M20:O20),-2),"") -> 53195600 | R20: =IFERROR(ROUND(MEDIAN(M20:O20),-2),"") -> 59136700 | S20: =IFERROR(ROUND(GEOMEAN(M20:O20),-2),"") -> 50721700 | T20: =IFERROR(ROUND(HARMEAN(M20:O20),-2),"") -> 48051900 | U20: =COUNTIF($M20:$O20,"<="&Q20) -> 1 | V20: =COUNTIF($M20:$O20,"<="&R20) -> 2 | W20: =COUNTIF($M20:$O20,"<="&S20) -> 1 | X20: =COUNTIF($M20:$O20,"<="&T20) -> 1 | Y20: =COUNTIF($M20:$O20,"<="&Q20)/COUNTIF($M20:$O20,">0") -> 0.33333333 | Z20: =COUNTIF($M20:$O20,"<="&R20)/COUNTIF($M20:$O20,">0") -> 0.66666667 | AA20: =COUNTIF($M20:$O20,"<="&S20)/COUNTIF($M20:$O20,">0") -> 0.33333333 | AB20: =COUNTIF($M20:$O20,"<="&T20)/COUNTIF($M20:$O20,">0") -> 0.33333333
B21: 16 | C21: CIERRE DE GESTIÓN PARQUES Y CENTROS REGIONALES | D21: Cierre de año de gestión: Actividad diseñada según las condiciones de cada parque en un espacio recreativo con característica de uso exclusivo en esa jornada en donde se concentren diferentes tipos de actividades para que realicen, asegurando alimentación (almuerzo y un refrigerio). | E21: Alimentación: Almuerzo completo tipo ejecutivo o buffet, con opción vegetariana. Refrigerio tipo mañana o tarde, servido en sitio o entregado al ingreso. Punto de hidratación continuo (botellones con vasos o estaciones con botellas individuales). | F21: "Recurso técnico: Espacio recreativo en arriendo exclusivo, con zonas verdes, salones multiuso y espacios cubiertos en caso de lluvia. Póliza de seguros y/o asistencia médica temporal durante el desarrollo de la jornada. Baños suficientes, señalizados y con mantenimiento durante la jornada. Coordinación de transporte de materiales y montaje con anticipación al día del evento. Listado de asistencia y mecanismos de control de ingreso (registro digital o manual). Materiales para el taller: Sonido profesional: consola, parlantes, micrófonos inalámbricos (mínimo 2). Tarima o espacio acondicionado para intervenciones: para presentaciones o actividades culturales. Equipamiento recreativo: kits deportivos (balones, conos, cuerdas, inflables si aplica), mesas de ping pong, tableros, entre otros según actividades. Sillas, mesas y carpas: especialmente para zona de alimentación, descanso y actividades estáticas. Señalética y puntos informativos móviles: que permitan orientar a los funcionarios sobre horarios, estaciones o rutas internas. Registro fotográfico y/o audiovisual (opcional): equipo básico de cámara y operador. Botiquín completo y señal de emergencias visibles. Recurso humano: Coordinador/a general de la actividad: encargado/a de la ejecución integral y cronograma. Equipo logístico de apoyo (mínimo 4 personas): para montaje, señalización, orientación en sitio y control de tiempos. Maestro/a de ceremonias o animador/a: para dinamizar las actividades, realizar sorteos o intervenciones. Facilitadores/as o recreadores/as: para liderar actividades lúdicas, deportivas o integradoras por estaciones. Profesionales de primeros auxilios o enfermero/a de turno (si no está incluido en el lugar contratado). Personal de apoyo para entrega de alimentación e hidratación (puede ser del operador del lugar). Transporte: Se requiere que el contratista disponga del transporte ida y vuelta para los asistentes del evento." Para el parque Santa Maria del Darien sería conveniente que el evento se desarrollará en el parque, por ello es necesario que el operador logistico haga un scaner minucioso de la zona y con ello prestar el servicio de manera adecuada, importante que el evento se realice con el suficiente tiempo para prevenir toda situación adversa que pueda retrasar o importunar en las actividades. | G21: 8H | H21: 1 | I21: 60 participantes | J21: SANTA MARIA DEL DARIEN SANTA MARTA HUILA CAUCA TUMACO | K21: Evento | L21: 60 | M21: ='1. Cafam'!M34 -> 358404 | N21: =IF('1. Compensar'!M34=0,"",'1. Compensar'!M34) | O21: ='1. Dreams'!M34 -> 450000 | P21: =IFERROR(_xlfn.STDEV.P(M21:O21)/AVERAGE(M21:O21),"") -> 0.11330473 | Q21: =IFERROR(ROUND(AVERAGE(M21:O21),-2),"") -> 404200 | R21: =IFERROR(ROUND(MEDIAN(M21:O21),-2),"") -> 404200 | S21: =IFERROR(ROUND(GEOMEAN(M21:O21),-2),"") -> 401600 | T21: =IFERROR(ROUND(HARMEAN(M21:O21),-2),"") -> 399000 | U21: =COUNTIF($M21:$O21,"<="&Q21) -> 1 | V21: =COUNTIF($M21:$O21,"<="&R21) -> 1 | W21: =COUNTIF($M21:$O21,"<="&S21) -> 1 | X21: =COUNTIF($M21:$O21,"<="&T21) -> 1 | Y21: =COUNTIF($M21:$O21,"<="&Q21)/COUNTIF($M21:$O21,">0") -> 0.5 | Z21: =COUNTIF($M21:$O21,"<="&R21)/COUNTIF($M21:$O21,">0") -> 0.5 | AA21: =COUNTIF($M21:$O21,"<="&S21)/COUNTIF($M21:$O21,">0") -> 0.5 | AB21: =COUNTIF($M21:$O21,"<="&T21)/COUNTIF($M21:$O21,">0") -> 0.5
B22: 17 | C22: APOYO A CELEBRACIONES NAVIDEÑAS AUTÓNOMAS DE FUNCIONARIOS ICANH. | D22: La actividad se desarrollará durante tres (3) días consecutivos en jornada de medio día, incluyendo atención presencial y transmisión virtual para funcionarios ubicados fuera de Bogotá. | E22: De acurdo a la ficha de condiciones tecnicas | F22: Se entregarán 130 regalos para distribución en los niños y niñas hijos de funcionarios y menores de 16 años. Condiciones para la entrega de regalos a niños entre 0 y 15 años en la celebración navideña • El contratista presentara listado de juguetes para niños en el rango de edades de los 0 y 16 años. • Los juguetes deben ser de primera calidad y de marcas reconocidas en el mercado que garanticen la calidad del producto. • La cantidad estimada de juguetes es de 130, de los cuales se estima que en promedio tengan un valor unitario de $90.000, de acuerdo con los históricos de la entidad. • El Contratista presentará tres (3) proveedores dentro de los cuales estará el proveedor sugerido por el ICANH • La Entidad elegirá el proveedor que más se ajuste al cumplimiento de las necesidades técnicas. • El contratista presentará certificación de cambio por garantía en los términos establecidos en la Ley 1480 de 2011 Estatuto del Consumidor Los regalos serán entregados en la sede Bogotá. Se entregará después de definidos los proveedores, un listado desde Talento Humano de los datos de los niños teniendo en cuenta género y edad y con base en ello el operador entregará los regalos empacados en papel regalo y con tarjeta que indica el nombre, edad y ubicación para que el ICANH realice la distribución adecuada. | G22: N/A | H22: N/A | I22: 130 participantes | J22: NACIONAL | K22: Actividad (incluye obsequios) | L22: 130 | M22: ='1. Cafam'!M35 -> 216850 | N22: =IF('1. Compensar'!M35=0,"",'1. Compensar'!M35) -> 120000 | O22: ='1. Dreams'!M35 -> 250000 | P22: =IFERROR(_xlfn.STDEV.P(M22:O22)/AVERAGE(M22:O22),"") -> 0.28195542 | Q22: =IFERROR(ROUND(AVERAGE(M22:O22),-2),"") -> 195600 | R22: =IFERROR(ROUND(MEDIAN(M22:O22),-2),"") -> 216900 | S22: =IFERROR(ROUND(GEOMEAN(M22:O22),-2),"") -> 186700 | T22: =IFERROR(ROUND(HARMEAN(M22:O22),-2),"") -> 177000 | U22: =COUNTIF($M22:$O22,"<="&Q22) -> 1 | V22: =COUNTIF($M22:$O22,"<="&R22) -> 2 | W22: =COUNTIF($M22:$O22,"<="&S22) -> 1 | X22: =COUNTIF($M22:$O22,"<="&T22) -> 1 | Y22: =COUNTIF($M22:$O22,"<="&Q22)/COUNTIF($M22:$O22,">0") -> 0.33333333 | Z22: =COUNTIF($M22:$O22,"<="&R22)/COUNTIF($M22:$O22,">0") -> 0.66666667 | AA22: =COUNTIF($M22:$O22,"<="&S22)/COUNTIF($M22:$O22,">0") -> 0.33333333 | AB22: =COUNTIF($M22:$O22,"<="&T22)/COUNTIF($M22:$O22,">0") -> 0.33333333
M23: =SUMPRODUCT(M6:M22,$L$6:$L$22) -> 351858349 | N23: =SUMPRODUCT(N6:N22,$L$6:$L$22) -> 161286723 | O23: =SUMPRODUCT(O6:O22,$L$6:$L$22) -> 345955000 | Q23: =SUMPRODUCT(Q6:Q22,$L$6:$L$22) -> 306485700 | R23: =SUMPRODUCT(R6:R22,$L$6:$L$22) -> 303859300 | S23: =SUMPRODUCT(S6:S22,$L$6:$L$22) -> 277565400 | T23: =SUMPRODUCT(T6:T22,$L$6:$L$22) -> 253566500 | U23: Cobertura económica acumulada (%) | Y23: =SUM(U6:U22)/(COUNTIF($M$6:$O$22,">0")) -> 0.53333333 | Z23: =SUM(V6:V22)/(COUNTIF($M$6:$O$22,">0")) -> 0.6 | AA23: =SUM(W6:W22)/(COUNTIF($M$6:$O$22,">0")) -> 0.46666667 | AB23: =SUM(X6:X22)/(24*3) -> 0.26388889
E26: METODO | F26: Costo Global Unitarios
E27: Promedio | F27: =Q23 -> 306485700
E28: Mediana | F28: =R23 -> 303859300
E29: Media Geometrica | F29: =S23 -> 277565400
E30: Media Armonica | F30: =T23 -> 253566500

Sheet 2. Bienestar Salud
Q2: 5.1
J3: Muestra 1 | K3: Muestra 2 | L3: Muestra 3 | M3: Muestra 4 | N3: Muestra 5 | O3: Muestra 6 | P3: Muestra 7 | Q3: Muestra 8
B4: SERVICIOS REQUERIDOS | J4: ='2. Cafam'!D7 -> CAJA DE COMPENSACIÓN FAMILIAR CAFAM | K4: ='2. Compensar'!D7 -> CAJA DE COMPENSACIÓN FAMILIAR COMPENSAR | L4: ='2. Dreams'!D7 -> DREAMS EVENT PLANNING SERVES SAS | M4: ='EM-MINTRABAJO-2026'!G7 -> 01 - Evalua Salud | N4: ='EM-MINTRABAJO-2026'!H7 -> 02 - CENDIATRA SAS | O4: ='EM-MINTRABAJO-2026'!I7 -> 03 - Carvajal Laboratorios IPS | P4: ='EM-MINTRABAJO-2026'!J7 -> 04 - VIVE PLUS S.A | Q4: ='EM-ICANH-2025'!O1&" + IPC 5,1" -> INPEC-MC19-2025 + IPC 5,1 | R4: Coeficiente de Variación | S4: Promedio | T4: Mediana | U4: Media Geometrica | V4: Media Armonica
B5: Item | C5: Tipo De Examen | D5: Especificación Técnica | E5: Departamento | F5: Sede O Parque Del ICANH | G5: Lugar De Prestación Del Servicio | H5: Unidad De Medida | I5: Cantidad | J5: Valor Unitario (Incluye Impuestos) | K5: Valor Unitario (Incluye Impuestos) | L5: Valor Unitario (Incluye Impuestos) | M5: Valor Unitario (Incluye Impuestos) | N5: Valor Unitario (Incluye Impuestos) | O5: Valor Unitario (Incluye Impuestos) | P5: Valor Unitario (Incluye Impuestos) | Q5: Valor Unitario (Incluye Impuestos) | R5: % | S5: Valor Unitario (Incluye Impuestos) | T5: Valor Unitario (Incluye Impuestos) | U5: Valor Unitario (Incluye Impuestos) | V5: Valor Unitario (Incluye Impuestos)
B6: 1 | C6: Examen de Ingreso | D6: Valoración médica ocupacional previa al inicio de labores, con historia clínica y concepto de aptitud, con énfasis en (Audiometría, optometría y ergonomía) | E6: Bogota D.C. | F6: Bogotá D.C. | G6: Se requiere el servicio cerca a la sede principal del ICANH, ubicada en la Calle 12 # 2-38, Bogotá-Colombia | H6: UNIDAD | I6: 1 | J6: =IF('2. Cafam'!J19=0,"",'2. Cafam'!J19) -> 100000 | K6: =IF('2. Compensar'!J19=0,"",'2. Compensar'!J19) -> 150000 | L6: ='2. Dreams'!J19 -> 280000 | M6: ='EM-MINTRABAJO-2026'!G50 -> 85000 | N6: ='EM-MINTRABAJO-2026'!H50 -> 50000 | O6: ='EM-MINTRABAJO-2026'!I50 -> 53600 | P6: ='EM-MINTRABAJO-2026'!J50 -> 64300 | Q6: N/A | R6: =IFERROR(_xlfn.STDEV.P(J6:Q6)/AVERAGE(J6:Q6),"") -> 0.67648172 | S6: =IFERROR(ROUND(AVERAGE(J6:Q6),-2),"") -> 111800 | T6: =IFERROR(ROUND(MEDIAN(J6:Q6),-2),"") -> 85000 | U6: =IFERROR(ROUND(GEOMEAN(J6:Q6),-2),"") -> 93300 | V6: =IFERROR(ROUND(HARMEAN(J6:Q6),-2),"") -> 81200
B7: 2 | E7: Chocó | F7: Vereda de Santuario, corregimiento de Tanela, municipio de Unguía-Chocó - Parque arqueológico de Santa María la Antigua Darién | G7: Municipio o ciudad cercano a la sede o parque del ICANH | I7: 1 | J7: =IF('2. Cafam'!J20=0,"",'2. Cafam'!J20) -> 356000 | K7: =IF('2. Compensar'!J20=0,"",'2. Compensar'!J20) -> 395000 | L7: ='2. Dreams'!J20 -> 320000 | M7: ='EM-MINTRABAJO-2026'!G59 -> 135000 | N7: ='EM-MINTRABAJO-2026'!H59 -> 70000 | O7: ='EM-MINTRABAJO-2026'!I59 -> 115100 | P7: ='EM-MINTRABAJO-2026'!J59 -> 138100 | Q7: N/A | R7: =IFERROR(_xlfn.STDEV.P(J7:Q7)/AVERAGE(J7:Q7),"") -> 0.56473282 | S7: =IFERROR(ROUND(AVERAGE(J7:Q7),-2),"") -> 218500 | T7: =IFERROR(ROUND(MEDIAN(J7:Q7),-2),"") -> 138100 | U7: =IFERROR(ROUND(GEOMEAN(J7:Q7),-2),"") -> 182600 | V7: =IFERROR(ROUND(HARMEAN(J7:Q7),-2),"") -> 151900
B8: 3 | E8: Cauca | F8: Vereda El Escaño bajo (El Escaño Parque)-Resguardo San Andrés de Pisimbalá - Parque arqueológico Tierradentro Municipio Inza - Cauca. | G8: Municipio o ciudad cercano a la sede o parque del ICANH | I8: 1 | J8: =IF('2. Cafam'!J21=0,"",'2. Cafam'!J21) -> 147900 | K8: =IF('2. Compensar'!J21=0,"",'2. Compensar'!J21) -> 395000 | L8: ='2. Dreams'!J21 -> 320000 | M8: ='EM-MINTRABAJO-2026'!G57 -> 135000 | N8: ='EM-MINTRABAJO-2026'!H57 -> 70000 | O8: ='EM-MINTRABAJO-2026'!I57 -> 91300 | P8: ='EM-MINTRABAJO-2026'!J57 -> 109600 | Q8: N/A | R8: =IFERROR(_xlfn.STDEV.P(J8:Q8)/AVERAGE(J8:Q8),"") -> 0.63861854 | S8: =IFERROR(ROUND(AVERAGE(J8:Q8),-2),"") -> 181300 | T8: =IFERROR(ROUND(MEDIAN(J8:Q8),-2),"") -> 135000 | U8: =IFERROR(ROUND(GEOMEAN(J8:Q8),-2),"") -> 150700 | V8: =IFERROR(ROUND(HARMEAN(J8:Q8),-2),"") -> 129200
B9: 4 | E9: Huila | F9: Vereda Ídolos y Vereda la Delicias Municipio de Isnos – Huila - Parque arqueológico Alto de ídolos | G9: Municipio o ciudad cercano a la sede o parque del ICANH | I9: 1 | J9: =IF('2. Cafam'!J22=0,"",'2. Cafam'!J22) -> 180200 | K9: =IF('2. Compensar'!J22=0,"",'2. Compensar'!J22) -> 395000 | L9: ='2. Dreams'!J22 -> 320000 | M9: ='EM-MINTRABAJO-2026'!G65 -> 85000 | N9: ='EM-MINTRABAJO-2026'!H65 -> 70000 | O9: ='EM-MINTRABAJO-2026'!I65 -> 70200 | P9: ='EM-MINTRABAJO-2026'!J65 -> 84200 | Q9: N/A | R9: =IFERROR(_xlfn.STDEV.P(J9:Q9)/AVERAGE(J9:Q9),"") -> 0.7209502 | S9: =IFERROR(ROUND(AVERAGE(J9:Q9),-2),"") -> 172100 | T9: =IFERROR(ROUND(MEDIAN(J9:Q9),-2),"") -> 85000 | U9: =IFERROR(ROUND(GEOMEAN(J9:Q9),-2),"") -> 134600 | V9: =IFERROR(ROUND(HARMEAN(J9:Q9),-2),"") -> 110400
B10: 5 | E10: Huila | F10: Municipio de San Agustín – Huila - Parque arqueológico de San Agustín | G10: Municipio o ciudad cercano a la sede o parque del ICANH | I10: 1 | J10: =IF('2. Cafam'!J23=0,"",'2. Cafam'!J23) -> 180200 | K10: =IF('2. Compensar'!J23=0,"",'2. Compensar'!J23) -> 395000 | L10: ='2. Dreams'!J23 -> 320000 | M10: ='EM-MINTRABAJO-2026'!G65 -> 85000 | N10: ='EM-MINTRABAJO-2026'!H65 -> 70000 | O10: ='EM-MINTRABAJO-2026'!I65 -> 70200 | P10: ='EM-MINTRABAJO-2026'!J65 -> 84200 | Q10: N/A | R10: =IFERROR(_xlfn.STDEV.P(J10:Q10)/AVERAGE(J10:Q10),"") -> 0.7209502 | S10: =IFERROR(ROUND(AVERAGE(J10:Q10),-2),"") -> 172100 | T10: =IFERROR(ROUND(MEDIAN(J10:Q10),-2),"") -> 85000 | U10: =IFERROR(ROUND(GEOMEAN(J10:Q10),-2),"") -> 134600 | V10: =IFERROR(ROUND(HARMEAN(J10:Q10),-2),"") -> 110400
B11: 6 | E11: Magdalena | F11: Sierra Nevada de Santa Marta - Parque arqueológico Teyuna – Ciudad perdida: | G11: Ciudad de Santa Marta | I11: 1 | J11: =IF('2. Cafam'!J24=0,"",'2. Cafam'!J24) -> 147900 | K11: =IF('2. Compensar'!J24=0,"",'2. Compensar'!J24) -> 395000 | L11: ='2. Dreams'!J24 -> 320000 | M11: ='EM-MINTRABAJO-2026'!G66 -> 85000 | N11: ='EM-MINTRABAJO-2026'!H66 -> 50000 | O11: ='EM-MINTRABAJO-2026'!I66 -> 70200 | P11: ='EM-MINTRABAJO-2026'!J66 -> 84200 | Q11: N/A | R11: =IFERROR(_xlfn.STDEV.P(J11:Q11)/AVERAGE(J11:Q11),"") -> 0.76963289 | S11: =IFERROR(ROUND(AVERAGE(J11:Q11),-2),"") -> 164600 | T11: =IFERROR(ROUND(MEDIAN(J11:Q11),-2),"") -> 85000 | U11: =IFERROR(ROUND(GEOMEAN(J11:Q11),-2),"") -> 124700 | V11: =IFERROR(ROUND(HARMEAN(J11:Q11),-2),"") -> 99600
B12: 7 | E12: Guaviare | F12: San José del Guaviare | G12: Municipio o ciudad cercano a la sede o parque del ICANH | I12: 1 | J12: =IF('2. Cafam'!J25=0,"",'2. Cafam'!J25) -> 139200 | K12: =IF('2. Compensar'!J25=0,"",'2. Compensar'!J25) -> 395000 | L12: ='2. Dreams'!J25 -> 320000 | M12: ='EM-MINTRABAJO-2026'!G64 -> 135000 | N12: ='EM-MINTRABAJO-2026'!H64 -> 70000 | O12: ='EM-MINTRABAJO-2026'!I64 -> 120900 | P12: ='EM-MINTRABAJO-2026'!J64 -> 145100 | Q12: N/A | R12: =IFERROR(_xlfn.STDEV.P(J12:Q12)/AVERAGE(J12:Q12),"") -> 0.58452627 | S12: =IFERROR(ROUND(AVERAGE(J12:Q12),-2),"") -> 189300 | T12: =IFERROR(ROUND(MEDIAN(J12:Q12),-2),"") -> 139200 | U12: =IFERROR(ROUND(GEOMEAN(J12:Q12),-2),"") -> 161900 | V12: =IFERROR(ROUND(HARMEAN(J12:Q12),-2),"") -> 140900
B13: 8 | E13: Nacional | F13: Telemedicina - Telesalud | I13: 1 | J13: =IF('2. Cafam'!J26=0,"",'2. Cafam'!J26) -> 50000 | K13: N/A | L13: ='2. Dreams'!J26 -> 320000 | M13: ='EM-MINTRABAJO-2026'!G348 -> 130000 | N13: ='EM-MINTRABAJO-2026'!H348 -> 50000 | O13: ='EM-MINTRABAJO-2026'!I348 -> 92500 | P13: ='EM-MINTRABAJO-2026'!J348 -> 111000 | Q13: N/A | R13: =IFERROR(_xlfn.STDEV.P(J13:Q13)/AVERAGE(J13:Q13),"") -> 0.73089307 | S13: =IFERROR(ROUND(AVERAGE(J13:Q13),-2),"") -> 125600 | T13: =IFERROR(ROUND(MEDIAN(J13:Q13),-2),"") -> 101800 | U13: =IFERROR(ROUND(GEOMEAN(J13:Q13),-2),"") -> 101100 | V13: =IFERROR(ROUND(HARMEAN(J13:Q13),-2),"") -> 84900
B14: 9 | C14: Examen periódico - Programado | D14: Evaluación periódica según matriz de riesgos, incluye pruebas específicas según la exposición laboral. (Audiometría, optometría y ergonomía) | E14: Bogota D.C. | F14: Bogotá | G14: Se requiere el servicio cerca a la sede principal del ICANH, ubicada en la Calle 12 # 2-38, Bogotá-Colombia | H14: Unidad | I14: 1 | J14: =IF('2. Cafam'!J27=0,"",'2. Cafam'!J27) -> 100000 | K14: =IF('2. Compensar'!J27=0,"",'2. Compensar'!J27) -> 150000 | L14: ='2. Dreams'!J27 -> 280000 | M14: ='EM-MINTRABAJO-2026'!G14 -> 85000 | N14: ='EM-MINTRABAJO-2026'!H14 -> 50000 | O14: ='EM-MINTRABAJO-2026'!I14 -> 59700 | P14: ='EM-MINTRABAJO-2026'!J14 -> 71600 | Q14: N/A | R14: =IFERROR(_xlfn.STDEV.P(J14:Q14)/AVERAGE(J14:Q14),"") -> 0.65388405 | S14: =IFERROR(ROUND(AVERAGE(J14:Q14),-2),"") -> 113800 | T14: =IFERROR(ROUND(MEDIAN(J14:Q14),-2),"") -> 85000 | U14: =IFERROR(ROUND(GEOMEAN(J14:Q14),-2),"") -> 96200 | V14: =IFERROR(ROUND(HARMEAN(J14:Q14),-2),"") -> 84600
B15: 10 | E15: Chocó | F15: Vereda de Santuario, corregimiento de Tanela, municipio de Unguía-Chocó - Parque arqueológico de Santa María la Antigua Darién | G15: Municipio o ciudad cercano a la sede o parque del ICANH | I15: 1 | J15: =IF('2. Cafam'!J28=0,"",'2. Cafam'!J28) -> 356000 | K15: =IF('2. Compensar'!J28=0,"",'2. Compensar'!J28) -> 395000 | L15: ='2. Dreams'!J28 -> 320000 | M15: ='EM-MINTRABAJO-2026'!G23 -> 135000 | N15: ='EM-MINTRABAJO-2026'!H23 -> 70000 | O15: ='EM-MINTRABAJO-2026'!I23 -> 118700 | P15: ='EM-MINTRABAJO-2026'!J23 -> 142400 | Q15: N/A | R15: =IFERROR(_xlfn.STDEV.P(J15:Q15)/AVERAGE(J15:Q15),"") -> 0.55809305 | S15: =IFERROR(ROUND(AVERAGE(J15:Q15),-2),"") -> 219600 | T15: =IFERROR(ROUND(MEDIAN(J15:Q15),-2),"") -> 142400 | U15: =IFERROR(ROUND(GEOMEAN(J15:Q15),-2),"") -> 184200 | V15: =IFERROR(ROUND(HARMEAN(J15:Q15),-2),"") -> 153500
B16: 11 | E16: Cauca | F16: Vereda El Escaño bajo (El Escaño Parque)-Resguardo San Andrés de Pisimbalá - Parque arqueológico Tierradentro. | G16: Municipio o ciudad cercano a la sede o parque del ICANH | I16: 1 | J16: =IF('2. Cafam'!J29=0,"",'2. Cafam'!J29) -> 147900 | K16: =IF('2. Compensar'!J29=0,"",'2. Compensar'!J29) -> 395000 | L16: ='2. Dreams'!J29 -> 320000 | M16: ='EM-MINTRABAJO-2026'!G21 -> 125000 | N16: ='EM-MINTRABAJO-2026'!H21 -> 70000 | O16: ='EM-MINTRABAJO-2026'!I21 -> 96900 | P16: ='EM-MINTRABAJO-2026'!J21 -> 116300 | Q16: N/A | R16: =IFERROR(_xlfn.STDEV.P(J16:Q16)/AVERAGE(J16:Q16),"") -> 0.63450957 | S16: =IFERROR(ROUND(AVERAGE(J16:Q16),-2),"") -> 181600 | T16: =IFERROR(ROUND(MEDIAN(J16:Q16),-2),"") -> 125000 | U16: =IFERROR(ROUND(GEOMEAN(J16:Q16),-2),"") -> 151600 | V16: =IFERROR(ROUND(HARMEAN(J16:Q16),-2),"") -> 130500
B17: 12 | E17: Huila | F17: Vereda Ídolos y Vereda la Delicias Municipio de Isnos – Huila - Parque arqueológico Alto de ídolos | G17: Municipio o ciudad cercano a la sede o parque del ICANH | I17: 1 | J17: =IF('2. Cafam'!J30=0,"",'2. Cafam'!J30) -> 180200 | K17: =IF('2. Compensar'!J30=0,"",'2. Compensar'!J30) -> 395000 | L17: ='2. Dreams'!J30 -> 320000 | M17: ='EM-MINTRABAJO-2026'!G29 -> 85000 | N17: ='EM-MINTRABAJO-2026'!H29 -> 70000 | O17: ='EM-MINTRABAJO-2026'!I29 -> 72900 | P17: ='EM-MINTRABAJO-2026'!J29 -> 87500 | Q17: N/A | R17: =IFERROR(_xlfn.STDEV.P(J17:Q17)/AVERAGE(J17:Q17),"") -> 0.71364814 | S17: =IFERROR(ROUND(AVERAGE(J17:Q17),-2),"") -> 172900 | T17: =IFERROR(ROUND(MEDIAN(J17:Q17),-2),"") -> 87500 | U17: =IFERROR(ROUND(GEOMEAN(J17:Q17),-2),"") -> 136100 | V17: =IFERROR(ROUND(HARMEAN(J17:Q17),-2),"") -> 112200
B18: 13 | E18: Huila | F18: Municipio de San Agustín – Huila - Parque arqueológico de San Agustín | G18: Municipio o ciudad cercano a la sede o parque del ICANH | I18: 1 | J18: =IF('2. Cafam'!J31=0,"",'2. Cafam'!J31) -> 180200 | K18: =IF('2. Compensar'!J31=0,"",'2. Compensar'!J31) -> 395000 | L18: ='2. Dreams'!J31 -> 320000 | M18: ='EM-MINTRABAJO-2026'!G29 -> 85000 | N18: ='EM-MINTRABAJO-2026'!H29 -> 70000 | O18: ='EM-MINTRABAJO-2026'!I29 -> 72900 | P18: ='EM-MINTRABAJO-2026'!J29 -> 87500 | Q18: N/A | R18: =IFERROR(_xlfn.STDEV.P(J18:Q18)/AVERAGE(J18:Q18),"") -> 0.71364814 | S18: =IFERROR(ROUND(AVERAGE(J18:Q18),-2),"") -> 172900 | T18: =IFERROR(ROUND(MEDIAN(J18:Q18),-2),"") -> 87500 | U18: =IFERROR(ROUND(GEOMEAN(J18:Q18),-2),"") -> 136100 | V18: =IFERROR(ROUND(HARMEAN(J18:Q18),-2),"") -> 112200
B19: 14 | E19: Magdalena | F19: Sierra Nevada de Santa Marta - Parque arqueológico Teyuna – Ciudad perdida: | G19: Ciudad de Santa Marta | I19: 1 | J19: =IF('2. Cafam'!J32=0,"",'2. Cafam'!J32) -> 147900 | K19: =IF('2. Compensar'!J32=0,"",'2. Compensar'!J32) -> 395000 | L19: ='2. Dreams'!J32 -> 320000 | M19: ='EM-MINTRABAJO-2026'!G30 -> 85000 | N19: ='EM-MINTRABAJO-2026'!H30 -> 50000 | O19: ='EM-MINTRABAJO-2026'!I30 -> 72900 | P19: ='EM-MINTRABAJO-2026'!J30 -> 87500 | Q19: N/A | R19: =IFERROR(_xlfn.STDEV.P(J19:Q19)/AVERAGE(J19:Q19),"") -> 0.76213713 | S19: =IFERROR(ROUND(AVERAGE(J19:Q19),-2),"") -> 165500 | T19: =IFERROR(ROUND(MEDIAN(J19:Q19),-2),"") -> 87500 | U19: =IFERROR(ROUND(GEOMEAN(J19:Q19),-2),"") -> 126100 | V19: =IFERROR(ROUND(HARMEAN(J19:Q19),-2),"") -> 101000
B20: 15 | E20: Guaviare | F20: San José del Guaviare | G20: Municipio o ciudad cercano a la sede o parque del ICANH | I20: 1 | J20: =IF('2. Cafam'!J33=0,"",'2. Cafam'!J33) -> 139200 | K20: =IF('2. Compensar'!J33=0,"",'2. Compensar'!J33) -> 395000 | L20: ='2. Dreams'!J33 -> 320000 | M20: ='EM-MINTRABAJO-2026'!G28 -> 135000 | N20: ='EM-MINTRABAJO-2026'!H28 -> 70000 | O20: ='EM-MINTRABAJO-2026'!I28 -> 120900 | P20: ='EM-MINTRABAJO-2026'!J28 -> 145100 | Q20: N/A | R20: =IFERROR(_xlfn.STDEV.P(J20:Q20)/AVERAGE(J20:Q20),"") -> 0.58452627 | S20: =IFERROR(ROUND(AVERAGE(J20:Q20),-2),"") -> 189300 | T20: =IFERROR(ROUND(MEDIAN(J20:Q20),-2),"") -> 139200 | U20: =IFERROR(ROUND(GEOMEAN(J20:Q20),-2),"") -> 161900 | V20: =IFERROR(ROUND(HARMEAN(J20:Q20),-2),"") -> 140900
B21: 16 | E21: Nacional | F21: Telemedicina - Telesalud | I21: 1 | J21: =IF('2. Cafam'!J34=0,"",'2. Cafam'!J34) -> 50000 | K21: N/A | L21: ='2. Dreams'!J34 -> 320000 | M21: ='EM-MINTRABAJO-2026'!G347 -> 85000 | N21: ='EM-MINTRABAJO-2026'!H347 -> 70000 | O21: ='EM-MINTRABAJO-2026'!I347 -> 99000 | P21: ='EM-MINTRABAJO-2026'!J347 -> 118800 | Q21: N/A | R21: =IFERROR(_xlfn.STDEV.P(J21:Q21)/AVERAGE(J21:Q21),"") -> 0.72982152 | S21: =IFERROR(ROUND(AVERAGE(J21:Q21),-2),"") -> 123800 | T21: =IFERROR(ROUND(MEDIAN(J21:Q21),-2),"") -> 92000 | U21: =IFERROR(ROUND(GEOMEAN(J21:Q21),-2),"") -> 101900 | V21: =IFERROR(ROUND(HARMEAN(J21:Q21),-2),"") -> 88600
B22: 17 | C22: Examen de Egreso | D22: Valoración médica al finalizar el vínculo laboral, para verificar estado de salud y exposición acumulada. con énfasis en (Audiometría, optometría y ergonomía) | E22: Bogota D.C. | F22: Bogotá | G22: Se requiere el servicio cerca a la sede principal del ICANH, ubicada en la Calle 12 # 2-38, Bogotá-Colombia | H22: Unidad | I22: 1 | J22: =IF('2. Cafam'!J35=0,"",'2. Cafam'!J35) -> 100000 | K22: =IF('2. Compensar'!J35=0,"",'2. Compensar'!J35) -> 150000 | L22: ='2. Dreams'!J35 -> 280000 | M22: ='EM-MINTRABAJO-2026'!G86 -> 85000 | N22: ='EM-MINTRABAJO-2026'!H86 -> 40000 | O22: ='EM-MINTRABAJO-2026'!I86 -> 49400 | P22: ='EM-MINTRABAJO-2026'!J86 -> 59300 | Q22: N/A | R22: =IFERROR(_xlfn.STDEV.P(J22:Q22)/AVERAGE(J22:Q22),"") -> 0.71304244 | S22: =IFERROR(ROUND(AVERAGE(J22:Q22),-2),"") -> 109100 | T22: =IFERROR(ROUND(MEDIAN(J22:Q22),-2),"") -> 85000 | U22: =IFERROR(ROUND(GEOMEAN(J22:Q22),-2),"") -> 88300 | V22: =IFERROR(ROUND(HARMEAN(J22:Q22),-2),"") -> 74400
B23: 18 | E23: Chocó | F23: Vereda de Santuario, corregimiento de Tanela, municipio de Unguía-Chocó - Parque arqueológico de Santa María la Antigua Darién | G23: Municipio o ciudad cercano a la sede o parque del ICANH | I23: 1 | J23: =IF('2. Cafam'!J36=0,"",'2. Cafam'!J36) -> 356000 | K23: =IF('2. Compensar'!J36=0,"",'2. Compensar'!J36) -> 395000 | L23: ='2. Dreams'!J36 -> 320000 | M23: ='EM-MINTRABAJO-2026'!G95 -> 135000 | N23: ='EM-MINTRABAJO-2026'!H95 -> 60000 | O23: ='EM-MINTRABAJO-2026'!I95 -> 104500 | P23: ='EM-MINTRABAJO-2026'!J95 -> 125400 | Q23: N/A | R23: =IFERROR(_xlfn.STDEV.P(J23:Q23)/AVERAGE(J23:Q23),"") -> 0.59706012 | S23: =IFERROR(ROUND(AVERAGE(J23:Q23),-2),"") -> 213700 | T23: =IFERROR(ROUND(MEDIAN(J23:Q23),-2),"") -> 135000 | U23: =IFERROR(ROUND(GEOMEAN(J23:Q23),-2),"") -> 173700 | V23: =IFERROR(ROUND(HARMEAN(J23:Q23),-2),"") -> 139800
B24: 19 | E24: Cauca | F24: Vereda El Escaño bajo (El Escaño Parque)-Resguardo San Andrés de Pisimbalá - Parque arqueológico Tierradentro. | G24: Municipio o ciudad cercano a la sede o parque del ICANH | I24: 1 | J24: =IF('2. Cafam'!J37=0,"",'2. Cafam'!J37) -> 147900 | K24: =IF('2. Compensar'!J37=0,"",'2. Compensar'!J37) -> 395000 | L24: ='2. Dreams'!J37 -> 320000 | M24: ='EM-MINTRABAJO-2026'!G93 -> 135000 | N24: ='EM-MINTRABAJO-2026'!H93 -> 60000 | O24: ='EM-MINTRABAJO-2026'!I93 -> 80400 | P24: ='EM-MINTRABAJO-2026'!J93 -> 96500 | Q24: N/A | R24: =IFERROR(_xlfn.STDEV.P(J24:Q24)/AVERAGE(J24:Q24),"") -> 0.67784532 | S24: =IFERROR(ROUND(AVERAGE(J24:Q24),-2),"") -> 176400 | T24: =IFERROR(ROUND(MEDIAN(J24:Q24),-2),"") -> 135000 | U24: =IFERROR(ROUND(GEOMEAN(J24:Q24),-2),"") -> 142200 | V24: =IFERROR(ROUND(HARMEAN(J24:Q24),-2),"") -> 118100
B25: 20 | E25: Huila | F25: Vereda Ídolos y Vereda la Delicias Municipio de Isnos – Huila - Parque arqueológico Alto de ídolos | G25: Municipio o ciudad cercano a la sede o parque del ICANH | I25: 1 | J25: =IF('2. Cafam'!J38=0,"",'2. Cafam'!J38) -> 180200 | K25: =IF('2. Compensar'!J38=0,"",'2. Compensar'!J38) -> 395000 | L25: ='2. Dreams'!J38 -> 320000 | M25: ='EM-MINTRABAJO-2026'!G65 -> 85000 | N25: ='EM-MINTRABAJO-2026'!H65 -> 70000 | O25: ='EM-MINTRABAJO-2026'!I65 -> 70200 | P25: ='EM-MINTRABAJO-2026'!J65 -> 84200 | Q25: N/A | R25: =IFERROR(_xlfn.STDEV.P(J25:Q25)/AVERAGE(J25:Q25),"") -> 0.7209502 | S25: =IFERROR(ROUND(AVERAGE(J25:Q25),-2),"") -> 172100 | T25: =IFERROR(ROUND(MEDIAN(J25:Q25),-2),"") -> 85000 | U25: =IFERROR(ROUND(GEOMEAN(J25:Q25),-2),"") -> 134600 | V25: =IFERROR(ROUND(HARMEAN(J25:Q25),-2),"") -> 110400
B26: 21 | E26: Huila | F26: Municipio de San Agustín – Huila - Parque arqueológico de San Agustín | G26: Municipio o ciudad cercano a la sede o parque del ICANH | I26: 1 | J26: =IF('2. Cafam'!J39=0,"",'2. Cafam'!J39) -> 180200 | K26: =IF('2. Compensar'!J39=0,"",'2. Compensar'!J39) -> 395000 | L26: ='2. Dreams'!J39 -> 320000 | M26: ='EM-MINTRABAJO-2026'!G65 -> 85000 | N26: ='EM-MINTRABAJO-2026'!H65 -> 70000 | O26: ='EM-MINTRABAJO-2026'!I65 -> 70200 | P26: ='EM-MINTRABAJO-2026'!J65 -> 84200 | Q26: N/A | R26: =IFERROR(_xlfn.STDEV.P(J26:Q26)/AVERAGE(J26:Q26),"") -> 0.7209502 | S26: =IFERROR(ROUND(AVERAGE(J26:Q26),-2),"") -> 172100 | T26: =IFERROR(ROUND(MEDIAN(J26:Q26),-2),"") -> 85000 | U26: =IFERROR(ROUND(GEOMEAN(J26:Q26),-2),"") -> 134600 | V26: =IFERROR(ROUND(HARMEAN(J26:Q26),-2),"") -> 110400
B27: 22 | E27: Magdalena | F27: Sierra Nevada de Santa Marta - Parque arqueológico Teyuna – Ciudad perdida: | G27: Ciudad de Santa Marta | I27: 1 | J27: =IF('2. Cafam'!J40=0,"",'2. Cafam'!J40) -> 147900 | K27: =IF('2. Compensar'!J40=0,"",'2. Compensar'!J40) -> 395000 | L27: ='2. Dreams'!J40 -> 320000 | M27: ='EM-MINTRABAJO-2026'!G102 -> 85000 | N27: ='EM-MINTRABAJO-2026'!H102 -> 40000 | O27: ='EM-MINTRABAJO-2026'!I102 -> 64700 | P27: ='EM-MINTRABAJO-2026'!J102 -> 77600 | Q27: N/A | R27: =IFERROR(_xlfn.STDEV.P(J27:Q27)/AVERAGE(J27:Q27),"") -> 0.80022919 | S27: =IFERROR(ROUND(AVERAGE(J27:Q27),-2),"") -> 161500 | T27: =IFERROR(ROUND(MEDIAN(J27:Q27),-2),"") -> 85000 | U27: =IFERROR(ROUND(GEOMEAN(J27:Q27),-2),"") -> 118000 | V27: =IFERROR(ROUND(HARMEAN(J27:Q27),-2),"") -> 90300
B28: 23 | E28: Guaviare | F28: San José del Guaviare | G28: Municipio o ciudad cercano a la sede o parque del ICANH | I28: 1 | J28: =IF('2. Cafam'!J41=0,"",'2. Cafam'!J41) -> 139200 | K28: =IF('2. Compensar'!J41=0,"",'2. Compensar'!J41) -> 395000 | L28: ='2. Dreams'!J41 -> 320000 | M28: ='EM-MINTRABAJO-2026'!G100 -> 135000 | N28: ='EM-MINTRABAJO-2026'!H100 -> 60000 | O28: ='EM-MINTRABAJO-2026'!I100 -> 82500 | P28: ='EM-MINTRABAJO-2026'!J100 -> 99000 | Q28: N/A | R28: =IFERROR(_xlfn.STDEV.P(J28:Q28)/AVERAGE(J28:Q28),"") -> 0.67934591 | S28: =IFERROR(ROUND(AVERAGE(J28:Q28),-2),"") -> 175800 | T28: =IFERROR(ROUND(MEDIAN(J28:Q28),-2),"") -> 135000 | U28: =IFERROR(ROUND(GEOMEAN(J28:Q28),-2),"") -> 142000 | V28: =IFERROR(ROUND(HARMEAN(J28:Q28),-2),"") -> 118400
B29: 24 | E29: Nacional | F29: Telemedicina - Telesalud | I29: 1 | J29: =IF('2. Cafam'!J42=0,"",'2. Cafam'!J42) -> 50000 | K29: N/A | L29: ='2. Dreams'!J42 -> 320000 | M29: ='EM-MINTRABAJO-2026'!G349 -> 130000 | N29: ='EM-MINTRABAJO-2026'!H349 -> 40000 | O29: ='EM-MINTRABAJO-2026'!I349 -> 92500 | P29: ='EM-MINTRABAJO-2026'!J349 -> 111000 | Q29: N/A | R29: =IFERROR(_xlfn.STDEV.P(J29:Q29)/AVERAGE(J29:Q29),"") -> 0.7523187 | S29: =IFERROR(ROUND(AVERAGE(J29:Q29),-2),"") -> 123900 | T29: =IFERROR(ROUND(MEDIAN(J29:Q29),-2),"") -> 101800 | U29: =IFERROR(ROUND(GEOMEAN(J29:Q29),-2),"") -> 97400 | V29: =IFERROR(ROUND(HARMEAN(J29:Q29),-2),"") -> 79300
B30: 25 | C30: Examen Médico de ingreso o periodico con énfasis en alturas | D30: Evaluación médica con énfasis cardiovascular, neurológico, osteomuscular, visual y de equilibrio, con pruebas adicionales requeridas por la normativa vigente. | E30: Bogota D.C. | F30: Bogotá | G30: Se requiere el servicio cerca a la sede principal del ICANH, ubicada en la Calle 12 # 2-38, Bogotá-Colombia | H30: Unidad | I30: 1 | J30: =IF('2. Cafam'!J43=0,"",'2. Cafam'!J43) -> 124600 | K30: =IF('2. Compensar'!J43=0,"",'2. Compensar'!J43) -> 350000 | L30: ='2. Dreams'!J43 -> 320000 | M30: N/A | N30: N/A | O30: N/A | P30: N/A | Q30: ='EM-ICANH-2025'!O28*(1+('2. Bienestar Salud'!$Q$2/100)) -> 112982.5 | R30: =IFERROR(_xlfn.STDEV.P(J30:Q30)/AVERAGE(J30:Q30),"") -> 0.4790797 | S30: =IFERROR(ROUND(AVERAGE(J30:Q30),-2),"") -> 226900 | T30: =IFERROR(ROUND(MEDIAN(J30:Q30),-2),"") -> 222300 | U30: =IFERROR(ROUND(GEOMEAN(J30:Q30),-2),"") -> 199300 | V30: =IFERROR(ROUND(HARMEAN(J30:Q30),-2),"") -> 175000
B31: 26 | E31: Chocó | F31: Vereda de Santuario, corregimiento de Tanela, municipio de Unguía-Chocó - Parque arqueológico de Santa María la Antigua Darién | G31: Municipio o ciudad cercano a la sede o parque del ICANH | I31: 1 | J31: =IF('2. Cafam'!J44=0,"",'2. Cafam'!J44) -> 349300 | K31: =IF('2. Compensar'!J44=0,"",'2. Compensar'!J44) -> 850000 | L31: ='2. Dreams'!J44 -> 360000 | M31: N/A | N31: N/A | O31: N/A | P31: N/A | Q31: ='EM-ICANH-2025'!O29*(1+('2. Bienestar Salud'!$Q$2/100)) -> 112982.5 | R31: =IFERROR(_xlfn.STDEV.P(J31:Q31)/AVERAGE(J31:Q31),"") -> 0.6415389 | S31: =IFERROR(ROUND(AVERAGE(J31:Q31),-2),"") -> 418100 | T31: =IFERROR(ROUND(MEDIAN(J31:Q31),-2),"") -> 354700 | U31: =IFERROR(ROUND(GEOMEAN(J31:Q31),-2),"") -> 331500 | V31: =IFERROR(ROUND(HARMEAN(J31:Q31),-2),"") -> 255300
B32: 27 | E32: Cauca | F32: Vereda El Escaño bajo (El Escaño Parque)-Resguardo San Andrés de Pisimbalá - Parque arqueológico Tierradentro. | G32: Municipio o ciudad cercano a la sede o parque del ICANH | I32: 1 | J32: =IF('2. Cafam'!J45=0,"",'2. Cafam'!J45) -> 287500 | K32: =IF('2. Compensar'!J45=0,"",'2. Compensar'!J45) -> 850000 | L32: ='2. Dreams'!J45 -> 360000 | M32: N/A | N32: N/A | O32: N/A | P32: N/A | Q32: ='EM-ICANH-2025'!O30*(1+('2. Bienestar Salud'!$Q$2/100)) -> 112982.5 | R32: =IFERROR(_xlfn.STDEV.P(J32:Q32)/AVERAGE(J32:Q32),"") -> 0.67918467 | S32: =IFERROR(ROUND(AVERAGE(J32:Q32),-2),"") -> 402600 | T32: =IFERROR(ROUND(MEDIAN(J32:Q32),-2),"") -> 323800 | U32: =IFERROR(ROUND(GEOMEAN(J32:Q32),-2),"") -> 315700 | V32: =IFERROR(ROUND(HARMEAN(J32:Q32),-2),"") -> 245600
B33: 28 | E33: Huila | F33: Vereda Ídolos y Vereda la Delicias Municipio de Isnos – Huila - Parque arqueológico Alto de ídolos | G33: Municipio o ciudad cercano a la sede o parque del ICANH | I33: 1 | J33: =IF('2. Cafam'!J46=0,"",'2. Cafam'!J46) -> 189000 | K33: =IF('2. Compensar'!J46=0,"",'2. Compensar'!J46) -> 850000 | L33: ='2. Dreams'!J46 -> 360000 | M33: N/A | N33: N/A | O33: N/A | P33: N/A | Q33: ='EM-ICANH-2025'!O31*(1+('2. Bienestar Salud'!$Q$2/100)) -> 112982.5 | R33: =IFERROR(_xlfn.STDEV.P(J33:Q33)/AVERAGE(J33:Q33),"") -> 0.75879234 | S33: =IFERROR(ROUND(AVERAGE(J33:Q33),-2),"") -> 378000 | T33: =IFERROR(ROUND(MEDIAN(J33:Q33),-2),"") -> 274500 | U33: =IFERROR(ROUND(GEOMEAN(J33:Q33),-2),"") -> 284300 | V33: =IFERROR(ROUND(HARMEAN(J33:Q33),-2),"") -> 221000
B34: 29 | E34: Huila | F34: Municipio de San Agustín – Huila - Parque arqueológico de San Agustín | G34: Municipio o ciudad cercano a la sede o parque del ICANH | I34: 1 | J34: =IF('2. Cafam'!J47=0,"",'2. Cafam'!J47) -> 189000 | K34: =IF('2. Compensar'!J47=0,"",'2. Compensar'!J47) -> 850000 | L34: ='2. Dreams'!J47 -> 360000 | M34: N/A | N34: N/A | O34: N/A | P34: N/A | Q34: ='EM-ICANH-2025'!O32*(1+('2. Bienestar Salud'!$Q$2/100)) -> 112982.5 | R34: =IFERROR(_xlfn.STDEV.P(J34:Q34)/AVERAGE(J34:Q34),"") -> 0.75879234 | S34: =IFERROR(ROUND(AVERAGE(J34:Q34),-2),"") -> 378000 | T34: =IFERROR(ROUND(MEDIAN(J34:Q34),-2),"") -> 274500 | U34: =IFERROR(ROUND(GEOMEAN(J34:Q34),-2),"") -> 284300 | V34: =IFERROR(ROUND(HARMEAN(J34:Q34),-2),"") -> 221000
B35: 30 | E35: Magdalena | F35: Sierra Nevada de Santa Marta - Parque arqueológico Teyuna – Ciudad perdida: | G35: Ciudad de Santa Marta | I35: 1 | J35: =IF('2. Cafam'!J48=0,"",'2. Cafam'!J48) -> 161700 | K35: =IF('2. Compensar'!J48=0,"",'2. Compensar'!J48) -> 850000 | L35: ='2. Dreams'!J48 -> 360000 | M35: N/A | N35: N/A | O35: N/A | P35: N/A | Q35: ='EM-ICANH-2025'!O33*(1+('2. Bienestar Salud'!$Q$2/100)) -> 112982.5 | R35: =IFERROR(_xlfn.STDEV.P(J35:Q35)/AVERAGE(J35:Q35),"") -> 0.78541364 | S35: =IFERROR(ROUND(AVERAGE(J35:Q35),-2),"") -> 371200 | T35: =IFERROR(ROUND(MEDIAN(J35:Q35),-2),"") -> 260900 | U35: =IFERROR(ROUND(GEOMEAN(J35:Q35),-2),"") -> 273400 | V35: =IFERROR(ROUND(HARMEAN(J35:Q35),-2),"") -> 210600
B36: 31 | E36: Guaviare | F36: San José del Guaviare | G36: Municipio o ciudad cercano a la sede o parque del ICANH | I36: 1 | J36: =IF('2. Cafam'!J49=0,"",'2. Cafam'!J49) -> 198300 | K36: =IF('2. Compensar'!J49=0,"",'2. Compensar'!J49) -> 850000 | L36: ='2. Dreams'!J49 -> 360000 | M36: N/A | N36: N/A | O36: N/A | P36: N/A | Q36: ='EM-ICANH-2025'!O34*(1+('2. Bienestar Salud'!$Q$2/100)) -> 112982.5 | R36: =IFERROR(_xlfn.STDEV.P(J36:Q36)/AVERAGE(J36:Q36),"") -> 0.75018932 | S36: =IFERROR(ROUND(AVERAGE(J36:Q36),-2),"") -> 380300 | T36: =IFERROR(ROUND(MEDIAN(J36:Q36),-2),"") -> 279200 | U36: =IFERROR(ROUND(GEOMEAN(J36:Q36),-2),"") -> 287700 | V36: =IFERROR(ROUND(HARMEAN(J36:Q36),-2),"") -> 224100
B37: 32 | E37: Nacional | F37: Telemedicina - Telesalud | I37: 1 | J37: N/A | K37: N/A | L37: ='2. Dreams'!J50 -> 360000 | M37: N/A | N37: N/A | O37: N/A | P37: N/A | Q37: N/A | R37: =IFERROR(_xlfn.STDEV.P(J37:Q37)/AVERAGE(J37:Q37),"") -> 0 | S37: =IFERROR(ROUND(AVERAGE(J37:Q37),-2),"") -> 360000 | T37: =IFERROR(ROUND(MEDIAN(J37:Q37),-2),"") -> 360000 | U37: =IFERROR(ROUND(GEOMEAN(J37:Q37),-2),"") -> 360000 | V37: =IFERROR(ROUND(HARMEAN(J37:Q37),-2),"") -> 360000
J38: =SUMPRODUCT($I$6:$I$37,J6:J37) -> 5403600 | K38: =SUMPRODUCT($I$6:$I$37,K6:K37) -> 13010000 | L38: =SUMPRODUCT($I$6:$I$37,L6:L37) -> 10400000 | M38: =SUMPRODUCT($I$6:$I$37,M6:M37) -> 2570000 | N38: =SUMPRODUCT($I$6:$I$37,N6:N37) -> 1460000 | O38: =SUMPRODUCT($I$6:$I$37,O6:O37) -> 2012300 | P38: =SUMPRODUCT($I$6:$I$37,P6:P37) -> 2414600 | Q38: =SUMPRODUCT($I$6:$I$37,Q6:Q37) -> 790877.5 | R38: =AVERAGE(R6:R37) -> 0.66474333 | S38: =SUMPRODUCT($I$6:$I$37,S6:S37) -> 6894400 | T38: =SUMPRODUCT($I$6:$I$37,T6:T37) -> 4896900 | U38: =SUMPRODUCT($I$6:$I$37,U6:U37) -> 5544600 | V38: =SUMPRODUCT($I$6:$I$37,V6:V37) -> 4585700
E43: METODO | F43: Costo Global Unitarios
E44: Promedio | F44: =S38 -> 6894400
E45: Mediana | F45: =T38 -> 4896900
E46: Media Geometrica | F46: =U38 -> 5544600
E47: Media Armonica | F47: =V38 -> 4585700

Sheet ResumenMetodos
A1: Item | B1: Actividad / Tipo de Examen | C1: Promedio | D1: Mediana | E1: Media Geometrica | F1: Media Armonica
C2: Valor Unitario (Incluye Impuestos) | D2: Valor Unitario (Incluye Impuestos) | E2: Valor Unitario (Incluye Impuestos) | F2: Valor Unitario (Incluye Impuestos)
A3: 1 | B3: DÍA DE LA FAMILIA - BOGOTA | C3: ='1. Bienestar Actividades'!Q6 -> 45600 | D3: ='1. Bienestar Actividades'!R6 -> 34400 | E3: ='1. Bienestar Actividades'!S6 -> 43000 | F3: ='1. Bienestar Actividades'!T6 -> 40900
A4: 2 | B4: DÍA DE LA FAMILIA CENTROS REGIONALES | C4: ='1. Bienestar Actividades'!Q7 -> 139800 | D4: ='1. Bienestar Actividades'!R7 -> 135000 | E4: ='1. Bienestar Actividades'!S7 -> 104300 | F4: ='1. Bienestar Actividades'!T7 -> 72700
A5: 3 | B5: DÍA DE LA FAMILIA - PARQUES HUILA Y TEYUNA | C5: ='1. Bienestar Actividades'!Q8 -> 139800 | D5: ='1. Bienestar Actividades'!R8 -> 135000 | E5: ='1. Bienestar Actividades'!S8 -> 104300 | F5: ='1. Bienestar Actividades'!T8 -> 72700
A6: 4 | B6: DÍA DE LA FAMILIA - PARQUE TIERADENTRO | C6: ='1. Bienestar Actividades'!Q9 -> 304900 | D6: ='1. Bienestar Actividades'!R9 -> 304900 | E6: ='1. Bienestar Actividades'!S9 -> 303900 | F6: ='1. Bienestar Actividades'!T9 -> 302800
A7: 5 | B7: DÍA DE LA FAMILIA - PARQUE SANTA MARÍA | C7: ='1. Bienestar Actividades'!Q10 -> 5280500 | D7: ='1. Bienestar Actividades'!R10 -> 5280500 | E7: ='1. Bienestar Actividades'!S10 -> 5279200 | F7: ='1. Bienestar Actividades'!T10 -> 5277800
A8: 6 | B8: RECONOCIMIENTO CUMPLEAÑOS - BOGOTA | C8: ='1. Bienestar Actividades'!Q11 -> 97900 | D8: ='1. Bienestar Actividades'!R11 -> 120000 | E8: ='1. Bienestar Actividades'!S11 -> 91700 | F8: ='1. Bienestar Actividades'!T11 -> 84900
A9: 7 | B9: RECONOCIMIENTO CUMPLEAÑOS - PARQUES TIERRADENTRO, SAN AGUSTÍN, IDOLOS, TEYUNA | C9: ='1. Bienestar Actividades'!Q12 -> 330000 | D9: ='1. Bienestar Actividades'!R12 -> 330000 | E9: ='1. Bienestar Actividades'!S12 -> 326200 | F9: ='1. Bienestar Actividades'!T12 -> 322400
A10: 8 | B10: RECONOCIMIENTO CUMPLEAÑOS - PARQUE SANTA MARIA DEL DARIEN | C10: ='1. Bienestar Actividades'!Q13 -> 167500 | D10: ='1. Bienestar Actividades'!R13 -> 167500 | E10: ='1. Bienestar Actividades'!S13 -> 160600 | F10: ='1. Bienestar Actividades'!T13 -> 154000
A11: 9 | B11: RECONOCIMIENTO CUMPLEAÑOS - CENTROS REGIONALES | C11: ='1. Bienestar Actividades'!Q14 -> 167500 | D11: ='1. Bienestar Actividades'!R14 -> 167500 | E11: ='1. Bienestar Actividades'!S14 -> 160600 | F11: ='1. Bienestar Actividades'!T14 -> 154000
A12: 10 | B12: TRABAJO EN EQUIPO E INTEGRACIÓN MEDIANTE TORNEO DE BOLOS. | C12: ='1. Bienestar Actividades'!Q15 -> 38645400 | D12: ='1. Bienestar Actividades'!R15 -> 48112500 | E12: ='1. Bienestar Actividades'!S15 -> 35471600 | F12: ='1. Bienestar Actividades'!T15 -> 31949600
A13: 11 | B13: CONSTRUCCIÓN DE HÁBITOS SALUDABLES MEDIANTE SESIONES DE YOGA | C13: ='1. Bienestar Actividades'!Q16 -> 4669900 | D13: ='1. Bienestar Actividades'!R16 -> 4587600 | E13: ='1. Bienestar Actividades'!S16 -> 2490300 | F13: ='1. Bienestar Actividades'!T16 -> 994500
A14: 12 | B14: CAPACITACIÓN EN NUTRICION | C14: ='1. Bienestar Actividades'!Q17 -> 8533300 | D14: ='1. Bienestar Actividades'!R17 -> 4500000 | E14: ='1. Bienestar Actividades'!S17 -> 5701300 | F14: ='1. Bienestar Actividades'!T17 -> 4084000
... A19: 17 | B19: APOYO A CELEBRACIONES NAVIDEÑAS AUTÓNOMAS DE FUNCIONARIOS ICANH. | C19: ='1. Bienestar Actividades'!Q22 -> 195600 | D19: ='1. Bienestar Actividades'!R22 -> 216900 | E19: ='1. Bienestar Actividades'!S22 -> 186700 | F19: ='1. Bienestar Actividades'!T22 -> 177000
A20: 1 | B20: Examen de Ingreso - Bogota D.C. | C20: ='2. Bienestar Salud'!S6 -> 111800 | D20: ='2. Bienestar Salud'!T6 -> 85000 | E20: ='2. Bienestar Salud'!U6 -> 93300 | F20: ='2. Bienestar Salud'!V6 -> 81200
A21: 2 | B21: Examen de Ingreso - Chocó | C21: ='2. Bienestar Salud'!S7 -> 218500 | D21: ='2. Bienestar Salud'!T7 -> 138100 | E21: ='2. Bienestar Salud'!U7 -> 182600 | F21: ='2. Bienestar Salud'!V7 -> 151900
A22: 3 | B22: Examen de Ingreso - Cauca | C22: ='2. Bienestar Salud'!S8 -> 181300 | D22: ='2. Bienestar Salud'!T8 -> 135000 | E22: ='2. Bienestar Salud'!U8 -> 150700 | F22: ='2. Bienestar Salud'!V8 -> 129200
A23: 4 | B23: Examen de Ingreso - Huila | C23: ='2. Bienestar Salud'!S9 -> 172100 | D23: ='2. Bienestar Salud'!T9 -> 85000 | E23: ='2. Bienestar Salud'!U9 -> 134600 | F23: ='2. Bienestar Salud'!V9 -> 110400
A24: 5 | B24: Examen de Ingreso - Huila | C24: ='2. Bienestar Salud'!S10 -> 172100 | D24: ='2. Bienestar Salud'!T10 -> 85000 | E24: ='2. Bienestar Salud'!U10 -> 134600 | F24: ='2. Bienestar Salud'!V10 -> 110400
A25: 6 | B25: Examen de Ingreso - Magdalena | C25: ='2. Bienestar Salud'!S11 -> 164600 | D25: ='2. Bienestar Salud'!T11 -> 85000 | E25: ='2. Bienestar Salud'!U11 -> 124700 | F25: ='2. Bienestar Salud'!V11 -> 99600
A26: 7 | B26: Examen de Ingreso - Guaviare | C26: ='2. Bienestar Salud'!S12 -> 189300 | D26: ='2. Bienestar Salud'!T12 -> 139200 | E26: ='2. Bienestar Salud'!U12 -> 161900 | F26: ='2. Bienestar Salud'!V12 -> 140900
A27: 8 | B27: Examen de Ingreso - Nacional | C27: ='2. Bienestar Salud'!S13 -> 125600 | D27: ='2. Bienestar Salud'!T13 -> 101800 | E27: ='2. Bienestar Salud'!U13 -> 101100 | F27: ='2. Bienestar Salud'!V13 -> 84900
A28: 9 | B28: Examen periódico - Programado - Bogota D.C. | C28: ='2. Bienestar Salud'!S14 -> 113800 | D28: ='2. Bienestar Salud'!T14 -> 85000 | E28: ='2. Bienestar Salud'!U14 -> 96200 | F28: ='2. Bienestar Salud'!V14 -> 84600
A29: 10 | B29: Examen periódico - Programado - Chocó | C29: ='2. Bienestar Salud'!S15 -> 219600 | D29: ='2. Bienestar Salud'!T15 -> 142400 | E29: ='2. Bienestar Salud'!U15 -> 184200 | F29: ='2. Bienestar Salud'!V15 -> 153500
A30: 11 | B30: Examen periódico - Programado - Cauca | C30: ='2. Bienestar Salud'!S16 -> 181600 | D30: ='2. Bienestar Salud'!T16 -> 125000 | E30: ='2. Bienestar Salud'!U16 -> 151600 | F30: ='2. Bienestar Salud'!V16 -> 130500
A31: 12 | B31: Examen periódico - Programado - Huila | C31: ='2. Bienestar Salud'!S17 -> 172900 | D31: ='2. Bienestar Salud'!T17 -> 87500 | E31: ='2. Bienestar Salud'!U17 -> 136100 | F31: ='2. Bienestar Salud'!V17 -> 112200
... A51: 32 | B51: Examen Médico de ingreso o periodico con énfasis en alturas - Nacional | C51: ='2. Bienestar Salud'!S37 -> 360000 | D51: ='2. Bienestar Salud'!T37 -> 360000 | E51: ='2. Bienestar Salud'!U37 -> 360000 | F51: ='2. Bienestar Salud'!V37 -> 360000
C52: =SUM(C3:C51) -> 121364800 | D52: =SUM(D3:D51) -> 129999100 | E52: =SUM(E3:E51) -> 108709300 | F52: =SUM(F3:F51) -> 97976800

Sheet 1. Cafam
D2: República de Colombia
D3: Instituto Colombiano de Antropología e Historia
D4: Formato de cotización
B6: Objeto | D6: Prestar servicios para la ejecución del Plan de Bienestar del Instituto Colombiano de Antropología e Historia, mediante la realización de actividades dirigidas a los servidores públicos de la Sede Central de Bogotá y de los parques arqueológicos a nivel nacional.
B7: Nombre o Razón Social | D7: CAJA DE COMPENSACIÓN FAMILIAR CAFAM | G7: NIT | J7: 860.013.570-3
B8: Persona de contacto | D8: Laura Ivonne Bossa Beltran | G8: Teléfono celular | J8: 3175934034
B9: Correo electrónico | D9: lbossa@cafam.com.co | G9: Teléfono fijo | J9: 6468000
B11: Instrucciones para el diligenciamiento de la cotización
B13: • Por favor diligenciar solo las celdas subrayadas en AZUL. • Revisar todos los requerimientos que se exponen en la ficha técnica y formular su cotización en concordancia con este, de tal forma que cumplan con la necesidad del Instituto. • Los precios unitarios deberán ser expresado en PESOS COLOMBIANOS y en números enteros. • Los precios deberán aproximarse por exceso o por defecto al entero más cercano así: (i) si es igual o superior a 50 centavos, se aproxima al entero siguiente; (ii) si es inferior a 50 centavos se baja al entero anterior. • El formato contiene los insumos de costos estimados por el Instituto por lo tanto no se permite modificar, agregar o quitar ningún ítem o sub-ítem. • Los precios cotizados deben contemplar todos los rubros requeridos para la adecuada prestación del servicio y el cumplimiento de las obligaciones tributarias y contractuales como los son trazabilidad del servicio, equipo mínimo de trabajo, impuestos entre otros.
B15: Notas: (1) Los valores unitarios deben incluir todos los costos y gastos directos e indirectos en que incurre el contratista durante la ejecución del contrato de acuerdo con las especificaciones de la ficha técnica, las obligaciones tributarias de acuerdo con las normas aplicables para el tipo de servicio y contrato correspondiente. (2) Tener en cuenta en el momento de cotizar, que el plazo de ejecución es estimado y podrá ser inferior. (3) Para efectos de la cotización, es importante tener en cuenta los requerimientos técnicos establecidos en la Ficha Técnica del presente proceso. (4) Las cantidades señaladas son estimadas, por lo tanto, estas pueden tener o no variación. (5) Los lugares de ejecución se describen en el documento de Condiciones Técnicas Esenciales que corresponden a los siguientes:
B16: La Entidad requiere la prestación de servicios para el desarrollo de las actividades contempladas en el Plan Institucional de Bienestar e Incentivos del ICANH, las cuales podrán ejecutarse en Bogotá, centros regionales y parques arqueológicos, de acuerdo con las necesidades institucionales y la programación definida por la Entidad. El contratista deberá garantizar la disponibilidad de los recursos humanos, técnicos, logísticos, operativos y demás elementos necesarios para la adecuada ejecución de cada actividad, conforme a las especificaciones técnicas establecidas en el presente documento y en las Condiciones Técnicas Esenciales del proceso. NOTA 1: Las cantidades, participantes, sesiones, bonos, pasadías, entradas, actividades, talleres y demás unidades relacionadas en la presente solicitud corresponden a estimaciones realizadas con base en la información disponible al momento de estructurar el proceso. Durante la ejecución contractual estas podrán aumentar o disminuir de acuerdo con las necesidades institucionales, la participación efectiva de los servidores públicos, novedades administrativas, ingresos o retiros de personal, traslados, comisiones, vacaciones, incapacidades u otras situaciones que afecten la asistencia o participación en las actividades programadas. NOTA 2: La programación definitiva de las actividades, así como la confirmación del número de participantes, fechas, horarios y lugares de ejecución, será informada oportunamente por el supervisor del contrato, de acuerdo con las necesidades de la Entidad y la planeación institucional. NOTA 3: El ICANH podrá realizar ajustes en la distribución de cantidades entre actividades, sedes, parques arqueológicos o centros regionales, siempre que no se modifique el valor total del contrato ni la naturaleza de las obligaciones contractuales.
B17: SERVICIOS REQUERIDOS
B18: Item | C18: Actividad | D18: Descripción | E18: Requerimientos Técnicos Y Logísticos Generales | F18: Requerimiento Especifico | G18: Intensidad Horaria Minima Por Sesion | H18: Cantidad Estimada De Sesiones | I18: Participantes | J18: Ubicación | K18: Unidad De Medida | L18: Canitdad De La Unidad De Medida | M18: Valor Unitario (Incluye Impuestos) | N18: Total (Incluye Impuestos)
B19: 1 | C19: DÍA DE LA FAMILIA - BOGOTA | D19: Conmemoración del día de la familia se hará entrega de Bono para que los funcionarios junto al nucleo familiar disfruten de una pelicula de su elección en formato 2D o 3D adicionalmente 1 combo sencillo | E19: Los bonos tendrán vigencia de un (1) año contados a partir de la fecha de entrega. Esta actividad está dirigida a los servidores públicos del ICANH. | F19: El contratista deberá gestionar y proveer boletas para cine en formato 2D o 3D para cada uno de los funcionarios acompañado por un bono de alimentación individual qen las salas de cine que ofresca el operador (Bogotá) para los servidores públicos del Instituto Colombiano de Antropología e Historia (ICANH) con sede en la ciudad de Bogotá, extensivo a su núcleo familiar. Los bonos suministrados deberán garantizar el acceso a los funcionarios y sus familias a las salas de cine designadas en cualquier horario y para la pelicula que el funcionario y su familia escojan. Cada bono entregado debe incluir un refrigerio por participante, el cual deberá componerse obligatoriamente de los siguientes elementos: Plato principal: Una crispeta de 100 gramos Bebida: Una (1) unidad de gaseosa (o bebida equivalente de 532 ML). Los bonos podrán ser redimibles de lunes a domingo. | G19: N/A | H19: N/A | I19: 390 | J19: BOGOTÁ | K19: Bono | L19: 390 | M19: 34394 | N19: =ROUND(M19*L19,0) -> 13413660
B20: 2 | C20: DÍA DE LA FAMILIA CENTROS REGIONALES | D20: Desarrollar actividad de integración denominada Día de la Familia, dirigida a los colaboradores de los centros regionales del Instituto Colombiano de Antropología e Historia, orientada al fortalecimiento de los vínculos familiares, el bienestar laboral, la integración y los espacios recreativos para los funcionarios y sus familias. Para los centros regionales Pacífico y Caribe, la actividad incluirá la entrega de bonos de cine como incentivo recreativo y de bienestar. | E20: Planeación, coordinación y ejecución de la actividad conforme a los lineamientos definidos por el ICANH. Garantizar cobertura y atención para los participantes de los centros regionales definidos. Suministro de bonos de cine para los funcionarios de los centros regionales Pacífico y Caribe. Coordinación logística para la entrega física o digital de los bonos. Los bonos deberán contar con información clara sobre condiciones de uso, vigencia, cobertura y restricciones aplicables. Garantizar atención y soporte frente a novedades relacionadas con redención o activación de los bonos. Coordinación previa con el supervisor designado por el ICANH para validación de cantidades, beneficiarios y cronograma de entrega. Registro o soporte de entrega de los bonos suministrados. Cumplimiento de los tiempos establecidos para ejecución de la actividad y entrega de incentivos. | F20: Los bonos de cine deberán ser válidos para salas de cine reconocidas y con cobertura en las regiones Pacífico y Caribe. Los bonos deberán permitir el acceso a funciones de cine en horarios y fechas disponibles conforme a la programación de los establecimientos. La vigencia de los bonos deberá ser suficiente para garantizar su adecuada utilización por parte de los beneficiarios. Posibilidad de manejo físico o digital de los bonos de cine. Los bonos podrán incluir ingreso individual o familiar, conforme a las condiciones definidas por el ICANH. Presentación previa de opciones de establecimientos, cobertura y condiciones de redención para aprobación del ICANH. Entrega de informe o soporte de ejecución de la actividad cuando sea requerido por el ICANH. Garantizar que los bonos sean nuevos, válidos y plenamente funcionales al momento de su entrega. | G20: N/A | H20: N/A | I20: 15 | J20: PACIFICO Y CARIBE | K20: Bono | L20: 15 | M20: 250884 | N20: =ROUND(M20*L20,0) -> 3763260
B21: 3 | C21: DÍA DE LA FAMILIA - PARQUES HUILA Y TEYUNA | D21: Conmemoración del día de la familia se hará entrega de Bono para que los funcionarios junto al nucleo familiar disfruten de una pelicula de su elección en formato 2D o 3D adicionalmente 1 combo sencillo | E21: Los bonos tendrán vigencia de un (1) año contados a partir de la fecha de entrega. Esta actividad está dirigida a los servidores públicos del ICANH. | F21: El contratista deberá gestionar y proveer boletas para cine en formato 2D o 3D para cada uno de los funcionarios acompañado por un bono de alimentación individual qen las salas de cine que ofresca el operador (San Agustín, Idolos, Santa Marta) para los servidores públicos del Instituto Colombiano de Antropología e Historia (ICANH) con sede en la ciudad de Bogotá, extensivo a su núcleo familiar. Los bonos suministrados deberán garantizar el acceso a los funcionarios y sus familias a las salas de cine designadas en cualquier horario y para la pelicula que el funcionario y su familia escojan. Cada bono entregado debe incluir un refrigerio por participante, el cual deberá componerse obligatoriamente de los siguientes elementos: Plato principal: Una crispeta de 100 gramos Bebida: Una (1) unidad de gaseosa (o bebida equivalente de 532 ML). Los bonos podrán ser redimibles de lunes a domingo. | G21: N/A | H21: N/A | I21: 140 | J21: Huila | K21: Bono | L21: 140 | M21: 250884 | N21: =ROUND(M21*L21,0) -> 35123760
B22: 4 | C22: DÍA DE LA FAMILIA - PARQUE TIERADENTRO | D22: Desarrollar la conmemoración del Día de la Familia para los funcionarios del ICANH mediante la entrega y ejecución de pasadías recreativos dirigidos a los funcionarios y su núcleo familiar, orientados a fortalecer los vínculos familiares, promover espacios de integración, bienestar y esparcimiento, así como incentivar la recreación y el aprovechamiento del tiempo libre en entornos rurales o campestres. La actividad deberá contemplar acceso a instalaciones recreativas, zonas verdes y piscina, así como servicio de alimentación para los asistentes, garantizando condiciones adecuadas de comodidad, seguridad y atención durante la jornada. | E22: Los pasadias tendrán vigencia de un (1) año contados a partir de la fecha de entrega. Esta actividad está dirigida a los servidores públicos del ICANH pertenecientes al parque de Tierradentro. | F22: El pasadía deberá incluir acceso a piscina y demás zonas recreativas disponibles en el lugar. El servicio de alimentación deberá contemplar mínimo almuerzo y refrigerio, conforme a lo definido por el ICANH. Los espacios seleccionados deberán contar con condiciones adecuadas para actividades familiares y recreativas. Disponibilidad de opciones recreativas o actividades complementarias para niños y adultos, cuando aplique. Los establecimientos deberán contar con servicios sanitarios, zonas de descanso y áreas comunes en adecuadas condiciones. Presentación previa de propuestas de lugares o parques recreativos para aprobación del ICANH. Garantizar cobertura y capacidad suficiente para atención de los grupos familiares participantes. Los pasadías deberán incluir información clara sobre horarios, servicios incluidos y condiciones de ingreso. Entrega de informe o soporte de ejecución de la actividad cuando sea requerido por el ICANH. Los pasadías podrán ser redimibles de lunes a domingo. | G22: N/A | H22: N/A | I22: 41 | J22: Cauca | K22: Pasadía | L22: 41 | M22: 329733 | N22: =ROUND(M22*L22,0) -> 13519053
B23: 5 | C23: DÍA DE LA FAMILIA - PARQUE SANTA MARÍA | D23: Desarrollar una actividad por medio de la cual se logre la integración de los trabajadores oficiales del ICANH, que desarrollan actividades en el parque Santa María de la Antigua del Darién, junto a los miembros de sus familias. | E23: Se requiere desarrollar una actividad de asado para 7 trabajadores oficiales y su familias, en el cual se promueva la integración, la comunicación y el liderazgo. | F23: Lugar: La actividad se debe desarrollar en un lugar cercano al parque se Santa María de la Antigua del Darien, en el horario y día establecido por el ICANH. Parrillada por persona: Chata de res (130 g), pierna pernil, deshuesada (250g), chorizo (50 g), Morcilla (60g), plátano al horno, papa salada, chimichurri y guacamole, acompañado de jugo o gaseosa de 300ml Tener en cuenta todos los elementos desechables para servir y demás utensilios necesarios para el evento. Adicionalmente se debe garantizar que haya sonido, en la medida de lo posible una persona encargada de la música. | G23: 4 H | H23: 1 | I23: 20 | J23: Vereda de Santuario, corregimiento de Tanela | K23: Actividad | L23: 1 | M23: 5161020 | N23: =ROUND(M23*L23,0) -> 5161020
B24: 6 | C24: RECONOCIMIENTO CUMPLEAÑOS - BOGOTA | D24: Reconocimiento a servidores de planta | E24: Entrega de bono de alimentación en dos tipos de restaurante reconcido | F24: Se requierere reconcocer por cumpleaños a los servidores de planta del ICANH, a través de un bono de alimentación Alimentación: Incluye: plato fuerte y bebida. Los bonos podrán ser redimibles de lunes a domingo. | G24: N/A | H24: N/A | I24: 150 | J24: La actividad de cine en familia se debe desarrollar en cinemas de cubrimiento a nivel Nacional. | K24: Bono | L24: 150 | M24: 120193 | N24: =ROUND(M24*L24,0) -> 18028950
B25: 7 | C25: RECONOCIMIENTO CUMPLEAÑOS - PARQUES TIERRADENTRO, SAN AGUSTÍN, IDOLOS, TEYUNA | D25: Reconocimiento por cumpleaños | E25: Los pasadias tendrán vigencia de un (1) año contados a partir de la fecha de entrega. Esta actividad está dirigida a los servidores públicos del ICANH pertenecientes a los parques: Tierradentro, San Agustín, Idolos y Teyuna. | F25: Pasadía en un entorno rural o campestre. El servicio contratado debe garantizar el uso exclusivo o preferencial de áreas recreativas, específicamente zona de piscinas y espacios de esparcimiento, además de un esquema integral de alimentación que incluya estaciones de café, refrigerios y almuerzo, no incluye transporte, por ello es importante que esté en un lugar accequible y que facilite la llegada de los funcionarios y sus famialiares. Los pasadías podrán ser redimibles de lunes a domingo. | G25: N/A | H25: N/A | I25: 50 | J25: HUILA, CAUCA, SANTA MARTA | K25: Pasadía | L25: 50 | M25: 379910 | N25: =ROUND(M25*L25,0) -> 18995500
B26: 8 | C26: RECONOCIMIENTO CUMPLEAÑOS - PARQUE SANTA MARIA DEL DARIEN | D26: Reconocimiento por cumpleaños | E26: Entrega de bono para almuerzo en un restaurante local cerca del parque Santa Maria del Darien | F26: Se requierere concocer por cumpleaños a los servidores de planta del ICANH, a través de un bono de alimentación Lugar: sugerencia Creppes y Wafles y el corral Alimentación: Incluye: plato fuerte y bebida. Los bonos podrán ser redimibles de lunes a domingo y tener vigencia mínima de 1 año. | G26: N/A | H26: N/A | I26: 6 | J26: SANTA MARIA DEL DARIEN | K26: Bono | L26: 6 | M26: 215044 | N26: =ROUND(M26*L26,0) -> 1290264
B27: 9 | C27: RECONOCIMIENTO CUMPLEAÑOS - CENTROS REGIONALES | D27: Desarrollar actividad de reconocimiento de cumpleaños para los funcionarios de los centros regionales del ICANH, orientada a fortalecer el bienestar laboral, la motivación, la integración y el sentido de pertenencia institucional, mediante la entrega de bonos de alimentación como incentivo y reconocimiento en fechas especiales para los colaboradores homenajeados. | E27: Planeación y coordinación de la actividad conforme a las fechas y lineamientos establecidos por el ICANH. Suministro de bonos de alimentación para los funcionarios definidos por el ICANH. Garantizar que los bonos sean redimibles en establecimientos autorizados y en condiciones adecuadas de calidad y servicio. Coordinación logística para la entrega física o digital de los bonos. Los bonos deberán contener información clara sobre condiciones de uso, vigencia y cobertura. Garantizar atención y soporte frente a novedades relacionadas con redención o activación de los bonos. Coordinación previa con el supervisor designado por el ICANH para validación de cantidades y beneficiarios. Registro o soporte de entrega de los bonos suministrados. Cumplimiento de los tiempos establecidos para la entrega de los incentivos. | F27: Los bonos de alimentación deberán ser individuales y corresponder al número de funcionarios definidos por el ICANH. Los establecimientos autorizados para redención deberán ofrecer condiciones adecuadas de calidad, atención e higiene. Los bonos deberán contar con una vigencia de 1 año para su utilización por parte de los beneficiarios. Posibilidad de manejo físico o digital de los bonos de alimentación. Presentación previa de opciones de establecimientos o cobertura para aprobación del ICANH. Garantizar cobertura en las ciudades o municipios donde se encuentren ubicados los centros regionales. Entrega de informe o soporte de ejecución de la actividad cuando sea requerido por el ICANH. Garantizar que los bonos permitan acceso a opciones variadas de alimentación. | G27: N/A | H27: N/A | I27: 5 | J27: PACIFICO Y CARIBE | K27: Bono | L27: 5 | M27: 215044 | N27: =ROUND(M27*L27,0) -> 1075220
B28: 10 | C28: TRABAJO EN EQUIPO E INTEGRACIÓN MEDIANTE TORNEO DE BOLOS. | D28: Actividad de bienestar tipo integración que estimule el trabajo en equipo mediante un torneo de bolos y tiene como objetivo principal fomentar la colaboración, formulación de estrategias y la comunicación efectiva entre los participantes. | E28: Dos (2) jornadas para la primer ronda y una jornada para la final. Para la primera ronda, se distribuira el grupo total de participantes en dos jornadas acordadas entre el proveedor y el suoervisor del ICANH. | F28: Se realizará un torneo de bolos para 170 funcionarios conformado equipos de cuatro (4) personas, quienes tendrán dos líneas por cada jugador. Se jugará una primera ronda en las fechas y horarios establecidos previamente entre el proveedor y el ICANH. Se llevará a cabo la final con los mejores cinco (5) equipos de la primera ronda en las fechas y horarios establecidos previamente entre el proveedor y ICANH Se premian a los 3 mejores equipos, mejor línea masculina y mejor línea femenina. Los grupos serán conformados de manera aleatoria por parte del contratista. La actividad deberá contar con por lo menos siete (7) recreadores que acompañen el torneo y el personal que lleve a cabo las actividades Alquiler de pistas, alquiler de zapatos, anotadores, veeduría, apoyo medico, anotadores, congreso técnico, boletines informativos, organización y coordinación, premiación en trofeos y medallas para los tres primeros puestos. Se debe contar con actividad de clausura y reconocimientos del torneo. Lugar: La actividad se debe desarrollar en la bolera que el operador disponga y que cumpla con las disposiciones técnicas en la ciudad de Bogotá, en los horarios y día establecido con la Entidad. Refrigerio: Una Hamburguesa con queso de 160grs de carne de res Papa a la francesa y Gaseosa o Jugo natural en agua. Opción para jornada final: Un perro junior papa francesa Gaseosa o Jugo natural en agua. Vegetariano: Canelloni de Ricotta y Espinaca-Gaseosa Vegetariano para jornada final: Linguini Primavera + Gaseosa Nota 1: El supervisor del contrato informará con 2 días de anticipación el número de asistentes a la actividad a efecto de que el contratista en este ítem solamente efectúe el cobro a partir del número de participantes informado. Duración: Cuatro (4) horas cada jornada Transporte: traslado ICANH - Bolera Premiación: El proveedor debera suministrar cinco (5) opciones de premiación para los tres primeros puestos, de los cuales el supervisor escogera tres (3). Así mismo, el proveedor sumistrará cinco (5) opciones de premiación para la mejor linea femenina y mejor línea masculina, de los cualesel supervisor escogera tres (3). Tener en cuenta que se debe distribuir presupuesto para 4 jornadas: dos jornadas iniciales, ronda final y premiación. | G28: N/A | H28: 3 | I28: 145 | J28: BOGOTÁ | K28: Torneo | L28: 1 | M28: 48112524 | N28: =ROUND(M28*L28,0) -> 48112524
B29: 11 | C29: CONSTRUCCIÓN DE HÁBITOS SALUDABLES MEDIANTE SESIONES DE YOGA | D29: Ofrecer clases de yoga, con el fin de promover el bienestar físico y mental, reducir el estrés y mejorar la salud integral de los beneficiarios. | E29: Dos sesiones de yoga para 30 personas, cada sesión. | F29: Llvar a cabo dos sesiones de yoga para 30 personas en instalaciones de del ICANH (Auditorio Paul Rivet). El proveedor deberá suministrar en calidad de prestamo las Mats a cada uno de los participantes. Cada sesión deberá ser de 60 minutos adpatadas para todo tipo de niveles (principiante, intermedio y avanzado). Asi mismo, se deberá contar con sistema de sonido y acompañamiento de instructor (a), quien deberá contar con título de instructor de yoga y certificar mínimo 3 años comprobables impartiendo clases a grupos. Se deberá cumplir con todas las normas de higuiene y de seguridad para cada uno de los participantes. Antes de cda inicio de jornada, el instructor deberá realizar una breve entrevista inicial a los alumnos sobre lesiones o condiciones médicas. | G29: 2H | H29: 2 | I29: 30 | J29: BOGOTÁ | K29: Actividad | L29: 2 | M29: 4587574 | N29: =ROUND(M29*L29,0) -> 9175148
B30: 12 | C30: CAPACITACIÓN EN NUTRICION | D30: Desarrollar una jornada de capacitación en nutrición orientada a promover hábitos de alimentación saludable, bienestar integral y prevención de riesgos asociados a una alimentación inadecuada, dirigida a los colaboradores del Instituto Colombiano de Antropología e Historia. La actividad deberá incluir componentes pedagógicos y participativos que faciliten la apropiación de conocimientos y buenas prácticas alimentarias aplicables en el entorno laboral y personal. | E30: Profesional idóneo en nutrición y dietética con experiencia certificada en capacitaciones empresariales o institucionales. Planeación y desarrollo de la jornada conforme a los lineamientos de bienestar institucional. Disponibilidad de ayudas audiovisuales para el desarrollo de la capacitación (video beam, computador, sonido y micrófono, en caso de requerirse). Entrega de material de apoyo físico o digital para los participantes. Metodología participativa y dinámica que incentive la interacción de los asistentes. Coordinación logística previa con el supervisor designado por el ICANH. Garantizar el cumplimiento de normas de seguridad y salud en el trabajo durante la ejecución de la actividad. Registro de asistencia y evidencia fotográfica de la jornada. 3 SESIONES PRESENCIALES 40 PERSONAS | F30: Desarrollo de contenidos relacionados con alimentación balanceada, hábitos saludables, hidratación, lectura de etiquetado nutricional y prevención de enfermedades asociadas con una inadecuada alimentación. Realización de actividades prácticas o dinámicas pedagógicas que faciliten el aprendizaje y la participación de los asistentes. Espacio destinado para preguntas e interacción con los participantes. Duración mínima sugerida de dos (2) horas. Presentación de agenda o plan de trabajo previo a la ejecución de la actividad. Entrega de recomendaciones nutricionales aplicables al entorno laboral. La actividad deberá incluir un refrigerio saludable para los asistentes, garantizando adecuadas condiciones de higiene, manipulación y conservación de los alimentos. Espacio de asesoria personalizada. | G30: 2 H | H30: 3 | I30: 40 | J30: BOGOTA | K30: Actividad | L30: 3 | M30: 18923742 | N30: =ROUND(M30*L30,0) -> 56771226
B31: 13 | C31: SESIONES DEPORTIVAS (AEROBICOS, ZUMBA) | D31: Prestación de servicios para el desarrollo de sesiones deportivas de aeróbicos y zumba dirigidas a los colaboradores del ICANH, orientadas a fomentar hábitos de vida saludable, actividad física, integración, bienestar físico y mental, así como el fortalecimiento del clima laboral mediante espacios recreativos y participativos. | E31: Contar con instructores certificados o con experiencia comprobada en actividades físicas dirigidas, aeróbicos y zumba. Planeación, coordinación y ejecución integral de las sesiones deportivas conforme a la programación definida por el ICANH. Disponibilidad de equipos de sonido, micrófonos y recursos técnicos necesarios para el adecuado desarrollo de las actividades. Garantizar espacios adecuados, seguros, ventilados y con capacidad suficiente para la participación de los asistentes. Cumplimiento de las normas de seguridad y salud en el trabajo durante el desarrollo de las jornadas. Coordinación logística previa con el supervisor designado por el ICANH. Registro de asistencia y evidencias fotográficas o audiovisuales de las actividades realizadas. Puntualidad en el inicio y finalización de cada sesión programada. Disponibilidad de hidratación para los participantes durante el desarrollo de las actividades. Contar con apoyo logístico para organización y acompañamiento de los asistentes. En caso de modalidad virtual, garantizar plataforma tecnológica estable y acompañamiento técnico durante las sesiones. | F31: Desarrollo de rutinas dinámicas, recreativas y participativas adaptadas a diferentes niveles de condición física. Inclusión de ejercicios de calentamiento, actividad principal y estiramiento o recuperación al finalizar cada sesión. Duración mínima sugerida de una (1) hora por sesión. Uso de música adecuada y motivacional para el desarrollo de las actividades deportivas. Posibilidad de realizar sesiones periódicas conforme a la programación establecida por el ICANH. Garantizar que las actividades sean inclusivas y promuevan la participación de los funcionarios. Presentación previa de cronograma o metodología de trabajo para aprobación del ICANH, cuando sea requerido. En caso de requerirse, incluir elementos básicos de apoyo para actividad física como colchonetas, bandas elásticas u otros accesorios deportivos. Promoción de hábitos saludables y estrategias de bienestar físico y mental durante las jornadas. | G31: 1H | H31: 1 AL MES (julio a diciembre) | I31: 30 | J31: BOGOTÁ Y PARQUES | K31: Actividad | L31: 6 | M31: 1218574 | N31: =ROUND(M31*L31,0) -> 7311444
B32: 14 | C32: CELEBRACION DE AMOR Y AMISTAD "ICANH EN CONEXIÓN" | D32: Actividad institucional orientada a fortalecer la integración, el bienestar y los espacios de convivencia entre los servidores del ICANH, mediante el desarrollo de una jornada temática de Amor y Amistad que combine actividades recreativas, culturales y de bienestar. La celebración estará enfocada en generar espacios de participación e interacción entre los funcionarios a través de actividades como bingo de la amistad, muro de mensajes positivos, trivia institucional y espacios de integración acompañados de ambientación temática, música y refrigerio. La jornada busca promover el compañerismo, el reconocimiento entre equipos de trabajo y el fortalecimiento de las relaciones interpersonales dentro de la entidad. | E32: Planeación, organización y ejecución integral de la actividad. Presentación previa de agenda, metodología y cronograma de trabajo. Disponibilidad de personal logístico para acompañamiento y desarrollo de la jornada. Adecuación y ambientación del espacio con temática de Amor y Amistad. Disponibilidad de sonido básico y música ambiental. Suministro de materiales e insumos requeridos para el desarrollo de las actividades. Garantizar espacios adecuados para la participación e integración de los asistentes. Implementación de actividades lúdicas y participativas acordes con el entorno institucional. Cumplimiento de condiciones de organización, seguridad e higiene durante la ejecución de la actividad. Coordinación previa con la entidad para la definición de horarios, espacios y necesidades logísticas. | F32: Desarrollo de actividades de integración como bingo de la amistad, trivia institucional y dinámicas grupales. Instalación de un espacio denominado “Mensajes que inspiran”, donde los asistentes puedan compartir mensajes positivos y de reconocimiento entre compañeros. Inclusión de ambientación temática y decoración acorde con la celebración de Amor y Amistad. Desarrollo de espacios de interacción y participación voluntaria de los funcionarios. Disponibilidad de facilitador o animador para el desarrollo de las actividades. Entrega de premios simbólicos para las dinámicas propuestas. La actividad deberá incluir refrigerio para los asistentes, garantizando adecuadas condiciones de higiene, manipulación y conservación de alimentos. Duración sugerida de la actividad: mínimo dos (5) horas. Entrega previa de agenda y plan de trabajo para aprobación por parte de la entidad. | G32: 5H | H32: 1 | I32: 120 participantes | J32: BOGOTÁ | K32: Actividad | L32: 120 | M32: 250884 | N32: =ROUND(M32*L32,0) -> 30106080
B33: 15 | C33: CIERRE DE GESTIÓN. | D33: Cierre de año de gestión: Actividad a las afueras de la ciudad en espacio recreativo con característica de uso exclusivo en esa jornada en donde se concentren diferentes tipos de actividades para que realicen, asegurando alimentación (almuerzo). | E33: Alimentación: Almuerzo completo tipo ejecutivo o buffet, con opción vegetariana. servido en sitio o entregado al ingreso. Punto de hidratación continuo (botellones con vasos o estaciones con botellas individuales). | F33: Recurso técnico: Espacio recreativo en arriendo exclusivo, con zonas verdes, salones multiuso y espacios cubiertos en caso de lluvia. Póliza de seguros y/o asistencia médica temporal durante el desarrollo de la jornada. Baños suficientes, señalizados y con mantenimiento durante la jornada. Coordinación de transporte de materiales y montaje con anticipación al día del evento. Listado de asistencia y mecanismos de control de ingreso (registro digital o manual). Materiales para el taller: Sonido profesional: consola, parlantes, micrófonos inalámbricos (mínimo 2). Tarima o espacio acondicionado para intervenciones: para presentaciones o actividades culturales. Equipamiento recreativo: kits deportivos (balones, conos, cuerdas, inflables si aplica), mesas de ping pong, tableros, entre otros según actividades. Sillas, mesas y carpas: especialmente para zona de alimentación, descanso y actividades estáticas. Señalética y puntos informativos móviles: que permitan orientar a los funcionarios sobre horarios, estaciones o rutas internas. Registro fotográfico y/o audiovisual (opcional): equipo básico de cámara y operador. Botiquín completo y señal de emergencias visibles. Recurso humano: Coordinador/a general de la actividad: encargado/a de la ejecución integral y cronograma. Equipo logístico de apoyo (mínimo 4 personas): para montaje, señalización, orientación en sitio y control de tiempos. Maestro/a de ceremonias o animador/a: para dinamizar las actividades, realizar sorteos o intervenciones. Facilitadores/as o recreadores/as: para liderar actividades lúdicas, deportivas o integradoras por estaciones. Profesionales de primeros auxilios o enfermero/a de turno (si no está incluido en el lugar contratado). Personal de apoyo para entrega de alimentación e hidratación (puede ser del operador del lugar). Transporte: Se requiere que el contratista disponga del transporte ida y vuelta para los asistentes del evento. | G33: 8H | H33: 1 | I33: 150 participantes | J33: BOGOTÁ | K33: Actividad | L33: 1 | M33: 59136693 | N33: =ROUND(M33*L33,0) -> 59136693
B34: 16 | C34: CIERRE DE GESTIÓN PARQUES Y CENTROS REGIONALES | D34: Cierre de año de gestión: Actividad diseñada según las condiciones de cada parque en un espacio recreativo con característica de uso exclusivo en esa jornada en donde se concentren diferentes tipos de actividades para que realicen, asegurando alimentación (almuerzo y un refrigerio). | E34: Alimentación: Almuerzo completo tipo ejecutivo o buffet, con opción vegetariana. Refrigerio tipo mañana o tarde, servido en sitio o entregado al ingreso. Punto de hidratación continuo (botellones con vasos o estaciones con botellas individuales). | F34: "Recurso técnico: Espacio recreativo en arriendo exclusivo, con zonas verdes, salones multiuso y espacios cubiertos en caso de lluvia. Póliza de seguros y/o asistencia médica temporal durante el desarrollo de la jornada. Baños suficientes, señalizados y con mantenimiento durante la jornada. Coordinación de transporte de materiales y montaje con anticipación al día del evento. Listado de asistencia y mecanismos de control de ingreso (registro digital o manual). Materiales para el taller: Sonido profesional: consola, parlantes, micrófonos inalámbricos (mínimo 2). Tarima o espacio acondicionado para intervenciones: para presentaciones o actividades culturales. Equipamiento recreativo: kits deportivos (balones, conos, cuerdas, inflables si aplica), mesas de ping pong, tableros, entre otros según actividades. Sillas, mesas y carpas: especialmente para zona de alimentación, descanso y actividades estáticas. Señalética y puntos informativos móviles: que permitan orientar a los funcionarios sobre horarios, estaciones o rutas internas. Registro fotográfico y/o audiovisual (opcional): equipo básico de cámara y operador. Botiquín completo y señal de emergencias visibles. Recurso humano: Coordinador/a general de la actividad: encargado/a de la ejecución integral y cronograma. Equipo logístico de apoyo (mínimo 4 personas): para montaje, señalización, orientación en sitio y control de tiempos. Maestro/a de ceremonias o animador/a: para dinamizar las actividades, realizar sorteos o intervenciones. Facilitadores/as o recreadores/as: para liderar actividades lúdicas, deportivas o integradoras por estaciones. Profesionales de primeros auxilios o enfermero/a de turno (si no está incluido en el lugar contratado). Personal de apoyo para entrega de alimentación e hidratación (puede ser del operador del lugar). Transporte: Se requiere que el contratista disponga del transporte ida y vuelta para los asistentes del evento." Para el parque Santa Maria del Darien sería conveniente que el evento se desarrollará en el parque, por ello es necesario que el operador logistico haga un scaner minucioso de la zona y con ello prestar el servicio de manera adecuada, importante que el evento se realice con el suficiente tiempo para prevenir toda situación adversa que pueda retrasar o importunar en las actividades. | G34: 8H | H34: 1 | I34: 60 participantes | J34: SANTA MARIA DEL DARIEN SANTA MARTA HUILA CAUCA TUMACO | K34: Evento | L34: 60 | M34: 358404 | N34: =ROUND(M34*L34,0) -> 21504240
B35: 17 | C35: APOYO A CELEBRACIONES NAVIDEÑAS AUTÓNOMAS DE FUNCIONARIOS ICANH. | D35: La actividad se desarrollará durante tres (3) días consecutivos en jornada de medio día, incluyendo atención presencial y transmisión virtual para funcionarios ubicados fuera de Bogotá. | E35: De acurdo a la ficha de condiciones tecnicas | F35: Se entregarán 130 regalos para distribución en los niños y niñas hijos de funcionarios y menores de 16 años. Condiciones para la entrega de regalos a niños entre 0 y 15 años en la celebración navideña • El contratista presentara listado de juguetes para niños en el rango de edades de los 0 y 16 años. • Los juguetes deben ser de primera calidad y de marcas reconocidas en el mercado que garanticen la calidad del producto. • La cantidad estimada de juguetes es de 130, de los cuales se estima que en promedio tengan un valor unitario de $90.000, de acuerdo con los históricos de la entidad. • El Contratista presentará tres (3) proveedores dentro de los cuales estará el proveedor sugerido por el ICANH • La Entidad elegirá el proveedor que más se ajuste al cumplimiento de las necesidades técnicas. • El contratista presentará certificación de cambio por garantía en los términos establecidos en la Ley 1480 de 2011 Estatuto del Consumidor Los regalos serán entregados en la sede Bogotá. Se entregará después de definidos los proveedores, un listado desde Talento Humano de los datos de los niños teniendo en cuenta género y edad y con base en ello el operador entregará los regalos empacados en papel regalo y con tarjeta que indica el nombre, edad y ubicación para que el ICANH realice la distribución adecuada. | G35: N/A | H35: N/A | I35: 130 participantes | J35: NACIONAL | K35: Actividad (incluye obsequios) | L35: 130 | M35: 216850 | N35: =ROUND(M35*L35,0) -> 28190500
B37: NOTA: El valor que debe registrarse en el cuestionario de SECOP II, numeral 1, corresponde al valor total (incluidos impuestos) contenido en la celda N44 de la presente hoja. | I37: TOTAL (Incluye Impuestos) | N37: =SUM(N19:N35) -> 370678542
B39: La presente cotización:
B40: • Se remite como parte del estudio de mercado, previo a la contratación, y no implica ninguna obligación de contratar. • El Icanh no se hace responsable de ningún costo directo o indirecto en que incurra el potencial proveedor para presentar la actual cotización, dado que se recibe de buena fe, como fuente de información de precios de referencia del mercado para el estudio de sector. • Tiene una vigencia de 90 días a partir de la fecha de diligenciamiento.
B41: Inscripción en el Registro Único de Proponentes: Las personas naturales y jurídicas, nacionales o extranjeras, con domicilio en Colombia, interesadas en participar en procesos de contratación convocados por las entidades estatales, deben estar inscritas en el RUP, salvo las excepciones previstas de forma taxativa en la ley (Artículo 2.2.1.1.1.5.1 del Decreto 1082 de 2015). Se aclara que esta inscripción no se requiere para remitir cotización durante el estudio de sector.
B48: FIRMA REPRESENTANTE LEGAL

Sheet 2. Cafam
D2: República de Colombia
D3: Instituto Colombiano de Antropología e Historia
D4: Formato de cotización
B6: Objeto | D6: ='1. Cafam'!D6 -> Prestar servicios para la ejecución del Plan de Bienestar del Instituto Colombiano de Antropología e Historia, mediante la realización de actividades dirigidas a los servidores públicos de la Sede Central de Bogotá y de los parques arqueológicos a nivel nacional.
B7: Nombre o Razón Social | D7: ='1. Cafam'!D7 -> CAJA DE COMPENSACIÓN FAMILIAR CAFAM | I7: NIT | J7: ='1. Cafam'!J7 -> 860.013.570-3
B8: Persona de contacto | D8: ='1. Cafam'!D8 -> Laura Ivonne Bossa Beltran | I8: Teléfono celular | J8: ='1. Cafam'!J8 -> 3175934034
B9: Correo electrónico | D9: ='1. Cafam'!D9 -> lbossa@cafam.com.co | I9: Teléfono fijo | J9: ='1. Cafam'!J9 -> 6468000
B11: Instrucciones para el diligenciamiento de la cotización
B13: • Por favor diligenciar solo las celdas subrayadas en AZUL. • Revisar todos los requerimientos que se exponen en la ficha técnica y formular su cotización en concordancia con este, de tal forma que cumplan con la necesidad del Instituto. • Los precios unitarios deberán ser expresado en PESOS COLOMBIANOS y en números enteros. • Los precios deberán aproximarse por exceso o por defecto al entero más cercano así: (i) si es igual o superior a 50 centavos, se aproxima al entero siguiente; (ii) si es inferior a 50 centavos se baja al entero anterior. • El formato contiene los insumos de costos estimados por el Instituto por lo tanto no se permite modificar, agregar o quitar ningún ítem o sub-ítem. • Los precios cotizados deben contemplar todos los rubros requeridos para la adecuada prestación del servicio y el cumplimiento de las obligaciones tributarias y contractuales como los son trazabilidad del servicio, equipo mínimo de trabajo, impuestos entre otros.
B15: Notas: (1) Los valores unitarios deben incluir todos los costos y gastos directos e indirectos en que incurre el contratista durante la ejecución del contrato de acuerdo con las especificaciones de la ficha técnica, las obligaciones tributarias de acuerdo con las normas aplicables para el tipo de servicio y contrato correspondiente. (2) Tener en cuenta en el momento de cotizar, que el plazo de ejecución es estimado y podrá ser inferior. (3) Para efectos de la cotización, es importante tener en cuenta los requerimientos técnicos establecidos en la Ficha Técnica del presente proceso. (4) Las cantidades señaladas son estimadas, por lo tanto, estas pueden tener o no variación. (5) Los lugares de ejecución se describen en el documento de Condiciones Técnicas Esenciales que corresponden a los siguientes:
B16: La Entidad requiere la prestación del servicio para la realización de exámenes médicos ocupacionales, para lo cual el contratista deberá garantizar la atención presencial en ciudades y municipios cercanos a las sedes del ICANH y a los parques arqueológicos. El ICANH asumirá el desplazamiento de sus funcionarios a estos lugares. Adicionalmente, podrá ofrecer la atención en la modalidad de atención mediante telemedicina y telesalud, siempre que cuente con la autorización previa del ICANH y cumpla con lo establecido en las Resoluciones 3100 de 2019 y 2654 de 2019 del Ministerio de Salud y Protección Social, o en las normas que las modifiquen, adicionen o sustituyan. NOTA 1: Cada una de las evaluaciones médicas ocupacionales enlistadas anteriormente se solicitará de acuerdo con las necesidades de la Entidad, conforme a la planta de personal de funcionarios o trabajadores oficiales en sus sedes y parques arqueológicos. Para su programación, se utilizarán medios electrónicos a través de los cuales se informará oportunamente al contratista. NOTA 2: El ICANH podrá requerir al contratista la realización de valoraciones complementarias de los examenes medicos ocupacionales que no se esten incluidas dentro de la oferta económica, previa presentación de la respectiva cotización y autorización del supervisor del contrato, para establecer el valor de la valoración se solicitara 3 cotizaciones con el fin de establecer el precio promedio.
B17: SERVICIOS REQUERIDOS
B18: Item | C18: Tipo De Examen | D18: Especificación Técnica | E18: Departamento | F18: Sede O Parque Del ICANH | G18: Lugar De Prestación Del Servicio | H18: Unidad De Medida | I18: Cantidad | J18: Valor Unitario (Incluye Impuestos) | K18: Total (Incluye Impuestos)
B19: 1 | C19: Examen de Ingreso | D19: Valoración médica ocupacional previa al inicio de labores, con historia clínica y concepto de aptitud, con énfasis en (Audiometría, optometría y ergonomía) | E19: Cundinamarca | F19: Bogotá D.C. | G19: Se requiere el servicio cerca a la sede principal del ICANH, ubicada en la Calle 12 # 2-38, Bogotá-Colombia | H19: UNIDAD | I19: 1 | J19: 100000 | K19: =ROUND(J19*I19,0) -> 100000
B20: 2 | E20: Chocó | F20: Vereda de Santuario, corregimiento de Tanela, municipio de Unguía-Chocó - Parque arqueológico de Santa María la Antigua Darién | G20: Municipio o ciudad cercano a la sede o parque del ICANH | I20: 1 | J20: 356000 | K20: =ROUND(J20*I20,0) -> 356000
B21: 3 | E21: Cauca | F21: Vereda El Escaño bajo (El Escaño Parque)-Resguardo San Andrés de Pisimbalá - Parque arqueológico Tierradentro Municipio Inza - Cauca. | G21: Municipio o ciudad cercano a la sede o parque del ICANH | I21: 1 | J21: 147900 | K21: =ROUND(J21*I21,0) -> 147900
B22: 4 | E22: Huila | F22: Vereda Ídolos y Vereda la Delicias Municipio de Isnos – Huila - Parque arqueológico Alto de ídolos | G22: Municipio o ciudad cercano a la sede o parque del ICANH | I22: 1 | J22: 180200 | K22: =ROUND(J22*I22,0) -> 180200
B23: 5 | E23: Huila | F23: Municipio de San Agustín – Huila - Parque arqueológico de San Agustín | G23: Municipio o ciudad cercano a la sede o parque del ICANH | I23: 1 | J23: 180200 | K23: =ROUND(J23*I23,0) -> 180200
B24: 6 | E24: Magdalena | F24: Sierra Nevada de Santa Marta - Parque arqueológico Teyuna – Ciudad perdida: | G24: Ciudad de Santa Marta | I24: 1 | J24: 147900 | K24: =ROUND(J24*I24,0) -> 147900
B25: 7 | E25: Guaviare | F25: San José del Guaviare | G25: Municipio o ciudad cercano a la sede o parque del ICANH | I25: 1 | J25: 139200 | K25: =ROUND(J25*I25,0) -> 139200
B26: 8 | E26: Nacional | F26: Telemedicina - Telesalud | I26: 1 | J26: 50000 | K26: =ROUND(J26*I26,0) -> 50000
B27: 9 | C27: Examen periódico - Programado | D27: Evaluación periódica según matriz de riesgos, incluye pruebas específicas según la exposición laboral. (Audiometría, optometría y ergonomía) | E27: Cundinamarca | F27: Bogotá | G27: Se requiere el servicio cerca a la sede principal del ICANH, ubicada en la Calle 12 # 2-38, Bogotá-Colombia | H27: Unidad | I27: 1 | J27: 100000 | K27: =ROUND(J27*I27,0) -> 100000
B28: 10 | E28: Chocó | F28: Vereda de Santuario, corregimiento de Tanela, municipio de Unguía-Chocó - Parque arqueológico de Santa María la Antigua Darién | G28: Municipio o ciudad cercano a la sede o parque del ICANH | I28: 1 | J28: 356000 | K28: =ROUND(J28*I28,0) -> 356000
B29: 11 | E29: Cauca | F29: Vereda El Escaño bajo (El Escaño Parque)-Resguardo San Andrés de Pisimbalá - Parque arqueológico Tierradentro. | G29: Municipio o ciudad cercano a la sede o parque del ICANH | I29: 1 | J29: 147900 | K29: =ROUND(J29*I29,0) -> 147900
B30: 12 | E30: Huila | F30: Vereda Ídolos y Vereda la Delicias Municipio de Isnos – Huila - Parque arqueológico Alto de ídolos | G30: Municipio o ciudad cercano a la sede o parque del ICANH | I30: 1 | J30: 180200 | K30: =ROUND(J30*I30,0) -> 180200
B31: 13 | E31: Huila | F31: Municipio de San Agustín – Huila - Parque arqueológico de San Agustín | G31: Municipio o ciudad cercano a la sede o parque del ICANH | I31: 1 | J31: 180200 | K31: =ROUND(J31*I31,0) -> 180200
B32: 14 | E32: Magdalena | F32: Sierra Nevada de Santa Marta - Parque arqueológico Teyuna – Ciudad perdida: | G32: Ciudad de Santa Marta | I32: 1 | J32: 147900 | K32: =ROUND(J32*I32,0) -> 147900
B33: 15 | E33: Guaviare | F33: San José del Guaviare | G33: Municipio o ciudad cercano a la sede o parque del ICANH | I33: 1 | J33: 139200 | K33: =ROUND(J33*I33,0) -> 139200
B34: 16 | E34: Nacional | F34: Telemedicina - Telesalud | I34: 1 | J34: 50000 | K34: =ROUND(J34*I34,0) -> 50000
B35: 17 | C35: Examen de Egreso | D35: Valoración médica al finalizar el vínculo laboral, para verificar estado de salud y exposición acumulada. con énfasis en (Audiometría, optometría y ergonomía) | E35: Cundinamarca | F35: Bogotá | G35: Se requiere el servicio cerca a la sede principal del ICANH, ubicada en la Calle 12 # 2-38, Bogotá-Colombia | H35: Unidad | I35: 1 | J35: 100000 | K35: =ROUND(J35*I35,0) -> 100000
B36: 18 | E36: Chocó | F36: Vereda de Santuario, corregimiento de Tanela, municipio de Unguía-Chocó - Parque arqueológico de Santa María la Antigua Darién | G36: Municipio o ciudad cercano a la sede o parque del ICANH | I36: 1 | J36: 356000 | K36: =ROUND(J36*I36,0) -> 356000
B37: 19 | E37: Cauca | F37: Vereda El Escaño bajo (El Escaño Parque)-Resguardo San Andrés de Pisimbalá - Parque arqueológico Tierradentro. | G37: Municipio o ciudad cercano a la sede o parque del ICANH | I37: 1 | J37: 147900 | K37: =ROUND(J37*I37,0) -> 147900
B38: 20 | E38: Huila | F38: Vereda Ídolos y Vereda la Delicias Municipio de Isnos – Huila - Parque arqueológico Alto de ídolos | G38: Municipio o ciudad cercano a la sede o parque del ICANH | I38: 1 | J38: 180200 | K38: =ROUND(J38*I38,0) -> 180200
B39: 21 | E39: Huila | F39: Municipio de San Agustín – Huila - Parque arqueológico de San Agustín | G39: Municipio o ciudad cercano a la sede o parque del ICANH | I39: 1 | J39: 180200 | K39: =ROUND(J39*I39,0) -> 180200
B40: 22 | E40: Magdalena | F40: Sierra Nevada de Santa Marta - Parque arqueológico Teyuna – Ciudad perdida: | G40: Ciudad de Santa Marta | I40: 1 | J40: 147900 | K40: =ROUND(J40*I40,0) -> 147900
B41: 23 | E41: Guaviare | F41: San José del Guaviare | G41: Municipio o ciudad cercano a la sede o parque del ICANH | I41: 1 | J41: 139200 | K41: =ROUND(J41*I41,0) -> 139200
B42: 24 | E42: Nacional | F42: Telemedicina - Telesalud | I42: 1 | J42: 50000 | K42: =ROUND(J42*I42,0) -> 50000
B43: 25 | C43: Examen Médico de ingreso o periodico con énfasis en alturas | D43: Evaluación médica con énfasis cardiovascular, neurológico, osteomuscular, visual y de equilibrio, con pruebas adicionales requeridas por la normativa vigente. | E43: Cundinamarca | F43: Bogotá | G43: Se requiere el servicio cerca a la sede principal del ICANH, ubicada en la Calle 12 # 2-38, Bogotá-Colombia | H43: Unidad | I43: 1 | J43: 124600 | K43: =ROUND(J43*I43,0) -> 124600
B44: 26 | E44: Chocó | F44: Vereda de Santuario, corregimiento de Tanela, municipio de Unguía-Chocó - Parque arqueológico de Santa María la Antigua Darién | G44: Municipio o ciudad cercano a la sede o parque del ICANH | I44: 1 | J44: 349300 | K44: =ROUND(J44*I44,0) -> 349300
B45: 27 | E45: Cauca | F45: Vereda El Escaño bajo (El Escaño Parque)-Resguardo San Andrés de Pisimbalá - Parque arqueológico Tierradentro. | G45: Municipio o ciudad cercano a la sede o parque del ICANH | I45: 1 | J45: 287500 | K45: =ROUND(J45*I45,0) -> 287500
B46: 28 | E46: Huila | F46: Vereda Ídolos y Vereda la Delicias Municipio de Isnos – Huila - Parque arqueológico Alto de ídolos | G46: Municipio o ciudad cercano a la sede o parque del ICANH | I46: 1 | J46: 189000 | K46: =ROUND(J46*I46,0) -> 189000
B47: 29 | E47: Huila | F47: Municipio de San Agustín – Huila - Parque arqueológico de San Agustín | G47: Municipio o ciudad cercano a la sede o parque del ICANH | I47: 1 | J47: 189000 | K47: =ROUND(J47*I47,0) -> 189000
B48: 30 | E48: Magdalena | F48: Sierra Nevada de Santa Marta - Parque arqueológico Teyuna – Ciudad perdida: | G48: Ciudad de Santa Marta | I48: 1 | J48: 161700 | K48: =ROUND(J48*I48,0) -> 161700
B49: 31 | E49: Guaviare | F49: San José del Guaviare | G49: Municipio o ciudad cercano a la sede o parque del ICANH | I49: 1 | J49: 198300 | K49: =ROUND(J49*I49,0) -> 198300
B50: 32 | E50: Nacional | F50: Telemedicina - Telesalud | I50: 1 | J50: 0 | K50: =ROUND(J50*I50,0) -> 0
B52: NOTA: El valor que debe registrarse en el cuestionario de SECOP II, numeral 1, corresponde al valor total (incluidos impuestos) contenido en la celda K76 de la presente hoja. | I52: TOTAL (Incluye Impuestos) | K52: =SUM(K19:K50) -> 5403600
B54: La presente cotización:
B55: • Se remite como parte del estudio de mercado, previo a la contratación, y no implica ninguna obligación de contratar. • El Icanh no se hace responsable de ningún costo directo o indirecto en que incurra el potencial proveedor para presentar la actual cotización, dado que se recibe de buena fe, como fuente de información de precios de referencia del mercado para el estudio de sector. • Tiene una vigencia de 90 días a partir de la fecha de diligenciamiento.
B56: Inscripción en el Registro Único de Proponentes: Las personas naturales y jurídicas, nacionales o extranjeras, con domicilio en Colombia, interesadas en participar en procesos de contratación convocados por las entidades estatales, deben estar inscritas en el RUP, salvo las excepciones previstas de forma taxativa en la ley (Artículo 2.2.1.1.1.5.1 del Decreto 1082 de 2015). Se aclara que esta inscripción no se requiere para remitir cotización durante el estudio de sector.
B63: FIRMA REPRESENTANTE LEGAL

Sheet 1. Compensar
D2: República de Colombia
D3: Instituto Colombiano de Antropología e Historia
D4: Formato de cotización
B6: Objeto | D6: Prestar servicios para la ejecución del Plan de Bienestar del Instituto Colombiano de Antropología e Historia, mediante la realización de actividades dirigidas a los servidores públicos de la Sede Central de Bogotá y de los parques arqueológicos a nivel nacional.
B7: Nombre o Razón Social | D7: CAJA DE COMPENSACIÓN FAMILIAR COMPENSAR | G7: NIT | J7: 860066942-7
B8: Persona de contacto | D8: Asesor Comercial DAYANA LIZED GONZALEZ ALVAREZ | G8: Teléfono celular | J8: (319) 760 6470
B9: Correo electrónico | D9: dlgonzaleza@compensar.com | G9: Teléfono fijo | J9: (601)4280666
B11: Instrucciones para el diligenciamiento de la cotización
B13: • Por favor diligenciar solo las celdas subrayadas en AZUL. • Revisar todos los requerimientos que se exponen en la ficha técnica y formular su cotización en concordancia con este, de tal forma que cumplan con la necesidad del Instituto. • Los precios unitarios deberán ser expresado en PESOS COLOMBIANOS y en números enteros. • Los precios deberán aproximarse por exceso o por defecto al entero más cercano así: (i) si es igual o superior a 50 centavos, se aproxima al entero siguiente; (ii) si es inferior a 50 centavos se baja al entero anterior. • El formato contiene los insumos de costos estimados por el Instituto por lo tanto no se permite modificar, agregar o quitar ningún ítem o sub-ítem. • Los precios cotizados deben contemplar todos los rubros requeridos para la adecuada prestación del servicio y el cumplimiento de las obligaciones tributarias y contractuales como los son trazabilidad del servicio, equipo mínimo de trabajo, impuestos entre otros.
B15: Notas: (1) Los valores unitarios deben incluir todos los costos y gastos directos e indirectos en que incurre el contratista durante la ejecución del contrato de acuerdo con las especificaciones de la ficha técnica, las obligaciones tributarias de acuerdo con las normas aplicables para el tipo de servicio y contrato correspondiente. (2) Tener en cuenta en el momento de cotizar, que el plazo de ejecución es estimado y podrá ser inferior. (3) Para efectos de la cotización, es importante tener en cuenta los requerimientos técnicos establecidos en la Ficha Técnica del presente proceso. (4) Las cantidades señaladas son estimadas, por lo tanto, estas pueden tener o no variación. (5) Los lugares de ejecución se describen en el documento de Condiciones Técnicas Esenciales que corresponden a los siguientes:
B16: La Entidad requiere la prestación de servicios para el desarrollo de las actividades contempladas en el Plan Institucional de Bienestar e Incentivos del ICANH, las cuales podrán ejecutarse en Bogotá, centros regionales y parques arqueológicos, de acuerdo con las necesidades institucionales y la programación definida por la Entidad. El contratista deberá garantizar la disponibilidad de los recursos humanos, técnicos, logísticos, operativos y demás elementos necesarios para la adecuada ejecución de cada actividad, conforme a las especificaciones técnicas establecidas en el presente documento y en las Condiciones Técnicas Esenciales del proceso. NOTA 1: Las cantidades, participantes, sesiones, bonos, pasadías, entradas, actividades, talleres y demás unidades relacionadas en la presente solicitud corresponden a estimaciones realizadas con base en la información disponible al momento de estructurar el proceso. Durante la ejecución contractual estas podrán aumentar o disminuir de acuerdo con las necesidades institucionales, la participación efectiva de los servidores públicos, novedades administrativas, ingresos o retiros de personal, traslados, comisiones, vacaciones, incapacidades u otras situaciones que afecten la asistencia o participación en las actividades programadas. NOTA 2: La programación definitiva de las actividades, así como la confirmación del número de participantes, fechas, horarios y lugares de ejecución, será informada oportunamente por el supervisor del contrato, de acuerdo con las necesidades de la Entidad y la planeación institucional. NOTA 3: El ICANH podrá realizar ajustes en la distribución de cantidades entre actividades, sedes, parques arqueológicos o centros regionales, siempre que no se modifique el valor total del contrato ni la naturaleza de las obligaciones contractuales.
B17: SERVICIOS REQUERIDOS
B18: Item | C18: Actividad | D18: Descripción | E18: Requerimientos Técnicos Y Logísticos Generales | F18: Requerimiento Especifico | G18: Intensidad Horaria Minima Por Sesion | H18: Cantidad Estimada De Sesiones | I18: Participantes | J18: Ubicación | K18: Unidad De Medida | L18: Canitdad De La Unidad De Medida | M18: Valor Unitario (Incluye Impuestos) | N18: Total (Incluye Impuestos) | O18: Observaciones
B19: 1 | C19: DÍA DE LA FAMILIA - BOGOTA | D19: Conmemoración del día de la familia se hará entrega de Bono para que los funcionarios junto al nucleo familiar disfruten de una pelicula de su elección en formato 2D o 3D adicionalmente 1 combo sencillo | E19: Los bonos tendrán vigencia de un (1) año contados a partir de la fecha de entrega. Esta actividad está dirigida a los servidores públicos del ICANH. | F19: El contratista deberá gestionar y proveer boletas para cine en formato 2D o 3D para cada uno de los funcionarios acompañado por un bono de alimentación individual qen las salas de cine que ofresca el operador (Bogotá) para los servidores públicos del Instituto Colombiano de Antropología e Historia (ICANH) con sede en la ciudad de Bogotá, extensivo a su núcleo familiar. Los bonos suministrados deberán garantizar el acceso a los funcionarios y sus familias a las salas de cine designadas en cualquier horario y para la pelicula que el funcionario y su familia escojan. Cada bono entregado debe incluir un refrigerio por participante, el cual deberá componerse obligatoriamente de los siguientes elementos: Plato principal: Una crispeta de 100 gramos Bebida: Una (1) unidad de gaseosa (o bebida equivalente de 532 ML). Los bonos podrán ser redimibles de lunes a domingo. | G19: N/A | H19: N/A | I19: 390 | J19: BOGOTÁ | K19: Bono | L19: 390 | M19: 33500 | N19: =ROUND(M19*L19,0) -> 13065000
B20: 2 | C20: DÍA DE LA FAMILIA CENTROS REGIONALES | D20: Desarrollar actividad de integración denominada Día de la Familia, dirigida a los colaboradores de los centros regionales del Instituto Colombiano de Antropología e Historia, orientada al fortalecimiento de los vínculos familiares, el bienestar laboral, la integración y los espacios recreativos para los funcionarios y sus familias. Para los centros regionales Pacífico y Caribe, la actividad incluirá la entrega de bonos de cine como incentivo recreativo y de bienestar. | E20: Planeación, coordinación y ejecución de la actividad conforme a los lineamientos definidos por el ICANH. Garantizar cobertura y atención para los participantes de los centros regionales definidos. Suministro de bonos de cine para los funcionarios de los centros regionales Pacífico y Caribe. Coordinación logística para la entrega física o digital de los bonos. Los bonos deberán contar con información clara sobre condiciones de uso, vigencia, cobertura y restricciones aplicables. Garantizar atención y soporte frente a novedades relacionadas con redención o activación de los bonos. Coordinación previa con el supervisor designado por el ICANH para validación de cantidades, beneficiarios y cronograma de entrega. Registro o soporte de entrega de los bonos suministrados. Cumplimiento de los tiempos establecidos para ejecución de la actividad y entrega de incentivos. | F20: Los bonos de cine deberán ser válidos para salas de cine reconocidas y con cobertura en las regiones Pacífico y Caribe. Los bonos deberán permitir el acceso a funciones de cine en horarios y fechas disponibles conforme a la programación de los establecimientos. La vigencia de los bonos deberá ser suficiente para garantizar su adecuada utilización por parte de los beneficiarios. Posibilidad de manejo físico o digital de los bonos de cine. Los bonos podrán incluir ingreso individual o familiar, conforme a las condiciones definidas por el ICANH. Presentación previa de opciones de establecimientos, cobertura y condiciones de redención para aprobación del ICANH. Entrega de informe o soporte de ejecución de la actividad cuando sea requerido por el ICANH. Garantizar que los bonos sean nuevos, válidos y plenamente funcionales al momento de su entrega. | G20: N/A | H20: N/A | I20: 15 | J20: PACIFICO Y CARIBE | K20: Bono | L20: 15 | M20: 33500 | N20: =ROUND(M20*L20,0) -> 502500
B21: 3 | C21: DÍA DE LA FAMILIA - PARQUES HUILA Y TEYUNA | D21: Conmemoración del día de la familia se hará entrega de Bono para que los funcionarios junto al nucleo familiar disfruten de una pelicula de su elección en formato 2D o 3D adicionalmente 1 combo sencillo | E21: Los bonos tendrán vigencia de un (1) año contados a partir de la fecha de entrega. Esta actividad está dirigida a los servidores públicos del ICANH. | F21: El contratista deberá gestionar y proveer boletas para cine en formato 2D o 3D para cada uno de los funcionarios acompañado por un bono de alimentación individual qen las salas de cine que ofresca el operador (San Agustín, Idolos, Santa Marta) para los servidores públicos del Instituto Colombiano de Antropología e Historia (ICANH) con sede en la ciudad de Bogotá, extensivo a su núcleo familiar. Los bonos suministrados deberán garantizar el acceso a los funcionarios y sus familias a las salas de cine designadas en cualquier horario y para la pelicula que el funcionario y su familia escojan. Cada bono entregado debe incluir un refrigerio por participante, el cual deberá componerse obligatoriamente de los siguientes elementos: Plato principal: Una crispeta de 100 gramos Bebida: Una (1) unidad de gaseosa (o bebida equivalente de 532 ML). Los bonos podrán ser redimibles de lunes a domingo. | G21: N/A | H21: N/A | I21: 140 | J21: Huila | K21: Bono | L21: 140 | M21: 33500 | N21: =ROUND(M21*L21,0) -> 4690000
B22: 4 | C22: DÍA DE LA FAMILIA - PARQUE TIERADENTRO | D22: Desarrollar la conmemoración del Día de la Familia para los funcionarios del ICANH mediante la entrega y ejecución de pasadías recreativos dirigidos a los funcionarios y su núcleo familiar, orientados a fortalecer los vínculos familiares, promover espacios de integración, bienestar y esparcimiento, así como incentivar la recreación y el aprovechamiento del tiempo libre en entornos rurales o campestres. La actividad deberá contemplar acceso a instalaciones recreativas, zonas verdes y piscina, así como servicio de alimentación para los asistentes, garantizando condiciones adecuadas de comodidad, seguridad y atención durante la jornada. | E22: Los pasadias tendrán vigencia de un (1) año contados a partir de la fecha de entrega. Esta actividad está dirigida a los servidores públicos del ICANH pertenecientes al parque de Tierradentro. | F22: El pasadía deberá incluir acceso a piscina y demás zonas recreativas disponibles en el lugar. El servicio de alimentación deberá contemplar mínimo almuerzo y refrigerio, conforme a lo definido por el ICANH. Los espacios seleccionados deberán contar con condiciones adecuadas para actividades familiares y recreativas. Disponibilidad de opciones recreativas o actividades complementarias para niños y adultos, cuando aplique. Los establecimientos deberán contar con servicios sanitarios, zonas de descanso y áreas comunes en adecuadas condiciones. Presentación previa de propuestas de lugares o parques recreativos para aprobación del ICANH. Garantizar cobertura y capacidad suficiente para atención de los grupos familiares participantes. Los pasadías deberán incluir información clara sobre horarios, servicios incluidos y condiciones de ingreso. Entrega de informe o soporte de ejecución de la actividad cuando sea requerido por el ICANH. Los pasadías podrán ser redimibles de lunes a domingo. | G22: N/A | H22: N/A | I22: 41 | J22: Cauca | K22: Pasadía | L22: 41 | N22: =ROUND(M22*L22,0) -> 0
B23: 5 | C23: DÍA DE LA FAMILIA - PARQUE SANTA MARÍA | D23: Desarrollar una actividad por medio de la cual se logre la integración de los trabajadores oficiales del ICANH, que desarrollan actividades en el parque Santa María de la Antigua del Darién, junto a los miembros de sus familias. | E23: Se requiere desarrollar una actividad de asado para 7 trabajadores oficiales y su familias, en el cual se promueva la integración, la comunicación y el liderazgo. | F23: Lugar: La actividad se debe desarrollar en un lugar cercano al parque se Santa María de la Antigua del Darien, en el horario y día establecido por el ICANH. Parrillada por persona: Chata de res (130 g), pierna pernil, deshuesada (250g), chorizo (50 g), Morcilla (60g), plátano al horno, papa salada, chimichurri y guacamole, acompañado de jugo o gaseosa de 300ml Tener en cuenta todos los elementos desechables para servir y demás utensilios necesarios para el evento. Adicionalmente se debe garantizar que haya sonido, en la medida de lo posible una persona encargada de la música. | G23: 4 H | H23: 1 | I23: 20 | J23: Vereda de Santuario, corregimiento de Tanela | K23: Actividad | L23: 1 | N23: =ROUND(M23*L23,0) -> 0 | O23: se puede manejar bolsa en los lugares que no se tenga cobertura.
B24: 6 | C24: RECONOCIMIENTO CUMPLEAÑOS - BOGOTA | D24: Reconocimiento a servidores de planta | E24: Entrega de bono de alimentación en dos tipos de restaurante reconcido | F24: Se requierere reconcocer por cumpleaños a los servidores de planta del ICANH, a través de un bono de alimentación Alimentación: Incluye: plato fuerte y bebida. Los bonos podrán ser redimibles de lunes a domingo. | G24: N/A | H24: N/A | I24: 150 | J24: La actividad de cine en familia se debe desarrollar en cinemas de cubrimiento a nivel Nacional. | K24: Bono | L24: 150 | M24: 53500 | N24: =ROUND(M24*L24,0) -> 8025000
B25: 7 | C25: RECONOCIMIENTO CUMPLEAÑOS - PARQUES TIERRADENTRO, SAN AGUSTÍN, IDOLOS, TEYUNA | D25: Reconocimiento por cumpleaños | E25: Los pasadias tendrán vigencia de un (1) año contados a partir de la fecha de entrega. Esta actividad está dirigida a los servidores públicos del ICANH pertenecientes a los parques: Tierradentro, San Agustín, Idolos y Teyuna. | F25: Pasadía en un entorno rural o campestre. El servicio contratado debe garantizar el uso exclusivo o preferencial de áreas recreativas, específicamente zona de piscinas y espacios de esparcimiento, además de un esquema integral de alimentación que incluya estaciones de café, refrigerios y almuerzo, no incluye transporte, por ello es importante que esté en un lugar accequible y que facilite la llegada de los funcionarios y sus famialiares. Los pasadías podrán ser redimibles de lunes a domingo. | G25: N/A | H25: N/A | I25: 50 | J25: HUILA, CAUCA, SANTA MARTA | K25: Pasadía | L25: 50 | N25: =ROUND(M25*L25,0) -> 0
B26: 8 | C26: RECONOCIMIENTO CUMPLEAÑOS - PARQUE SANTA MARIA DEL DARIEN | D26: Reconocimiento por cumpleaños | E26: Entrega de bono para almuerzo en un restaurante local cerca del parque Santa Maria del Darien | F26: Se requierere concocer por cumpleaños a los servidores de planta del ICANH, a través de un bono de alimentación Lugar: sugerencia Creppes y Wafles y el corral Alimentación: Incluye: plato fuerte y bebida. Los bonos podrán ser redimibles de lunes a domingo y tener vigencia mínima de 1 año. | G26: N/A | H26: N/A | I26: 6 | J26: SANTA MARIA DEL DARIEN | K26: Bono | L26: 6 | N26: =ROUND(M26*L26,0) -> 0 | O26: se puede manejar bolsa en los lugares que no se tenga cobertura.
B27: 9 | C27: RECONOCIMIENTO CUMPLEAÑOS - CENTROS REGIONALES | D27: Desarrollar actividad de reconocimiento de cumpleaños para los funcionarios de los centros regionales del ICANH, orientada a fortalecer el bienestar laboral, la motivación, la integración y el sentido de pertenencia institucional, mediante la entrega de bonos de alimentación como incentivo y reconocimiento en fechas especiales para los colaboradores homenajeados. | E27: Planeación y coordinación de la actividad conforme a las fechas y lineamientos establecidos por el ICANH. Suministro de bonos de alimentación para los funcionarios definidos por el ICANH. Garantizar que los bonos sean redimibles en establecimientos autorizados y en condiciones adecuadas de calidad y servicio. Coordinación logística para la entrega física o digital de los bonos. Los bonos deberán contener información clara sobre condiciones de uso, vigencia y cobertura. Garantizar atención y soporte frente a novedades relacionadas con redención o activación de los bonos. Coordinación previa con el supervisor designado por el ICANH para validación de cantidades y beneficiarios. Registro o soporte de entrega de los bonos suministrados. Cumplimiento de los tiempos establecidos para la entrega de los incentivos. | F27: Los bonos de alimentación deberán ser individuales y corresponder al número de funcionarios definidos por el ICANH. Los establecimientos autorizados para redención deberán ofrecer condiciones adecuadas de calidad, atención e higiene. Los bonos deberán contar con una vigencia de 1 año para su utilización por parte de los beneficiarios. Posibilidad de manejo físico o digital de los bonos de alimentación. Presentación previa de opciones de establecimientos o cobertura para aprobación del ICANH. Garantizar cobertura en las ciudades o municipios donde se encuentren ubicados los centros regionales. Entrega de informe o soporte de ejecución de la actividad cuando sea requerido por el ICANH. Garantizar que los bonos permitan acceso a opciones variadas de alimentación. | G27: N/A | H27: N/A | I27: 5 | J27: PACIFICO Y CARIBE | K27: Bono | L27: 5 | N27: =ROUND(M27*L27,0) -> 0
